Workbook

Sheet PROPOSED BUDGET SUMMARY F.i
A2: KATSINA STATE MINISTRY FOR LOCAL GOVERNMENT AND EMIRATE AFFAIRS F.i
A3: INGAWA LOCAL GOVERNMENT COUNCIL – 2026 PROPOSED BUDGET SUMMARY
B5: Item | C5: 2025 Revised Budget N | D5: 2025 Budget Performance N | E5: 2026 Proposed Budget N | F5: %
A7: A | B7: Opening Balance | C7: ='CONS. MASTER B. SUMMARY F.ii'!C6 -> 453707128 | E7: ='CONS. MASTER B. SUMMARY F.ii'!E6 -> 256543789
A8: B | B8: Recurrent Revenue | C8: =SUM(C9:C10) -> 8675774816 | D8: =SUM(D9:D10) -> 5705220804 | E8: =SUM(E9:E10) -> 8911133573 | F8: =D8/C8*100 -> 65.760361
B9: 1100 -LOCAL GOVERNMENT SHARE OF FAAC | C9: ='SUMMARY OF REVENUE F.iii'!C6 -> 8591889711 | D9: ='SUMMARY OF REVENUE F.iii'!D6 -> 5634271794 | E9: ='SUMMARY OF REVENUE F.iii'!E6 -> 8712710193 | F9: =D9/C9*100 -> 65.576631
B10: 1200-INDEPENDENT REVENUE | C10: ='SUMMARY OF REVENUE F.iii'!C19 -> 83885105 | D10: ='SUMMARY OF REVENUE F.iii'!D19 -> 70949010 | E10: ='SUMMARY OF REVENUE F.iii'!E19 -> 198423380 | F10: =D10/C10*100 -> 84.578794
A12: D | B12: Recurrent Expenditure | C12: =SUM(C13:C14) -> 4749896157 | D12: =SUM(D13:D14) -> 3601357748 | E12: =SUM(E13:E14) -> 4266342184 | F12: =D12/C12*100 -> 75.819715
B13: 2100 - PERSONNEL COST | C13: ='CONS. MASTER B. SUMMARY F.ii'!C19 -> 3306203403 | D13: ='CONS. MASTER B. SUMMARY F.ii'!D19 -> 2625009721 | E13: ='CONS. MASTER B. SUMMARY F.ii'!E19 -> 2477833391 | F13: =D13/C13*100 -> 79.396498
B14: 2200 - OTHER RECURRENT COST | C14: ='CONS. MASTER B. SUMMARY F.ii'!C20 -> 1443692754 | D14: ='CONS. MASTER B. SUMMARY F.ii'!D20 -> 976348027 | E14: ='CONS. MASTER B. SUMMARY F.ii'!E20 -> 1788508793 | F14: =D14/C14*100 -> 67.628519
B16: Transfer to Capital Account
A18: C | B18: Capital Receipts | C18: =SUM(C19:C20) -> 0 | D18: =SUM(D19:D20) -> 0 | E18: =SUM(E19:E20) -> 0 | F18: =D18/C18*100 -> #DIV/0!
B19: 1300 - AID AND GRANTS | C19: ='SUMMARY OF REVENUE F.iii'!C121 -> 0 | D19: ='SUMMARY OF REVENUE F.iii'!D121 -> 0 | E19: ='SUMMARY OF REVENUE F.iii'!E121 -> 0 | F19: =D19/C19*100 -> #DIV/0!
B20: 1400- OTHER CAPITAL RECEIPTS | C20: ='CONS. MASTER B. SUMMARY F.ii'!C11 -> 0 | D20: ='CONS. MASTER B. SUMMARY F.ii'!D11 -> 0 | E20: ='CONS. MASTER B. SUMMARY F.ii'!E11 -> 0
A22: E | B22: 3200 - ASSETS (CAPITAL EXPENDITURE) | C22: ='CONS. MASTER B. SUMMARY F.ii'!C27 -> 4379585787 | D22: ='CONS. MASTER B. SUMMARY F.ii'!D27 -> 1673775006 | E22: ='CONS. MASTER B. SUMMARY F.ii'!E27 -> 4901335178 | F22: =D22/C22*100 -> 38.217655
A24: F | B24: Total Revenue | C24: =C7+C8+C18 -> 9129481944 | D24: =D7+D8+D18 -> 5705220804 | E24: =E7+E8+E18 -> 9167677362 | F24: =D24/C24*100 -> 62.492273
A25: G | B25: Total Expenditure | C25: =C12+C22 -> 9129481944 | D25: =D12+D22 -> 5275132754 | E25: =E12+E22 -> 9167677362 | F25: =D25/C25*100 -> 57.781293
B26: Budget Surplus /(Deficit) =A+B+C-D-E | E26: =E7+E8+E18-E12-E22 -> 0

Sheet CONS. MASTER B. SUMMARY F.ii
A2: KATSINA STATE MINISTRY FOR LOCAL GOVERNMENT AND EMIRATE AFFAIRS F.ii
A3: INGAWA LOCAL GOVERNMENT COUNCIL – 2026 CONSOLIDATED MASTER BUDGET SUMMARY
A5: S/N | B5: DETAILS | C5: 2025 Revised Budget N | D5: 2025 Budget Performance N | E5: 2026 Proposed Budget N
A6: 1 | B6: OPENING BALANCE | C6: 453707128 | D6: 453707128 | E6: 256543789
A7: 2 | B7: RECEIPTS:
A8: 3 | B8: LG SHARE OF FAAC | C8: ='SUMMARY OF REVENUE F.iii'!C6 -> 8591889711 | D8: ='SUMMARY OF REVENUE F.iii'!D6 -> 5634271794 | E8: ='SUMMARY OF REVENUE F.iii'!E6 -> 8712710193
A9: 4 | B9: INDEPENDENT REVENUE | C9: ='SUMMARY OF REVENUE F.iii'!C19 -> 83885105 | D9: ='SUMMARY OF REVENUE F.iii'!D19 -> 70949010 | E9: ='SUMMARY OF REVENUE F.iii'!E19 -> 198423380
A10: 5 | B10: AID & GRANTS | C10: ='SUMMARY OF REVENUE F.iii'!C121 -> 0 | D10: ='SUMMARY OF REVENUE F.iii'!D121 -> 0 | E10: ='SUMMARY OF REVENUE F.iii'!E121 -> 0
A11: 6 | B11: OTHER CAPITAL RECEIPTS | C11: ='SUMMARY OF REVENUE F.iii'!C131 -> 0 | D11: ='SUMMARY OF REVENUE F.iii'!D131 -> 0 | E11: ='SUMMARY OF REVENUE F.iii'!E131 -> 0
A12: 7 | B12: TOTAL CURRENT YEAR RECEIPTS | C12: =SUM(C8:C11) -> 8675774816 | D12: =SUM(D8:D11) -> 5705220804 | E12: =SUM(E8:E11) -> 8911133573
A13: 8 | B13: TOTAL PROJECTED FUNDS AVAILABLE | C13: =C6+C12 -> 9129481944 | D13: =D6+D12 -> 6158927932 | E13: =E6+E12 -> 9167677362
A14: 9 | B14: EXPENDITURE:
A15: 10 | B15: A: RECURRENT DEBT
A16: 11 | B16: LOANS REPAYMENT | C16: 0 | D16: 0 | E16: 0
A17: 12 | B17: TOTAL RECURRENT DEBT | C17: =C16 -> 0 | D17: =D16 -> 0 | E17: =E16 -> 0
A18: 13 | B18: B: RECURRENT EXPENDITURE - NON-DEBT
A19: 14 | B19: PERSONNEL COSTS | C19: ='SUMMARY OF EXP F.iv'!C7 -> 3306203403 | D19: ='SUMMARY OF EXP F.iv'!D7 -> 2625009721 | E19: ='SUMMARY OF EXP F.iv'!E7 -> 2477833391
A20: 15 | B20: OVERHEAD COSTS | C20: ='SUMMARY OF EXP F.iv'!C25 -> 1443692754 | D20: ='SUMMARY OF EXP F.iv'!D25 -> 976348027 | E20: ='SUMMARY OF RECURRENT EXP F.vii'!E11 -> 1788508793
A21: 16 | B21: TOTAL RECURRENT NON-DEBT | C21: =SUM(C19:C20) -> 4749896157 | D21: =SUM(D19:D20) -> 3601357748 | E21: =SUM(E19:E20) -> 4266342184
A22: 17 | B22: TOTAL RECURRENT EXPENDITURE | C22: =C17+C21 -> 4749896157 | D22: =D17+D21 -> 3601357748 | E22: =E17+E21 -> 4266342184
A23: 18 | B23: C: CAPITAL EXPENDITURE BY SECTORS
A24: 19 | B24: ADMINISTRATION SECTOR | C24: ='PMD CAPITAL EXP F.xii'!D6 -> 983758195 | D24: ='PMD CAPITAL EXP F.xii'!E6 -> 449754097 | E24: ='PMD CAPITAL EXP F.xii'!F6 -> 682000000
A25: 20 | B25: ECONOMIC SECTOR | C25: ='AGRIC CAPITAL EXP F.xii'!D6+'FINANCE CAPITAL EXP F.xii'!D6+'WORKS CAPITAL EXP F.xii'!D6 -> 1305915440 | D25: ='AGRIC CAPITAL EXP F.xii'!E6+'FINANCE CAPITAL EXP F.xii'!E6+'WORKS CAPITAL EXP F.xii'!E6 -> 453312354 | E25: ='AGRIC CAPITAL EXP F.xii'!F6+'FINANCE CAPITAL EXP F.xii'!F6+'WORKS CAPITAL EXP F.xii'!F6 -> 2973335178
A26: 21 | B26: SOCIAL SECTOR | C26: ='ESD CAPITAL EXP F.xii'!D6+'PHC CAPITAL EXP F.xii'!D6+'WATSAN CAPITAL EXP F.xii'!D6 -> 2089912152 | D26: ='ESD CAPITAL EXP F.xii'!E6+'PHC CAPITAL EXP F.xii'!E6+'WATSAN CAPITAL EXP F.xii'!E6 -> 770708555 | E26: ='ESD CAPITAL EXP F.xii'!F6+'PHC CAPITAL EXP F.xii'!F6+'WATSAN CAPITAL EXP F.xii'!F6 -> 1246000000
A27: 22 | B27: TOTAL CAPITAL EXPENDITURE | C27: =SUM(C24:C26) -> 4379585787 | D27: =SUM(D24:D26) -> 1673775006 | E27: =SUM(E24:E26) -> 4901335178
A28: 23 | B28: TOTAL EXPENDITURE (BUDGET SIZE) | C28: =C22+C27 -> 9129481944 | D28: =D22+D27 -> 5275132754 | E28: =E22+E27 -> 9167677362
A29: 24 | B29: BUDGET SURPLUS/(DEFICIT) | C29: =C13-C28 -> 0 | E29: =E13-E28 -> 0
A30: 25 | B30: FINANCE DEFICIT BY:
A31: 26 | B31: INTERNAL LOANS/BORROWINGS
A32: 27 | B32: TOTAL LOANS | C32: =C31 -> 0 | E32: =E31 -> 0
A33: 28 | B33: CLOSING BALANCE | C33: =C13+C32-C28 -> 0 | E33: =E13+E32-E28 -> 0

Sheet SUMMARY OF REVENUE F.iii
A1: KATSINA STATE MINISTRY FOR LOCAL GOVERNMENT AND EMIRATE AFFAIRS F.iii
A2: INGAWA LOCAL GOVERNMENT COUNCIL – 2026 BUDGET - SUMMARY OF REVENUE
A4: Code | B4: Economic | C4: 2025 Revised Budget N | D4: 2025 Budget Performance N | E4: 2026 Proposed Budget N
A5: 1 | B5: REVENUE | C5: =C6+C19+C121+C131 -> 8675774816 | D5: =D6+D19+D121+D131 -> 5705220804 | E5: =E6+E19+E121+E131 -> 8911133573
A6: 11 | B6: GOVERNMENT SHARE OF FAAC | C6: =C7 -> 8591889711 | D6: =D7 -> 5634271794 | E6: =E7 -> 8712710193
A7: 1101 | B7: GOVERNMENT SHARE OF FAAC | C7: =C8+C11+C13 -> 8591889711 | D7: =D8+D11+D13 -> 5634271794 | E7: =E8+E11+E13 -> 8712710193
A8: 110101 | B8: LG GOVERNMENT SHARE OF STATUTORY REVENUE | C8: =SUM(C9:C10) -> 5383899539 | D8: =SUM(D9:D10) -> 2426047029 | E8: =SUM(E9:E10) -> 3882472183
A9: 11010101 | B9: STATUTORY ALLOCATION: FAAC | C9: 5332237641 | D9: 2426047029 | E9: 3820477905
A10: 11010101 | B10: STATUTORY ALLOCATION: STATE IGR | C10: 51661898 | E10: 61994278
A11: 110102 | B11: LG GOVERNMENT SHARE OF VAT | C11: =C12 -> 2262029079 | D11: =D12 -> 2739785193 | E11: =E12 -> 4314954482
A12: 11010201 | B12: LG SHARE OF VAT | C12: 2262029079 | D12: 2739785193 | E12: 4314954482
A13: 110103 | B13: LG GOVERNMENT SHARE OF OTHER REVENUE | C13: =SUM(C14:C18) -> 945961093 | D13: =SUM(D14:D18) -> 468439572 | E13: =SUM(E14:E18) -> 515283528
A14: 11010301 | B14: EXCESS CRUDE
A15: 11010401 | B15: NON OIL REVENUE | E15: 40359264
A16: 11010501 | B16: SHARE OF EXCHANGE GAIN | E16: 266575038
A17: 11010601 | B17: ELECTRONIC MONEY TRANSFER | E17: 155517672
A18: 11010304 | B18: LG SPECIAL ALLOCATIONS | C18: 945961093 | D18: 468439572 | E18: 52831554
A19: 12 | B19: INDEPENDENT REVENUE | C19: =C20+C26 -> 83885105 | D19: =D20+D26 -> 70949010 | E19: =E20+E26 -> 198423380
A20: 1201 | B20: TAX REVENUE | C20: =C21 -> 0 | D20: =D21 -> 0 | E20: =E21 -> 0
A21: 120103 | B21: OTHER TAXES | C21: =SUM(C22:C25) -> 0 | D21: =SUM(D22:D25) -> 0 | E21: =SUM(E22:E25) -> 0
A22: 12010301 | B22: STAMP DUTY
A23: 12010303 | B23: DEVELOPMENT TAX/LEVY
A24: 12010305 | B24: LIVESTOCK TAX
A25: 12010306 | B25: OTHER SERVICE TAXES
A26: 12020000 | B26: NON-TAX REVENUE | C26: =C27+C56+C82+C84+C98+C108+C112+C114+C116+C119 -> 83885105 | D26: =D27+D56+D82+D84+D98+D108+D112+D114+D116+D119 -> 70949010 | E26: =E27+E56+E82+E84+E98+E108+E112+E114+E116+E119 -> 198423380
A27: 12020100 | B27: LICENCES – GENERAL | C27: =SUM(C28:C55) -> 1516000 | D27: =SUM(D28:D55) -> 1058800 | E27: =SUM(E28:E55) -> 6320000
A28: 12020105 | B28: RADIO/TELEVISION STATION LICENCES
A29: 12020109 | B29: REGISTATION OF VOLUNTARY ORGANIZATIONS | C29: 200000 | D29: 185000 | E29: 500000
A30: 12020111 | B30: BAKE HOUSE LICENCE | C30: 50000 | D30: 35000 | E30: 100000
A31: 12020113 | B31: BRICKMAKING, ETC LICENCE | C31: 2000 | D31: 20000 | E31: 50000
A32: 12020114 | B32: CART LICENCES
A33: 12020115 | B33: DANE GUN LICENCES
A34: 12020116 | B34: CATTLE DEALER LICENCES | C34: 40000 | D34: 30000 | E34: 50000
A35: 12020117 | B35: DRIED FISH & MEAT LICENCES
A36: 12020118 | B36: PET (DOG) LICENCES
A37: 12020119 | B37: FISHING PERMITS
A38: 12020120 | B38: HAWKER'S PERMITS
A39: 12020121 | B39: HUNTING PERMITS
A40: 12020122 | B40: PRODUCE BUYING LICENCES
A41: 12020124 | B41: ABBATOIR/SLAUGHTER LICENSES | C41: 1000000 | D41: 578800 | E41: 2200000
A42: 12020126 | B42: TRACTOR HIRING SERVICES | E42: 3000000
A43: 12020128 | B43: BOREHOLE DRILLING LICENCES
A44: 12020129 | B44: POOL BETTING & CASINO LICENCES/GAMING
A45: 12020130 | B45: CINEMATOGRAPH LICENCES
A46: 12020132 | B46: MOTOR VEHICLE LICENCES
A47: 12020134 | B47: PATENT MEDICINE & DRUG STORES LICENCES
A48: 12020135 | B48: PRIVATE SCHOOLS LICENCES
A49: 12020136 | B49: HEALTH FACILITIES LICENCES
A50: 12020137 | B50: TRADE PERMIT LICENCES | C50: 94000 | D50: 55000 | E50: 150000
A51: 12020138 | B51: FORESTRY/TIMBER LICENCE | C51: 100000 | D51: 65000 | E51: 120000
A52: 12020141 | B52: TRICYCLE DEALERSHIP LICENCES
A53: 12020142 | B53: MOTORCYCLE DEALERSHIP LICENCES | C53: 30000 | D53: 90000 | E53: 150000
A54: 12020143 | B54: HIDES AND SKIN LICENCES
A55: 12020145 | B55: RENEWAL OF LICENCES
A56: 12020400 | B56: FEES – GENERAL | C56: =SUM(C57:C81) -> 56795240 | D56: =SUM(D57:D81) -> 45322470 | E56: =SUM(E57:E81) -> 163428380
A57: 12020409 | B57: WEIGHTAND MEASURE FEES
A58: 12020417 | B58: CONTRACTOR REGISTRATION FEES
A59: 12020419 | B59: ATTESTATION OF BACHELORHOOD FEES
A60: 12020427 | B60: TENDER FEES
A61: 12020428 | B61: FIRE SAFETY CERTIFICATE FEES
A62: 12020430 | B62: PROFESSIONAL REGISTRATION FEES
A63: 12020436 | B63: BILL BOARD ADVERTISEMENT FEES
A64: 12020438 | B64: SURVEY/ PLANNING/ BUILDING FEES
A65: 12020441 | B65: LABORATORY FEES
A66: 12020442 | B66: ASSOCIATION FEES
A67: 12020443 | B67: BIRTH AND DEATH REGISTRATION FEE
A68: 12020445 | B68: CHANGE OF OWNERSHIP FEES | C68: 20000 | D68: 10000 | E68: 1000000
A69: 12020446 | B69: AGRICULTURAL/VETINARY SERVICES FEES
A70: 12020447 | B70: LAND USE FEES | C70: 1055000 | D70: 852500 | E70: 2500000
A71: 12020448 | B71: DEVELOPMENT LEVIES
A72: 12020449 | B72: BUSINESS/TRADE OPERATING FEES | C72: 8500000 | D72: 4165230 | E72: 8800000
A73: 12020450 | B73: INSPECTION FEES / MOTOR PARKING FEES | C73: 950000 | D73: 464360 | E73: 1250000
A74: 12020451 | B74: TIMBER AND FOREST FALLING FEE | C74: 40000 | D74: 62800 | E74: 250000
A75: 12020453 | B75: APPLICATIONS FEES / RIGHT OF OCCUPANCY | C75: 300000 | D75: 180000 | E75: 400000
A76: 12020463 | B76: HOSPITAL SERVICE REGISTRATION FEES
A77: 12020464 | B77: HOSPITAL SERVICE CHARGES
A78: 12020465 | B78: SPORTS/RECREATIONAL FACILITIES FEES
A79: 12020466 | B79: INDIGENSHIP REGISTRATION FEES | C79: 250000 | D79: 620000 | E79: 2000000
A80: 12020470 | B80: FARMLAND REGISTRATION FEES
A81: 12020480 | B81: PROCESSING FEE | C81: 45680240 | D81: 38967580 | E81: 147228380
A82: 12020500 | B82: FINES – GENERAL | C82: =C83 -> 0 | D82: =D83 -> 0 | E82: =E83 -> 0
A83: 12020501 | B83: FINES/PENALTIES
A84: 12020600 | B84: SALES – GENERAL | C84: =SUM(C85:C97) -> 11250740 | D84: =SUM(D85:D97) -> 10225740 | E84: =SUM(E85:E97) -> 1025000
A85: 12020601 | B85: SALES OF JOURNAL & PUBLICATIONS
A86: 12020602 | B86: SALES OF BOOKS
A87: 12020603 | B87: SALES OF ID CARDS
A88: 12020604 | B88: SALES OF STORES/SCRAPS/UNSERVICABLE ITEMS
A89: 12020608 | B89: SALES OF IMPROVED SEEDS/CHEMICAL
A90: 12020609 | B90: PROCEEDS FROM SALES OF FARM PRODUCE
A91: 12020611 | B91: PROCEEDS FROM SALES OF GOVT. VEHICLES
A92: 12020612 | B92: PROCEEDS FROM SALES OF DRUGS AND MEDICATIONS
A93: 12020614 | B93: PROCEEDS FROM SALES OF GOVT. BUILDING | C93: 11250740 | D93: 10225740 | E93: 1025000
A94: 12020615 | B94: SALES OF UNIFORMS
A95: 12020616 | B95: SALES OF FORMS
A96: 12020617 | B96: SALES OF PLAN PHOSTAT PRINT/MAP
A97: 12020618 | B97: SALES OF REAGENTS & CHEMICALS
A98: 12020700 | B98: EARNINGS – GENERAL | C98: =SUM(C99:C107) -> 7100000 | D98: =SUM(D99:D107) -> 9807000 | E98: =SUM(E99:E107) -> 20100000
A99: 12020701 | B99: EARNINGS FROM CONSULTANCY SERVICES
A100: 12020702 | B100: EARNINGS FROM LABORATORY SERVICES
A101: 12020703 | B101: EARNINGS FROM HIRE OF PLANTS & EQUIPMENT | C101: 6000000 | D101: 8807000 | E101: 18800000
...

Sheet SUMMARY OF EXP F.iv
A1: KATSINA STATE MINISTRY FOR LOCAL GOVERNMENT AND EMIRATE AFFAIRS F.iv
A2: INGAWA LOCAL GOVERNMENT COUNCIL – 2026 BUDGET - SUMMARY OF EXPENDITURE
A4: Code | B4: Economic | C4: 2025 Revised Budget N | D4: 2025 Budget Performance N | E4: 2026 Proposed Budget N
B5: Total Expenditure | C5: =C6+C118 -> 9129481944 | D5: =D6+D118 -> 5275132754 | E5: =E6+E118 -> 8854677362
A6: 2 | B6: EXPENDITURES | C6: =C7+C25 -> 4749896157 | D6: =D7+D25 -> 3601357748 | E6: =E7+E25 -> 3953342184
A7: 21 | B7: PERSONNEL COST | C7: =C8+C13+C20 -> 3306203403 | D7: =D8+D13+D20 -> 2625009721 | E7: =E8+E13+E20 -> 2477833391
A8: 2101 | B8: SALARY | C8: =C9 -> 2029237228 | D8: =D9 -> 1837894116 | E8: =E9 -> 1950280357
A9: 210101 | B9: SALARIES AND WAGES | C9: =SUM(C10:C12) -> 2029237228 | D9: =SUM(D10:D12) -> 1837894116 | E9: =SUM(E10:E12) -> 1950280357
A10: 21010101 | B10: SALARY | C10: ='CHAIR PERSONNEL COST F.x'!C10+'SLT PERSONNEL COST F.x'!C10+'COUNCIL PERSONNEL COST F.x'!C10+'PMD PERSONNEL COST F.x'!C10+'AGRIC PERSONNEL COST F.x'!C10+'FINANCE PERSONNEL COST F.x'!C10+'WORKS PERSONNEL COST F.x'!C10+'ESD PERSONNEL COST F.x'!C10+'ESD PERSONNEL COST F.x'!C11+'PHC PERSONNEL COST F.x'!C10+'WATSAN PERSONNEL COST F.x'!C10+'TRADITIONAL PERSONNEL COST F.x'!C10 -> 1947595133 | D10: ='CHAIR PERSONNEL COST F.x'!D10+'SLT PERSONNEL COST F.x'!D10+'COUNCIL PERSONNEL COST F.x'!D10+'PMD PERSONNEL COST F.x'!D10+'AGRIC PERSONNEL COST F.x'!D10+'FINANCE PERSONNEL COST F.x'!D10+'WORKS PERSONNEL COST F.x'!D10+'ESD PERSONNEL COST F.x'!D10+'ESD PERSONNEL COST F.x'!D11+'PHC PERSONNEL COST F.x'!D10+'WATSAN PERSONNEL COST F.x'!D10+'TRADITIONAL PERSONNEL COST F.x'!D10 -> 1779059001 | E10: ='CHAIR PERSONNEL COST F.x'!E10+'SLT PERSONNEL COST F.x'!E10+'COUNCIL PERSONNEL COST F.x'!E10+'PMD PERSONNEL COST F.x'!E10+'AGRIC PERSONNEL COST F.x'!E10+'FINANCE PERSONNEL COST F.x'!E10+'WORKS PERSONNEL COST F.x'!E10+'ESD PERSONNEL COST F.x'!E10+'ESD PERSONNEL COST F.x'!E11+'PHC PERSONNEL COST F.x'!E10+'WATSAN PERSONNEL COST F.x'!E10+'TRADITIONAL PERSONNEL COST F.x'!E10 -> 1891445242
A11: 21010102 | B11: OVER TIME PAYMENTS | C11: ='CHAIR PERSONNEL COST F.x'!C11+'SLT PERSONNEL COST F.x'!C11+'COUNCIL PERSONNEL COST F.x'!C11+'PMD PERSONNEL COST F.x'!C11+'AGRIC PERSONNEL COST F.x'!C11+'FINANCE PERSONNEL COST F.x'!C11+'WORKS PERSONNEL COST F.x'!C11+'ESD PERSONNEL COST F.x'!C12+'PHC PERSONNEL COST F.x'!C11+'WATSAN PERSONNEL COST F.x'!C11+'TRADITIONAL PERSONNEL COST F.x'!C11 -> 0 | D11: ='CHAIR PERSONNEL COST F.x'!D11+'SLT PERSONNEL COST F.x'!D11+'COUNCIL PERSONNEL COST F.x'!D11+'PMD PERSONNEL COST F.x'!D11+'AGRIC PERSONNEL COST F.x'!D11+'FINANCE PERSONNEL COST F.x'!D11+'WORKS PERSONNEL COST F.x'!D11+'ESD PERSONNEL COST F.x'!D12+'PHC PERSONNEL COST F.x'!D11+'WATSAN PERSONNEL COST F.x'!D11+'TRADITIONAL PERSONNEL COST F.x'!D11 -> 0 | E11: ='CHAIR PERSONNEL COST F.x'!E11+'SLT PERSONNEL COST F.x'!E11+'COUNCIL PERSONNEL COST F.x'!E11+'PMD PERSONNEL COST F.x'!E11+'AGRIC PERSONNEL COST F.x'!E11+'FINANCE PERSONNEL COST F.x'!E11+'WORKS PERSONNEL COST F.x'!E11+'ESD PERSONNEL COST F.x'!E12+'PHC PERSONNEL COST F.x'!E11+'WATSAN PERSONNEL COST F.x'!E11+'TRADITIONAL PERSONNEL COST F.x'!E11 -> 0
A12: 21010103 | B12: CONSOLIDATED REVENUE FUND CHARGE- SALARIES | C12: ='CHAIR PERSONNEL COST F.x'!C12+'SLT PERSONNEL COST F.x'!C12+'COUNCIL PERSONNEL COST F.x'!C12+'PMD PERSONNEL COST F.x'!C12+'AGRIC PERSONNEL COST F.x'!C12+'FINANCE PERSONNEL COST F.x'!C12+'WORKS PERSONNEL COST F.x'!C12+'ESD PERSONNEL COST F.x'!C13+'PHC PERSONNEL COST F.x'!C12+'WATSAN PERSONNEL COST F.x'!C12+'TRADITIONAL PERSONNEL COST F.x'!C12 -> 81642095 | D12: ='CHAIR PERSONNEL COST F.x'!D12+'SLT PERSONNEL COST F.x'!D12+'COUNCIL PERSONNEL COST F.x'!D12+'PMD PERSONNEL COST F.x'!D12+'AGRIC PERSONNEL COST F.x'!D12+'FINANCE PERSONNEL COST F.x'!D12+'WORKS PERSONNEL COST F.x'!D12+'ESD PERSONNEL COST F.x'!D13+'PHC PERSONNEL COST F.x'!D12+'WATSAN PERSONNEL COST F.x'!D12+'TRADITIONAL PERSONNEL COST F.x'!D12 -> 58835115 | E12: ='CHAIR PERSONNEL COST F.x'!E12+'SLT PERSONNEL COST F.x'!E12+'COUNCIL PERSONNEL COST F.x'!E12+'PMD PERSONNEL COST F.x'!E12+'AGRIC PERSONNEL COST F.x'!E12+'FINANCE PERSONNEL COST F.x'!E12+'WORKS PERSONNEL COST F.x'!E12+'ESD PERSONNEL COST F.x'!E13+'PHC PERSONNEL COST F.x'!E12+'WATSAN PERSONNEL COST F.x'!E12+'TRADITIONAL PERSONNEL COST F.x'!E12 -> 58835115
A13: 2102 | B13: ALLOWANCES AND SOCIAL CONTRIBUTION | C13: =C14+C18 -> 489850570 | D13: =D14+D18 -> 0 | E13: =E14+E18 -> 1680000
A14: 210201 | B14: ALLOWANCES | C14: =SUM(C15:C17) -> 489850570 | D14: =SUM(D15:D17) -> 0 | E14: =SUM(E15:E17) -> 1680000
A15: 21020104 | B15: FURNITURE ALLOWANCE | C15: ='CHAIR PERSONNEL COST F.x'!C15+'SLT PERSONNEL COST F.x'!C15+'COUNCIL PERSONNEL COST F.x'!C15+'PMD PERSONNEL COST F.x'!C15+'AGRIC PERSONNEL COST F.x'!C15+'FINANCE PERSONNEL COST F.x'!C15+'WORKS PERSONNEL COST F.x'!C15+'ESD PERSONNEL COST F.x'!C16+'PHC PERSONNEL COST F.x'!C15+'WATSAN PERSONNEL COST F.x'!C15+'TRADITIONAL PERSONNEL COST F.x'!C15 -> 244925285 | D15: ='CHAIR PERSONNEL COST F.x'!D15+'SLT PERSONNEL COST F.x'!D15+'COUNCIL PERSONNEL COST F.x'!D15+'PMD PERSONNEL COST F.x'!D15+'AGRIC PERSONNEL COST F.x'!D15+'FINANCE PERSONNEL COST F.x'!D15+'WORKS PERSONNEL COST F.x'!D15+'ESD PERSONNEL COST F.x'!D16+'PHC PERSONNEL COST F.x'!D15+'WATSAN PERSONNEL COST F.x'!D15+'TRADITIONAL PERSONNEL COST F.x'!D15 -> 0 | E15: ='CHAIR PERSONNEL COST F.x'!E15+'SLT PERSONNEL COST F.x'!E15+'COUNCIL PERSONNEL COST F.x'!E15+'PMD PERSONNEL COST F.x'!E15+'AGRIC PERSONNEL COST F.x'!E15+'FINANCE PERSONNEL COST F.x'!E15+'WORKS PERSONNEL COST F.x'!E15+'ESD PERSONNEL COST F.x'!E16+'PHC PERSONNEL COST F.x'!E15+'WATSAN PERSONNEL COST F.x'!E15+'TRADITIONAL PERSONNEL COST F.x'!E15 -> 0
A16: 21020108 | B16: SEVERANCE ALLOWANCE | C16: ='CHAIR PERSONNEL COST F.x'!C16+'SLT PERSONNEL COST F.x'!C16+'COUNCIL PERSONNEL COST F.x'!C16+'PMD PERSONNEL COST F.x'!C16+'AGRIC PERSONNEL COST F.x'!C16+'FINANCE PERSONNEL COST F.x'!C16+'WORKS PERSONNEL COST F.x'!C16+'ESD PERSONNEL COST F.x'!C17+'PHC PERSONNEL COST F.x'!C16+'WATSAN PERSONNEL COST F.x'!C16+'TRADITIONAL PERSONNEL COST F.x'!C16 -> 244925285 | D16: ='CHAIR PERSONNEL COST F.x'!D16+'SLT PERSONNEL COST F.x'!D16+'COUNCIL PERSONNEL COST F.x'!D16+'PMD PERSONNEL COST F.x'!D16+'AGRIC PERSONNEL COST F.x'!D16+'FINANCE PERSONNEL COST F.x'!D16+'WORKS PERSONNEL COST F.x'!D16+'ESD PERSONNEL COST F.x'!D17+'PHC PERSONNEL COST F.x'!D16+'WATSAN PERSONNEL COST F.x'!D16+'TRADITIONAL PERSONNEL COST F.x'!D16 -> 0 | E16: ='CHAIR PERSONNEL COST F.x'!E16+'SLT PERSONNEL COST F.x'!E16+'COUNCIL PERSONNEL COST F.x'!E16+'PMD PERSONNEL COST F.x'!E16+'AGRIC PERSONNEL COST F.x'!E16+'FINANCE PERSONNEL COST F.x'!E16+'WORKS PERSONNEL COST F.x'!E16+'ESD PERSONNEL COST F.x'!E17+'PHC PERSONNEL COST F.x'!E16+'WATSAN PERSONNEL COST F.x'!E16+'TRADITIONAL PERSONNEL COST F.x'!E16 -> 0
A17: 21020109 | B17: OTHER ALLOWANCES | C17: ='CHAIR PERSONNEL COST F.x'!C17+'SLT PERSONNEL COST F.x'!C17+'COUNCIL PERSONNEL COST F.x'!C17+'PMD PERSONNEL COST F.x'!C17+'AGRIC PERSONNEL COST F.x'!C17+'FINANCE PERSONNEL COST F.x'!C17+'WORKS PERSONNEL COST F.x'!C17+'ESD PERSONNEL COST F.x'!C18+'PHC PERSONNEL COST F.x'!C17+'WATSAN PERSONNEL COST F.x'!C17+'TRADITIONAL PERSONNEL COST F.x'!C17 -> 0 | D17: ='CHAIR PERSONNEL COST F.x'!D17+'SLT PERSONNEL COST F.x'!D17+'COUNCIL PERSONNEL COST F.x'!D17+'PMD PERSONNEL COST F.x'!D17+'AGRIC PERSONNEL COST F.x'!D17+'FINANCE PERSONNEL COST F.x'!D17+'WORKS PERSONNEL COST F.x'!D17+'ESD PERSONNEL COST F.x'!D18+'PHC PERSONNEL COST F.x'!D17+'WATSAN PERSONNEL COST F.x'!D17+'TRADITIONAL PERSONNEL COST F.x'!D17 -> 0 | E17: ='CHAIR PERSONNEL COST F.x'!E17+'SLT PERSONNEL COST F.x'!E17+'COUNCIL PERSONNEL COST F.x'!E17+'PMD PERSONNEL COST F.x'!E17+'AGRIC PERSONNEL COST F.x'!E17+'FINANCE PERSONNEL COST F.x'!E17+'WORKS PERSONNEL COST F.x'!E17+'ESD PERSONNEL COST F.x'!E18+'PHC PERSONNEL COST F.x'!E17+'WATSAN PERSONNEL COST F.x'!E17+'TRADITIONAL PERSONNEL COST F.x'!E17 -> 1680000
A18: 210202 | B18: SOCIAL CONTRIBUTIONS | C18: =C19 -> 0 | D18: =D19 -> 0 | E18: =E19 -> 0
A19: 21020207 | B19: CONTRIBUTION BY LGAs | C19: ='CHAIR PERSONNEL COST F.x'!C19+'SLT PERSONNEL COST F.x'!C19+'COUNCIL PERSONNEL COST F.x'!C19+'PMD PERSONNEL COST F.x'!C19+'AGRIC PERSONNEL COST F.x'!C19+'FINANCE PERSONNEL COST F.x'!C19+'WORKS PERSONNEL COST F.x'!C19+'ESD PERSONNEL COST F.x'!C20+'PHC PERSONNEL COST F.x'!C19+'WATSAN PERSONNEL COST F.x'!C19+'TRADITIONAL PERSONNEL COST F.x'!C19 -> 0 | D19: ='CHAIR PERSONNEL COST F.x'!D19+'SLT PERSONNEL COST F.x'!D19+'COUNCIL PERSONNEL COST F.x'!D19+'PMD PERSONNEL COST F.x'!D19+'AGRIC PERSONNEL COST F.x'!D19+'FINANCE PERSONNEL COST F.x'!D19+'WORKS PERSONNEL COST F.x'!D19+'ESD PERSONNEL COST F.x'!D20+'PHC PERSONNEL COST F.x'!D19+'WATSAN PERSONNEL COST F.x'!D19+'TRADITIONAL PERSONNEL COST F.x'!D19 -> 0 | E19: ='CHAIR PERSONNEL COST F.x'!E19+'SLT PERSONNEL COST F.x'!E19+'COUNCIL PERSONNEL COST F.x'!E19+'PMD PERSONNEL COST F.x'!E19+'AGRIC PERSONNEL COST F.x'!E19+'FINANCE PERSONNEL COST F.x'!E19+'WORKS PERSONNEL COST F.x'!E19+'ESD PERSONNEL COST F.x'!E20+'PHC PERSONNEL COST F.x'!E19+'WATSAN PERSONNEL COST F.x'!E19+'TRADITIONAL PERSONNEL COST F.x'!E19 -> 0
A20: 210301 | B20: SOCIAL BENEFITS | C20: =SUM(C21:C23) -> 787115605 | D20: =SUM(D21:D23) -> 787115605 | E20: =SUM(E21:E23) -> 525873034
A21: 21030101 | B21: GRATUITY | C21: ='CHAIR PERSONNEL COST F.x'!C21+'SLT PERSONNEL COST F.x'!C21+'COUNCIL PERSONNEL COST F.x'!C21+'PMD PERSONNEL COST F.x'!C21+'AGRIC PERSONNEL COST F.x'!C21+'FINANCE PERSONNEL COST F.x'!C21+'WORKS PERSONNEL COST F.x'!C21+'ESD PERSONNEL COST F.x'!C22+'PHC PERSONNEL COST F.x'!C21+'WATSAN PERSONNEL COST F.x'!C21+'TRADITIONAL PERSONNEL COST F.x'!C21 -> 400000000 | D21: ='CHAIR PERSONNEL COST F.x'!D21+'SLT PERSONNEL COST F.x'!D21+'COUNCIL PERSONNEL COST F.x'!D21+'PMD PERSONNEL COST F.x'!D21+'AGRIC PERSONNEL COST F.x'!D21+'FINANCE PERSONNEL COST F.x'!D21+'WORKS PERSONNEL COST F.x'!D21+'ESD PERSONNEL COST F.x'!D22+'PHC PERSONNEL COST F.x'!D21+'WATSAN PERSONNEL COST F.x'!D21+'TRADITIONAL PERSONNEL COST F.x'!D21 -> 400000000 | E21: ='CHAIR PERSONNEL COST F.x'!E21+'SLT PERSONNEL COST F.x'!E21+'COUNCIL PERSONNEL COST F.x'!E21+'PMD PERSONNEL COST F.x'!E21+'AGRIC PERSONNEL COST F.x'!E21+'FINANCE PERSONNEL COST F.x'!E21+'WORKS PERSONNEL COST F.x'!E21+'ESD PERSONNEL COST F.x'!E22+'PHC PERSONNEL COST F.x'!E21+'WATSAN PERSONNEL COST F.x'!E21+'TRADITIONAL PERSONNEL COST F.x'!E21 -> 200000000
A22: 21030102 | B22: PENSION | C22: ='CHAIR PERSONNEL COST F.x'!C22+'SLT PERSONNEL COST F.x'!C22+'COUNCIL PERSONNEL COST F.x'!C22+'PMD PERSONNEL COST F.x'!C22+'AGRIC PERSONNEL COST F.x'!C22+'FINANCE PERSONNEL COST F.x'!C22+'WORKS PERSONNEL COST F.x'!C22+'ESD PERSONNEL COST F.x'!C23+'PHC PERSONNEL COST F.x'!C22+'WATSAN PERSONNEL COST F.x'!C22+'TRADITIONAL PERSONNEL COST F.x'!C22 -> 387115605 | D22: ='CHAIR PERSONNEL COST F.x'!D22+'SLT PERSONNEL COST F.x'!D22+'COUNCIL PERSONNEL COST F.x'!D22+'PMD PERSONNEL COST F.x'!D22+'AGRIC PERSONNEL COST F.x'!D22+'FINANCE PERSONNEL COST F.x'!D22+'WORKS PERSONNEL COST F.x'!D22+'ESD PERSONNEL COST F.x'!D23+'PHC PERSONNEL COST F.x'!D22+'WATSAN PERSONNEL COST F.x'!D22+'TRADITIONAL PERSONNEL COST F.x'!D22 -> 387115605 | E22: ='CHAIR PERSONNEL COST F.x'!E22+'SLT PERSONNEL COST F.x'!E22+'COUNCIL PERSONNEL COST F.x'!E22+'PMD PERSONNEL COST F.x'!E22+'AGRIC PERSONNEL COST F.x'!E22+'FINANCE PERSONNEL COST F.x'!E22+'WORKS PERSONNEL COST F.x'!E22+'ESD PERSONNEL COST F.x'!E23+'PHC PERSONNEL COST F.x'!E22+'WATSAN PERSONNEL COST F.x'!E22+'TRADITIONAL PERSONNEL COST F.x'!E22 -> 305505969
A23: 21030104 | B23: OTHER BENEFITS | C23: ='CHAIR PERSONNEL COST F.x'!C23+'SLT PERSONNEL COST F.x'!C23+'COUNCIL PERSONNEL COST F.x'!C23+'PMD PERSONNEL COST F.x'!C23+'AGRIC PERSONNEL COST F.x'!C23+'FINANCE PERSONNEL COST F.x'!C27+'WORKS PERSONNEL COST F.x'!C23+'ESD PERSONNEL COST F.x'!C24+'PHC PERSONNEL COST F.x'!C23+'WATSAN PERSONNEL COST F.x'!C23+'TRADITIONAL PERSONNEL COST F.x'!C23 -> 0 | D23: ='CHAIR PERSONNEL COST F.x'!D23+'SLT PERSONNEL COST F.x'!D23+'COUNCIL PERSONNEL COST F.x'!D23+'PMD PERSONNEL COST F.x'!D23+'AGRIC PERSONNEL COST F.x'!D23+'FINANCE PERSONNEL COST F.x'!D27+'WORKS PERSONNEL COST F.x'!D23+'ESD PERSONNEL COST F.x'!D24+'PHC PERSONNEL COST F.x'!D23+'WATSAN PERSONNEL COST F.x'!D23+'TRADITIONAL PERSONNEL COST F.x'!D23 -> 0 | E23: ='CHAIR PERSONNEL COST F.x'!E23+'SLT PERSONNEL COST F.x'!E23+'COUNCIL PERSONNEL COST F.x'!E23+'PMD PERSONNEL COST F.x'!E23+'AGRIC PERSONNEL COST F.x'!E23+'FINANCE PERSONNEL COST F.x'!E27+'WORKS PERSONNEL COST F.x'!E23+'ESD PERSONNEL COST F.x'!E24+'PHC PERSONNEL COST F.x'!E23+'WATSAN PERSONNEL COST F.x'!E23+'TRADITIONAL PERSONNEL COST F.x'!E23 -> 20367065
A25: 22 | B25: OTHER RECURRENT COSTS | C25: =C26+C103+C107+C112 -> 1443692754 | D25: =D26+D103+D107+D112 -> 976348027 | E25: =E26+E103+E107+E112 -> 1475508793
A26: 2202 | B26: OVERHEAD COST | C26: =C27+C32+C40+C54+C63+C66+C72+C81+C85+C88 -> 1074307057 | D26: =D27+D32+D40+D54+D63+D66+D72+D81+D85+D88 -> 765079198 | E26: =E27+E32+E40+E54+E63+E66+E72+E81+E85+E88 -> 858090000
A27: 220201 | B27: TRAVEL & TRANSPORT – GENERAL | C27: =SUM(C28:C31) -> 75500000 | D27: =SUM(D28:D31) -> 53137065 | E27: =SUM(E28:E31) -> 97300000
A28: 22020101 | B28: LOCAL TRAVEL & TRANSPORT: TRAINING | C28: ='CHAIR OVERHEAD COST F.xi'!C10+'SLT OVERHEAD COST F.xi'!C10+'COUNCIL OVERHEAD COST F.xi'!C10+'PMD OVERHEAD COST F.xi'!C10+'AGRIC OVERHEAD COST F.xi'!C10+'FINANCE OVERHEAD COST F.xi'!C10+'WORKS OVERHEAD COST F.xi'!C10+'ESD OVERHEAD COST F.xi'!C10+'PHC OVERHEAD COST F.xi'!C10+'WATSAN OVERHEAD COST F.xi'!C10+'TRADITIONAL OVERHEAD COST F.xi'!C10 -> 10000000 | D28: ='CHAIR OVERHEAD COST F.xi'!D10+'SLT OVERHEAD COST F.xi'!D10+'COUNCIL OVERHEAD COST F.xi'!D10+'PMD OVERHEAD COST F.xi'!D10+'AGRIC OVERHEAD COST F.xi'!D10+'FINANCE OVERHEAD COST F.xi'!D10+'WORKS OVERHEAD COST F.xi'!D10+'ESD OVERHEAD COST F.xi'!D10+'PHC OVERHEAD COST F.xi'!D10+'WATSAN OVERHEAD COST F.xi'!D10+'TRADITIONAL OVERHEAD COST F.xi'!D10 -> 8941000 | E28: ='CHAIR OVERHEAD COST F.xi'!E10+'SLT OVERHEAD COST F.xi'!E10+'COUNCIL OVERHEAD COST F.xi'!E10+'PMD OVERHEAD COST F.xi'!E10+'AGRIC OVERHEAD COST F.xi'!E10+'FINANCE OVERHEAD COST F.xi'!E10+'WORKS OVERHEAD COST F.xi'!E10+'ESD OVERHEAD COST F.xi'!E10+'PHC OVERHEAD COST F.xi'!E10+'WATSAN OVERHEAD COST F.xi'!E10+'TRADITIONAL OVERHEAD COST F.xi'!E10 -> 22000000
A29: 22020102 | B29: LOCAL TRAVEL & TRANSPORT: OTHERS | C29: ='CHAIR OVERHEAD COST F.xi'!C11+'SLT OVERHEAD COST F.xi'!C11+'COUNCIL OVERHEAD COST F.xi'!C11+'PMD OVERHEAD COST F.xi'!C11+'AGRIC OVERHEAD COST F.xi'!C11+'FINANCE OVERHEAD COST F.xi'!C11+'WORKS OVERHEAD COST F.xi'!C11+'ESD OVERHEAD COST F.xi'!C11+'PHC OVERHEAD COST F.xi'!C11+'WATSAN OVERHEAD COST F.xi'!C11+'TRADITIONAL OVERHEAD COST F.xi'!C11 -> 65500000 | D29: ='CHAIR OVERHEAD COST F.xi'!D11+'SLT OVERHEAD COST F.xi'!D11+'COUNCIL OVERHEAD COST F.xi'!D11+'PMD OVERHEAD COST F.xi'!D11+'AGRIC OVERHEAD COST F.xi'!D11+'FINANCE OVERHEAD COST F.xi'!D11+'WORKS OVERHEAD COST F.xi'!D11+'ESD OVERHEAD COST F.xi'!D11+'PHC OVERHEAD COST F.xi'!D11+'WATSAN OVERHEAD COST F.xi'!D11+'TRADITIONAL OVERHEAD COST F.xi'!D11 -> 44196065 | E29: ='CHAIR OVERHEAD COST F.xi'!E11+'SLT OVERHEAD COST F.xi'!E11+'COUNCIL OVERHEAD COST F.xi'!E11+'PMD OVERHEAD COST F.xi'!E11+'AGRIC OVERHEAD COST F.xi'!E11+'FINANCE OVERHEAD COST F.xi'!E11+'WORKS OVERHEAD COST F.xi'!E11+'ESD OVERHEAD COST F.xi'!E11+'PHC OVERHEAD COST F.xi'!E11+'WATSAN OVERHEAD COST F.xi'!E11+'TRADITIONAL OVERHEAD COST F.xi'!E11 -> 75300000
A30: 22020103 | B30: INTERNATIONAL TRAVEL & TRANSPORT: TRAINING | C30: ='CHAIR OVERHEAD COST F.xi'!C12+'SLT OVERHEAD COST F.xi'!C12+'COUNCIL OVERHEAD COST F.xi'!C12+'PMD OVERHEAD COST F.xi'!C12+'AGRIC OVERHEAD COST F.xi'!C12+'FINANCE OVERHEAD COST F.xi'!C12+'WORKS OVERHEAD COST F.xi'!C12+'ESD OVERHEAD COST F.xi'!C12+'PHC OVERHEAD COST F.xi'!C12+'WATSAN OVERHEAD COST F.xi'!C12+'TRADITIONAL OVERHEAD COST F.xi'!C12 -> 0 | D30: ='CHAIR OVERHEAD COST F.xi'!D12+'SLT OVERHEAD COST F.xi'!D12+'COUNCIL OVERHEAD COST F.xi'!D12+'PMD OVERHEAD COST F.xi'!D12+'AGRIC OVERHEAD COST F.xi'!D12+'FINANCE OVERHEAD COST F.xi'!D12+'WORKS OVERHEAD COST F.xi'!D12+'ESD OVERHEAD COST F.xi'!D12+'PHC OVERHEAD COST F.xi'!D12+'WATSAN OVERHEAD COST F.xi'!D12+'TRADITIONAL OVERHEAD COST F.xi'!D12 -> 0 | E30: ='CHAIR OVERHEAD COST F.xi'!E12+'SLT OVERHEAD COST F.xi'!E12+'COUNCIL OVERHEAD COST F.xi'!E12+'PMD OVERHEAD COST F.xi'!E12+'AGRIC OVERHEAD COST F.xi'!E12+'FINANCE OVERHEAD COST F.xi'!E12+'WORKS OVERHEAD COST F.xi'!E12+'ESD OVERHEAD COST F.xi'!E12+'PHC OVERHEAD COST F.xi'!E12+'WATSAN OVERHEAD COST F.xi'!E12+'TRADITIONAL OVERHEAD COST F.xi'!E12 -> 0
A31: 22020104 | B31: INTERNATIONAL TRAVEL & TRANSPORT: OTHERS | C31: ='CHAIR OVERHEAD COST F.xi'!C13+'SLT OVERHEAD COST F.xi'!C13+'COUNCIL OVERHEAD COST F.xi'!C13+'PMD OVERHEAD COST F.xi'!C13+'AGRIC OVERHEAD COST F.xi'!C13+'FINANCE OVERHEAD COST F.xi'!C13+'WORKS OVERHEAD COST F.xi'!C13+'ESD OVERHEAD COST F.xi'!C13+'PHC OVERHEAD COST F.xi'!C13+'WATSAN OVERHEAD COST F.xi'!C13+'TRADITIONAL OVERHEAD COST F.xi'!C13 -> 0 | D31: ='CHAIR OVERHEAD COST F.xi'!D13+'SLT OVERHEAD COST F.xi'!D13+'COUNCIL OVERHEAD COST F.xi'!D13+'PMD OVERHEAD COST F.xi'!D13+'AGRIC OVERHEAD COST F.xi'!D13+'FINANCE OVERHEAD COST F.xi'!D13+'WORKS OVERHEAD COST F.xi'!D13+'ESD OVERHEAD COST F.xi'!D13+'PHC OVERHEAD COST F.xi'!D13+'WATSAN OVERHEAD COST F.xi'!D13+'TRADITIONAL OVERHEAD COST F.xi'!D13 -> 0 | E31: ='CHAIR OVERHEAD COST F.xi'!E13+'SLT OVERHEAD COST F.xi'!E13+'COUNCIL OVERHEAD COST F.xi'!E13+'PMD OVERHEAD COST F.xi'!E13+'AGRIC OVERHEAD COST F.xi'!E13+'FINANCE OVERHEAD COST F.xi'!E13+'WORKS OVERHEAD COST F.xi'!E13+'ESD OVERHEAD COST F.xi'!E13+'PHC OVERHEAD COST F.xi'!E13+'WATSAN OVERHEAD COST F.xi'!E13+'TRADITIONAL OVERHEAD COST F.xi'!E13 -> 0
A32: 220202 | B32: UTILITIES – GENERAL | C32: =SUM(C33:C39) -> 1500000 | D32: =SUM(D33:D39) -> 1200000 | E32: =SUM(E33:E39) -> 2000000
A33: 22020201 | B33: ELECTRICITY CHARGES | C33: ='CHAIR OVERHEAD COST F.xi'!C15+'SLT OVERHEAD COST F.xi'!C15+'COUNCIL OVERHEAD COST F.xi'!C15+'PMD OVERHEAD COST F.xi'!C15+'AGRIC OVERHEAD COST F.xi'!C15+'FINANCE OVERHEAD COST F.xi'!C15+'WORKS OVERHEAD COST F.xi'!C15+'ESD OVERHEAD COST F.xi'!C15+'PHC OVERHEAD COST F.xi'!C15+'WATSAN OVERHEAD COST F.xi'!C15+'TRADITIONAL OVERHEAD COST F.xi'!C15 -> 1500000 | D33: ='CHAIR OVERHEAD COST F.xi'!D15+'SLT OVERHEAD COST F.xi'!D15+'COUNCIL OVERHEAD COST F.xi'!D15+'PMD OVERHEAD COST F.xi'!D15+'AGRIC OVERHEAD COST F.xi'!D15+'FINANCE OVERHEAD COST F.xi'!D15+'WORKS OVERHEAD COST F.xi'!D15+'ESD OVERHEAD COST F.xi'!D15+'PHC OVERHEAD COST F.xi'!D15+'WATSAN OVERHEAD COST F.xi'!D15+'TRADITIONAL OVERHEAD COST F.xi'!D15 -> 1200000 | E33: ='CHAIR OVERHEAD COST F.xi'!E15+'SLT OVERHEAD COST F.xi'!E15+'COUNCIL OVERHEAD COST F.xi'!E15+'PMD OVERHEAD COST F.xi'!E15+'AGRIC OVERHEAD COST F.xi'!E15+'FINANCE OVERHEAD COST F.xi'!E15+'WORKS OVERHEAD COST F.xi'!E15+'ESD OVERHEAD COST F.xi'!E15+'PHC OVERHEAD COST F.xi'!E15+'WATSAN OVERHEAD COST F.xi'!E15+'TRADITIONAL OVERHEAD COST F.xi'!E15 -> 2000000
A34: 22020202 | B34: TELEPHONE CHARGES | C34: ='CHAIR OVERHEAD COST F.xi'!C16+'SLT OVERHEAD COST F.xi'!C16+'COUNCIL OVERHEAD COST F.xi'!C16+'PMD OVERHEAD COST F.xi'!C16+'AGRIC OVERHEAD COST F.xi'!C16+'FINANCE OVERHEAD COST F.xi'!C16+'WORKS OVERHEAD COST F.xi'!C16+'ESD OVERHEAD COST F.xi'!C16+'PHC OVERHEAD COST F.xi'!C16+'WATSAN OVERHEAD COST F.xi'!C16+'TRADITIONAL OVERHEAD COST F.xi'!C16 -> 0 | D34: ='CHAIR OVERHEAD COST F.xi'!D16+'SLT OVERHEAD COST F.xi'!D16+'COUNCIL OVERHEAD COST F.xi'!D16+'PMD OVERHEAD COST F.xi'!D16+'AGRIC OVERHEAD COST F.xi'!D16+'FINANCE OVERHEAD COST F.xi'!D16+'WORKS OVERHEAD COST F.xi'!D16+'ESD OVERHEAD COST F.xi'!D16+'PHC OVERHEAD COST F.xi'!D16+'WATSAN OVERHEAD COST F.xi'!D16+'TRADITIONAL OVERHEAD COST F.xi'!D16 -> 0 | E34: ='CHAIR OVERHEAD COST F.xi'!E16+'SLT OVERHEAD COST F.xi'!E16+'COUNCIL OVERHEAD COST F.xi'!E16+'PMD OVERHEAD COST F.xi'!E16+'AGRIC OVERHEAD COST F.xi'!E16+'FINANCE OVERHEAD COST F.xi'!E16+'WORKS OVERHEAD COST F.xi'!E16+'ESD OVERHEAD COST F.xi'!E16+'PHC OVERHEAD COST F.xi'!E16+'WATSAN OVERHEAD COST F.xi'!E16+'TRADITIONAL OVERHEAD COST F.xi'!E16 -> 0
A35: 22020203 | B35: INTERNET ACCESS CHARGES | C35: ='CHAIR OVERHEAD COST F.xi'!C17+'SLT OVERHEAD COST F.xi'!C17+'COUNCIL OVERHEAD COST F.xi'!C17+'PMD OVERHEAD COST F.xi'!C17+'AGRIC OVERHEAD COST F.xi'!C17+'FINANCE OVERHEAD COST F.xi'!C17+'WORKS OVERHEAD COST F.xi'!C17+'ESD OVERHEAD COST F.xi'!C17+'PHC OVERHEAD COST F.xi'!C17+'WATSAN OVERHEAD COST F.xi'!C17+'TRADITIONAL OVERHEAD COST F.xi'!C17 -> 0 | D35: ='CHAIR OVERHEAD COST F.xi'!D17+'SLT OVERHEAD COST F.xi'!D17+'COUNCIL OVERHEAD COST F.xi'!D17+'PMD OVERHEAD COST F.xi'!D17+'AGRIC OVERHEAD COST F.xi'!D17+'FINANCE OVERHEAD COST F.xi'!D17+'WORKS OVERHEAD COST F.xi'!D17+'ESD OVERHEAD COST F.xi'!D17+'PHC OVERHEAD COST F.xi'!D17+'WATSAN OVERHEAD COST F.xi'!D17+'TRADITIONAL OVERHEAD COST F.xi'!D17 -> 0 | E35: ='CHAIR OVERHEAD COST F.xi'!E17+'SLT OVERHEAD COST F.xi'!E17+'COUNCIL OVERHEAD COST F.xi'!E17+'PMD OVERHEAD COST F.xi'!E17+'AGRIC OVERHEAD COST F.xi'!E17+'FINANCE OVERHEAD COST F.xi'!E17+'WORKS OVERHEAD COST F.xi'!E17+'ESD OVERHEAD COST F.xi'!E17+'PHC OVERHEAD COST F.xi'!E17+'WATSAN OVERHEAD COST F.xi'!E17+'TRADITIONAL OVERHEAD COST F.xi'!E17 -> 0
A36: 22020204 | B36: DSTV SUBSCRIPTION CHARGES | C36: ='CHAIR OVERHEAD COST F.xi'!C18+'SLT OVERHEAD COST F.xi'!C18+'COUNCIL OVERHEAD COST F.xi'!C18+'PMD OVERHEAD COST F.xi'!C18+'AGRIC OVERHEAD COST F.xi'!C18+'FINANCE OVERHEAD COST F.xi'!C18+'WORKS OVERHEAD COST F.xi'!C18+'ESD OVERHEAD COST F.xi'!C18+'PHC OVERHEAD COST F.xi'!C18+'WATSAN OVERHEAD COST F.xi'!C18+'TRADITIONAL OVERHEAD COST F.xi'!C18 -> 0 | D36: ='CHAIR OVERHEAD COST F.xi'!D18+'SLT OVERHEAD COST F.xi'!D18+'COUNCIL OVERHEAD COST F.xi'!D18+'PMD OVERHEAD COST F.xi'!D18+'AGRIC OVERHEAD COST F.xi'!D18+'FINANCE OVERHEAD COST F.xi'!D18+'WORKS OVERHEAD COST F.xi'!D18+'ESD OVERHEAD COST F.xi'!D18+'PHC OVERHEAD COST F.xi'!D18+'WATSAN OVERHEAD COST F.xi'!D18+'TRADITIONAL OVERHEAD COST F.xi'!D18 -> 0 | E36: ='CHAIR OVERHEAD COST F.xi'!E18+'SLT OVERHEAD COST F.xi'!E18+'COUNCIL OVERHEAD COST F.xi'!E18+'PMD OVERHEAD COST F.xi'!E18+'AGRIC OVERHEAD COST F.xi'!E18+'FINANCE OVERHEAD COST F.xi'!E18+'WORKS OVERHEAD COST F.xi'!E18+'ESD OVERHEAD COST F.xi'!E18+'PHC OVERHEAD COST F.xi'!E18+'WATSAN OVERHEAD COST F.xi'!E18+'TRADITIONAL OVERHEAD COST F.xi'!E18 -> 0
A37: 22020205 | B37: WATER RATES | C37: ='CHAIR OVERHEAD COST F.xi'!C19+'SLT OVERHEAD COST F.xi'!C19+'COUNCIL OVERHEAD COST F.xi'!C19+'PMD OVERHEAD COST F.xi'!C19+'AGRIC OVERHEAD COST F.xi'!C19+'FINANCE OVERHEAD COST F.xi'!C19+'WORKS OVERHEAD COST F.xi'!C19+'ESD OVERHEAD COST F.xi'!C19+'PHC OVERHEAD COST F.xi'!C19+'WATSAN OVERHEAD COST F.xi'!C19+'TRADITIONAL OVERHEAD COST F.xi'!C19 -> 0 | D37: ='CHAIR OVERHEAD COST F.xi'!D19+'SLT OVERHEAD COST F.xi'!D19+'COUNCIL OVERHEAD COST F.xi'!D19+'PMD OVERHEAD COST F.xi'!D19+'AGRIC OVERHEAD COST F.xi'!D19+'FINANCE OVERHEAD COST F.xi'!D19+'WORKS OVERHEAD COST F.xi'!D19+'ESD OVERHEAD COST F.xi'!D19+'PHC OVERHEAD COST F.xi'!D19+'WATSAN OVERHEAD COST F.xi'!D19+'TRADITIONAL OVERHEAD COST F.xi'!D19 -> 0 | E37: ='CHAIR OVERHEAD COST F.xi'!E19+'SLT OVERHEAD COST F.xi'!E19+'COUNCIL OVERHEAD COST F.xi'!E19+'PMD OVERHEAD COST F.xi'!E19+'AGRIC OVERHEAD COST F.xi'!E19+'FINANCE OVERHEAD COST F.xi'!E19+'WORKS OVERHEAD COST F.xi'!E19+'ESD OVERHEAD COST F.xi'!E19+'PHC OVERHEAD COST F.xi'!E19+'WATSAN OVERHEAD COST F.xi'!E19+'TRADITIONAL OVERHEAD COST F.xi'!E19 -> 0
A38: 22020206 | B38: SEWAGE CHARGES | C38: ='CHAIR OVERHEAD COST F.xi'!C20+'SLT OVERHEAD COST F.xi'!C20+'COUNCIL OVERHEAD COST F.xi'!C20+'PMD OVERHEAD COST F.xi'!C20+'AGRIC OVERHEAD COST F.xi'!C20+'FINANCE OVERHEAD COST F.xi'!C20+'WORKS OVERHEAD COST F.xi'!C20+'ESD OVERHEAD COST F.xi'!C20+'PHC OVERHEAD COST F.xi'!C20+'WATSAN OVERHEAD COST F.xi'!C20+'TRADITIONAL OVERHEAD COST F.xi'!C20 -> 0 | D38: ='CHAIR OVERHEAD COST F.xi'!D20+'SLT OVERHEAD COST F.xi'!D20+'COUNCIL OVERHEAD COST F.xi'!D20+'PMD OVERHEAD COST F.xi'!D20+'AGRIC OVERHEAD COST F.xi'!D20+'FINANCE OVERHEAD COST F.xi'!D20+'WORKS OVERHEAD COST F.xi'!D20+'ESD OVERHEAD COST F.xi'!D20+'PHC OVERHEAD COST F.xi'!D20+'WATSAN OVERHEAD COST F.xi'!D20+'TRADITIONAL OVERHEAD COST F.xi'!D20 -> 0 | E38: ='CHAIR OVERHEAD COST F.xi'!E20+'SLT OVERHEAD COST F.xi'!E20+'COUNCIL OVERHEAD COST F.xi'!E20+'PMD OVERHEAD COST F.xi'!E20+'AGRIC OVERHEAD COST F.xi'!E20+'FINANCE OVERHEAD COST F.xi'!E20+'WORKS OVERHEAD COST F.xi'!E20+'ESD OVERHEAD COST F.xi'!E20+'PHC OVERHEAD COST F.xi'!E20+'WATSAN OVERHEAD COST F.xi'!E20+'TRADITIONAL OVERHEAD COST F.xi'!E20 -> 0
A39: 22020210 | B39: SOFTWARE CHARGES/ LICENCE RENEWAL | C39: ='CHAIR OVERHEAD COST F.xi'!C21+'SLT OVERHEAD COST F.xi'!C21+'COUNCIL OVERHEAD COST F.xi'!C21+'PMD OVERHEAD COST F.xi'!C21+'AGRIC OVERHEAD COST F.xi'!C21+'FINANCE OVERHEAD COST F.xi'!C21+'WORKS OVERHEAD COST F.xi'!C21+'ESD OVERHEAD COST F.xi'!C21+'PHC OVERHEAD COST F.xi'!C21+'WATSAN OVERHEAD COST F.xi'!C21+'TRADITIONAL OVERHEAD COST F.xi'!C21 -> 0 | D39: ='CHAIR OVERHEAD COST F.xi'!D21+'SLT OVERHEAD COST F.xi'!D21+'COUNCIL OVERHEAD COST F.xi'!D21+'PMD OVERHEAD COST F.xi'!D21+'AGRIC OVERHEAD COST F.xi'!D21+'FINANCE OVERHEAD COST F.xi'!D21+'WORKS OVERHEAD COST F.xi'!D21+'ESD OVERHEAD COST F.xi'!D21+'PHC OVERHEAD COST F.xi'!D21+'WATSAN OVERHEAD COST F.xi'!D21+'TRADITIONAL OVERHEAD COST F.xi'!D21 -> 0 | E39: ='CHAIR OVERHEAD COST F.xi'!E21+'SLT OVERHEAD COST F.xi'!E21+'COUNCIL OVERHEAD COST F.xi'!E21+'PMD OVERHEAD COST F.xi'!E21+'AGRIC OVERHEAD COST F.xi'!E21+'FINANCE OVERHEAD COST F.xi'!E21+'WORKS OVERHEAD COST F.xi'!E21+'ESD OVERHEAD COST F.xi'!E21+'PHC OVERHEAD COST F.xi'!E21+'WATSAN OVERHEAD COST F.xi'!E21+'TRADITIONAL OVERHEAD COST F.xi'!E21 -> 0
A40: 220203 | B40: MATERIALS & SUPPLIES – GENERAL | C40: =SUM(C41:C53) -> 59500000 | D40: =SUM(D41:D53) -> 22765791 | E40: =SUM(E41:E53) -> 40500000
A41: 22020301 | B41: OFFICE STATIONERIES/CONSUMABLES | C41: ='CHAIR OVERHEAD COST F.xi'!C23+'SLT OVERHEAD COST F.xi'!C23+'COUNCIL OVERHEAD COST F.xi'!C23+'PMD OVERHEAD COST F.xi'!C23+'AGRIC OVERHEAD COST F.xi'!C23+'FINANCE OVERHEAD COST F.xi'!C23+'WORKS OVERHEAD COST F.xi'!C23+'ESD OVERHEAD COST F.xi'!C23+'PHC OVERHEAD COST F.xi'!C23+'WATSAN OVERHEAD COST F.xi'!C23+'TRADITIONAL OVERHEAD COST F.xi'!C23 -> 24500000 | D41: ='CHAIR OVERHEAD COST F.xi'!D23+'SLT OVERHEAD COST F.xi'!D23+'COUNCIL OVERHEAD COST F.xi'!D23+'PMD OVERHEAD COST F.xi'!D23+'AGRIC OVERHEAD COST F.xi'!D23+'FINANCE OVERHEAD COST F.xi'!D23+'WORKS OVERHEAD COST F.xi'!D23+'ESD OVERHEAD COST F.xi'!D23+'PHC OVERHEAD COST F.xi'!D23+'WATSAN OVERHEAD COST F.xi'!D23+'TRADITIONAL OVERHEAD COST F.xi'!D23 -> 10995000 | E41: ='CHAIR OVERHEAD COST F.xi'!E23+'SLT OVERHEAD COST F.xi'!E23+'COUNCIL OVERHEAD COST F.xi'!E23+'PMD OVERHEAD COST F.xi'!E23+'AGRIC OVERHEAD COST F.xi'!E23+'FINANCE OVERHEAD COST F.xi'!E23+'WORKS OVERHEAD COST F.xi'!E23+'ESD OVERHEAD COST F.xi'!E23+'PHC OVERHEAD COST F.xi'!E23+'WATSAN OVERHEAD COST F.xi'!E23+'TRADITIONAL OVERHEAD COST F.xi'!E23 -> 22500000
A42: 22020302 | B42: BOOKS | C42: ='CHAIR OVERHEAD COST F.xi'!C24+'SLT OVERHEAD COST F.xi'!C24+'COUNCIL OVERHEAD COST F.xi'!C24+'PMD OVERHEAD COST F.xi'!C24+'AGRIC OVERHEAD COST F.xi'!C24+'FINANCE OVERHEAD COST F.xi'!C24+'WORKS OVERHEAD COST F.xi'!C24+'ESD OVERHEAD COST F.xi'!C24+'PHC OVERHEAD COST F.xi'!C24+'WATSAN OVERHEAD COST F.xi'!C24+'TRADITIONAL OVERHEAD COST F.xi'!C24 -> 0 | D42: ='CHAIR OVERHEAD COST F.xi'!D24+'SLT OVERHEAD COST F.xi'!D24+'COUNCIL OVERHEAD COST F.xi'!D24+'PMD OVERHEAD COST F.xi'!D24+'AGRIC OVERHEAD COST F.xi'!D24+'FINANCE OVERHEAD COST F.xi'!D24+'WORKS OVERHEAD COST F.xi'!D24+'ESD OVERHEAD COST F.xi'!D24+'PHC OVERHEAD COST F.xi'!D24+'WATSAN OVERHEAD COST F.xi'!D24+'TRADITIONAL OVERHEAD COST F.xi'!D24 -> 0 | E42: ='CHAIR OVERHEAD COST F.xi'!E24+'SLT OVERHEAD COST F.xi'!E24+'COUNCIL OVERHEAD COST F.xi'!E24+'PMD OVERHEAD COST F.xi'!E24+'AGRIC OVERHEAD COST F.xi'!E24+'FINANCE OVERHEAD COST F.xi'!E24+'WORKS OVERHEAD COST F.xi'!E24+'ESD OVERHEAD COST F.xi'!E24+'PHC OVERHEAD COST F.xi'!E24+'WATSAN OVERHEAD COST F.xi'!E24+'TRADITIONAL OVERHEAD COST F.xi'!E24 -> 0
A43: 22020303 | B43: NEWSPAPERS | C43: ='CHAIR OVERHEAD COST F.xi'!C25+'SLT OVERHEAD COST F.xi'!C25+'COUNCIL OVERHEAD COST F.xi'!C25+'PMD OVERHEAD COST F.xi'!C25+'AGRIC OVERHEAD COST F.xi'!C25+'FINANCE OVERHEAD COST F.xi'!C25+'WORKS OVERHEAD COST F.xi'!C25+'ESD OVERHEAD COST F.xi'!C25+'PHC OVERHEAD COST F.xi'!C25+'WATSAN OVERHEAD COST F.xi'!C25+'TRADITIONAL OVERHEAD COST F.xi'!C25 -> 0 | D43: ='CHAIR OVERHEAD COST F.xi'!D25+'SLT OVERHEAD COST F.xi'!D25+'COUNCIL OVERHEAD COST F.xi'!D25+'PMD OVERHEAD COST F.xi'!D25+'AGRIC OVERHEAD COST F.xi'!D25+'FINANCE OVERHEAD COST F.xi'!D25+'WORKS OVERHEAD COST F.xi'!D25+'ESD OVERHEAD COST F.xi'!D25+'PHC OVERHEAD COST F.xi'!D25+'WATSAN OVERHEAD COST F.xi'!D25+'TRADITIONAL OVERHEAD COST F.xi'!D25 -> 0 | E43: ='CHAIR OVERHEAD COST F.xi'!E25+'SLT OVERHEAD COST F.xi'!E25+'COUNCIL OVERHEAD COST F.xi'!E25+'PMD OVERHEAD COST F.xi'!E25+'AGRIC OVERHEAD COST F.xi'!E25+'FINANCE OVERHEAD COST F.xi'!E25+'WORKS OVERHEAD COST F.xi'!E25+'ESD OVERHEAD COST F.xi'!E25+'PHC OVERHEAD COST F.xi'!E25+'WATSAN OVERHEAD COST F.xi'!E25+'TRADITIONAL OVERHEAD COST F.xi'!E25 -> 0
A44: 22020304 | B44: MAGAZINES & PERIODICALS | C44: ='CHAIR OVERHEAD COST F.xi'!C26+'SLT OVERHEAD COST F.xi'!C26+'COUNCIL OVERHEAD COST F.xi'!C26+'PMD OVERHEAD COST F.xi'!C26+'AGRIC OVERHEAD COST F.xi'!C26+'FINANCE OVERHEAD COST F.xi'!C26+'WORKS OVERHEAD COST F.xi'!C26+'ESD OVERHEAD COST F.xi'!C26+'PHC OVERHEAD COST F.xi'!C26+'WATSAN OVERHEAD COST F.xi'!C26+'TRADITIONAL OVERHEAD COST F.xi'!C26 -> 0 | D44: ='CHAIR OVERHEAD COST F.xi'!D26+'SLT OVERHEAD COST F.xi'!D26+'COUNCIL OVERHEAD COST F.xi'!D26+'PMD OVERHEAD COST F.xi'!D26+'AGRIC OVERHEAD COST F.xi'!D26+'FINANCE OVERHEAD COST F.xi'!D26+'WORKS OVERHEAD COST F.xi'!D26+'ESD OVERHEAD COST F.xi'!D26+'PHC OVERHEAD COST F.xi'!D26+'WATSAN OVERHEAD COST F.xi'!D26+'TRADITIONAL OVERHEAD COST F.xi'!D26 -> 0 | E44: ='CHAIR OVERHEAD COST F.xi'!E26+'SLT OVERHEAD COST F.xi'!E26+'COUNCIL OVERHEAD COST F.xi'!E26+'PMD OVERHEAD COST F.xi'!E26+'AGRIC OVERHEAD COST F.xi'!E26+'FINANCE OVERHEAD COST F.xi'!E26+'WORKS OVERHEAD COST F.xi'!E26+'ESD OVERHEAD COST F.xi'!E26+'PHC OVERHEAD COST F.xi'!E26+'WATSAN OVERHEAD COST F.xi'!E26+'TRADITIONAL OVERHEAD COST F.xi'!E26 -> 0
A45: 22020305 | B45: PRINTING OF NON-SECURITY DOCUMENTS | C45: ='CHAIR OVERHEAD COST F.xi'!C27+'SLT OVERHEAD COST F.xi'!C27+'COUNCIL OVERHEAD COST F.xi'!C27+'PMD OVERHEAD COST F.xi'!C27+'AGRIC OVERHEAD COST F.xi'!C27+'FINANCE OVERHEAD COST F.xi'!C27+'WORKS OVERHEAD COST F.xi'!C27+'ESD OVERHEAD COST F.xi'!C27+'PHC OVERHEAD COST F.xi'!C27+'WATSAN OVERHEAD COST F.xi'!C27+'TRADITIONAL OVERHEAD COST F.xi'!C27 -> 0 | D45: ='CHAIR OVERHEAD COST F.xi'!D27+'SLT OVERHEAD COST F.xi'!D27+'COUNCIL OVERHEAD COST F.xi'!D27+'PMD OVERHEAD COST F.xi'!D27+'AGRIC OVERHEAD COST F.xi'!D27+'FINANCE OVERHEAD COST F.xi'!D27+'WORKS OVERHEAD COST F.xi'!D27+'ESD OVERHEAD COST F.xi'!D27+'PHC OVERHEAD COST F.xi'!D27+'WATSAN OVERHEAD COST F.xi'!D27+'TRADITIONAL OVERHEAD COST F.xi'!D27 -> 0 | E45: ='CHAIR OVERHEAD COST F.xi'!E27+'SLT OVERHEAD COST F.xi'!E27+'COUNCIL OVERHEAD COST F.xi'!E27+'PMD OVERHEAD COST F.xi'!E27+'AGRIC OVERHEAD COST F.xi'!E27+'FINANCE OVERHEAD COST F.xi'!E27+'WORKS OVERHEAD COST F.xi'!E27+'ESD OVERHEAD COST F.xi'!E27+'PHC OVERHEAD COST F.xi'!E27+'WATSAN OVERHEAD COST F.xi'!E27+'TRADITIONAL OVERHEAD COST F.xi'!E27 -> 0
A46: 22020306 | B46: PRINTING OF SECURITY DOCUMENTS | C46: ='CHAIR OVERHEAD COST F.xi'!C28+'SLT OVERHEAD COST F.xi'!C28+'COUNCIL OVERHEAD COST F.xi'!C28+'PMD OVERHEAD COST F.xi'!C28+'AGRIC OVERHEAD COST F.xi'!C28+'FINANCE OVERHEAD COST F.xi'!C28+'WORKS OVERHEAD COST F.xi'!C28+'ESD OVERHEAD COST F.xi'!C28+'PHC OVERHEAD COST F.xi'!C28+'WATSAN OVERHEAD COST F.xi'!C28+'TRADITIONAL OVERHEAD COST F.xi'!C28 -> 0 | D46: ='CHAIR OVERHEAD COST F.xi'!D28+'SLT OVERHEAD COST F.xi'!D28+'COUNCIL OVERHEAD COST F.xi'!D28+'PMD OVERHEAD COST F.xi'!D28+'AGRIC OVERHEAD COST F.xi'!D28+'FINANCE OVERHEAD COST F.xi'!D28+'WORKS OVERHEAD COST F.xi'!D28+'ESD OVERHEAD COST F.xi'!D28+'PHC OVERHEAD COST F.xi'!D28+'WATSAN OVERHEAD COST F.xi'!D28+'TRADITIONAL OVERHEAD COST F.xi'!D28 -> 0 | E46: ='CHAIR OVERHEAD COST F.xi'!E28+'SLT OVERHEAD COST F.xi'!E28+'COUNCIL OVERHEAD COST F.xi'!E28+'PMD OVERHEAD COST F.xi'!E28+'AGRIC OVERHEAD COST F.xi'!E28+'FINANCE OVERHEAD COST F.xi'!E28+'WORKS OVERHEAD COST F.xi'!E28+'ESD OVERHEAD COST F.xi'!E28+'PHC OVERHEAD COST F.xi'!E28+'WATSAN OVERHEAD COST F.xi'!E28+'TRADITIONAL OVERHEAD COST F.xi'!E28 -> 0
A47: 22020307 | B47: DRUGS/LABORATORY/MEDICAL SUPPLIES | C47: ='CHAIR OVERHEAD COST F.xi'!C29+'SLT OVERHEAD COST F.xi'!C29+'COUNCIL OVERHEAD COST F.xi'!C29+'PMD OVERHEAD COST F.xi'!C29+'AGRIC OVERHEAD COST F.xi'!C37+'FINANCE OVERHEAD COST F.xi'!C29+'WORKS OVERHEAD COST F.xi'!C29+'ESD OVERHEAD COST F.xi'!C29+'PHC OVERHEAD COST F.xi'!C29+'WATSAN OVERHEAD COST F.xi'!C29+'TRADITIONAL OVERHEAD COST F.xi'!C29 -> 35000000 | D47: ='CHAIR OVERHEAD COST F.xi'!D29+'SLT OVERHEAD COST F.xi'!D29+'COUNCIL OVERHEAD COST F.xi'!D29+'PMD OVERHEAD COST F.xi'!D29+'AGRIC OVERHEAD COST F.xi'!D37+'FINANCE OVERHEAD COST F.xi'!D29+'WORKS OVERHEAD COST F.xi'!D29+'ESD OVERHEAD COST F.xi'!D29+'PHC OVERHEAD COST F.xi'!D29+'WATSAN OVERHEAD COST F.xi'!D29+'TRADITIONAL OVERHEAD COST F.xi'!D29 -> 11770791 | E47: ='CHAIR OVERHEAD COST F.xi'!E29+'SLT OVERHEAD COST F.xi'!E29+'COUNCIL OVERHEAD COST F.xi'!E29+'PMD OVERHEAD COST F.xi'!E29+'AGRIC OVERHEAD COST F.xi'!E37+'FINANCE OVERHEAD COST F.xi'!E29+'WORKS OVERHEAD COST F.xi'!E29+'ESD OVERHEAD COST F.xi'!E29+'PHC OVERHEAD COST F.xi'!E29+'WATSAN OVERHEAD COST F.xi'!E29+'TRADITIONAL OVERHEAD COST F.xi'!E29 -> 18000000
A48: 22020308 | B48: FIELD & CAMPING MATERIALS SUPPLIES | C48: ='CHAIR OVERHEAD COST F.xi'!C30+'SLT OVERHEAD COST F.xi'!C30+'COUNCIL OVERHEAD COST F.xi'!C30+'PMD OVERHEAD COST F.xi'!C30+'AGRIC OVERHEAD COST F.xi'!C38+'FINANCE OVERHEAD COST F.xi'!C30+'WORKS OVERHEAD COST F.xi'!C30+'ESD OVERHEAD COST F.xi'!C30+'PHC OVERHEAD COST F.xi'!C30+'WATSAN OVERHEAD COST F.xi'!C30+'TRADITIONAL OVERHEAD COST F.xi'!C30 -> 0 | D48: ='CHAIR OVERHEAD COST F.xi'!D30+'SLT OVERHEAD COST F.xi'!D30+'COUNCIL OVERHEAD COST F.xi'!D30+'PMD OVERHEAD COST F.xi'!D30+'AGRIC OVERHEAD COST F.xi'!D38+'FINANCE OVERHEAD COST F.xi'!D30+'WORKS OVERHEAD COST F.xi'!D30+'ESD OVERHEAD COST F.xi'!D30+'PHC OVERHEAD COST F.xi'!D30+'WATSAN OVERHEAD COST F.xi'!D30+'TRADITIONAL OVERHEAD COST F.xi'!D30 -> 0 | E48: ='CHAIR OVERHEAD COST F.xi'!E30+'SLT OVERHEAD COST F.xi'!E30+'COUNCIL OVERHEAD COST F.xi'!E30+'PMD OVERHEAD COST F.xi'!E30+'AGRIC OVERHEAD COST F.xi'!E38+'FINANCE OVERHEAD COST F.xi'!E30+'WORKS OVERHEAD COST F.xi'!E30+'ESD OVERHEAD COST F.xi'!E30+'PHC OVERHEAD COST F.xi'!E30+'WATSAN OVERHEAD COST F.xi'!E30+'TRADITIONAL OVERHEAD COST F.xi'!E30 -> 0
A49: 22020309 | B49: UNIFORMS/ROBES & OTHER CLOTHING | C49: ='CHAIR OVERHEAD COST F.xi'!C31+'SLT OVERHEAD COST F.xi'!C31+'COUNCIL OVERHEAD COST F.xi'!C31+'PMD OVERHEAD COST F.xi'!C31+'AGRIC OVERHEAD COST F.xi'!C39+'FINANCE OVERHEAD COST F.xi'!C31+'WORKS OVERHEAD COST F.xi'!C31+'ESD OVERHEAD COST F.xi'!C31+'PHC OVERHEAD COST F.xi'!C31+'WATSAN OVERHEAD COST F.xi'!C31+'TRADITIONAL OVERHEAD COST F.xi'!C31 -> 0 | D49: ='CHAIR OVERHEAD COST F.xi'!D31+'SLT OVERHEAD COST F.xi'!D31+'COUNCIL OVERHEAD COST F.xi'!D31+'PMD OVERHEAD COST F.xi'!D31+'AGRIC OVERHEAD COST F.xi'!D39+'FINANCE OVERHEAD COST F.xi'!D31+'WORKS OVERHEAD COST F.xi'!D31+'ESD OVERHEAD COST F.xi'!D31+'PHC OVERHEAD COST F.xi'!D31+'WATSAN OVERHEAD COST F.xi'!D31+'TRADITIONAL OVERHEAD COST F.xi'!D31 -> 0 | E49: ='CHAIR OVERHEAD COST F.xi'!E31+'SLT OVERHEAD COST F.xi'!E31+'COUNCIL OVERHEAD COST F.xi'!E31+'PMD OVERHEAD COST F.xi'!E31+'AGRIC OVERHEAD COST F.xi'!E39+'FINANCE OVERHEAD COST F.xi'!E31+'WORKS OVERHEAD COST F.xi'!E31+'ESD OVERHEAD COST F.xi'!E31+'PHC OVERHEAD COST F.xi'!E31+'WATSAN OVERHEAD COST F.xi'!E31+'TRADITIONAL OVERHEAD COST F.xi'!E31 -> 0
A50: 22020310 | B50: TEACHING AIDS / INSTRUCTION MATERIALS | C50: ='CHAIR OVERHEAD COST F.xi'!C32+'SLT OVERHEAD COST F.xi'!C32+'COUNCIL OVERHEAD COST F.xi'!C32+'PMD OVERHEAD COST F.xi'!C32+'AGRIC OVERHEAD COST F.xi'!C40+'FINANCE OVERHEAD COST F.xi'!C32+'WORKS OVERHEAD COST F.xi'!C32+'ESD OVERHEAD COST F.xi'!C32+'PHC OVERHEAD COST F.xi'!C32+'WATSAN OVERHEAD COST F.xi'!C32+'TRADITIONAL OVERHEAD COST F.xi'!C32 -> 0 | D50: ='CHAIR OVERHEAD COST F.xi'!D32+'SLT OVERHEAD COST F.xi'!D32+'COUNCIL OVERHEAD COST F.xi'!D32+'PMD OVERHEAD COST F.xi'!D32+'AGRIC OVERHEAD COST F.xi'!D40+'FINANCE OVERHEAD COST F.xi'!D32+'WORKS OVERHEAD COST F.xi'!D32+'ESD OVERHEAD COST F.xi'!D32+'PHC OVERHEAD COST F.xi'!D32+'WATSAN OVERHEAD COST F.xi'!D32+'TRADITIONAL OVERHEAD COST F.xi'!D32 -> 0 | E50: ='CHAIR OVERHEAD COST F.xi'!E32+'SLT OVERHEAD COST F.xi'!E32+'COUNCIL OVERHEAD COST F.xi'!E32+'PMD OVERHEAD COST F.xi'!E32+'AGRIC OVERHEAD COST F.xi'!E40+'FINANCE OVERHEAD COST F.xi'!E32+'WORKS OVERHEAD COST F.xi'!E32+'ESD OVERHEAD COST F.xi'!E32+'PHC OVERHEAD COST F.xi'!E32+'WATSAN OVERHEAD COST F.xi'!E32+'TRADITIONAL OVERHEAD COST F.xi'!E32 -> 0
A51: 22020311 | B51: FOOD STUFF / CATERING MATERIALS SUPPLIES | C51: ='CHAIR OVERHEAD COST F.xi'!C33+'SLT OVERHEAD COST F.xi'!C33+'COUNCIL OVERHEAD COST F.xi'!C33+'PMD OVERHEAD COST F.xi'!C33+'AGRIC OVERHEAD COST F.xi'!C41+'FINANCE OVERHEAD COST F.xi'!C33+'WORKS OVERHEAD COST F.xi'!C33+'ESD OVERHEAD COST F.xi'!C33+'PHC OVERHEAD COST F.xi'!C33+'WATSAN OVERHEAD COST F.xi'!C33+'TRADITIONAL OVERHEAD COST F.xi'!C33 -> 0 | D51: ='CHAIR OVERHEAD COST F.xi'!D33+'SLT OVERHEAD COST F.xi'!D33+'COUNCIL OVERHEAD COST F.xi'!D33+'PMD OVERHEAD COST F.xi'!D33+'AGRIC OVERHEAD COST F.xi'!D41+'FINANCE OVERHEAD COST F.xi'!D33+'WORKS OVERHEAD COST F.xi'!D33+'ESD OVERHEAD COST F.xi'!D33+'PHC OVERHEAD COST F.xi'!D33+'WATSAN OVERHEAD COST F.xi'!D33+'TRADITIONAL OVERHEAD COST F.xi'!D33 -> 0 | E51: ='CHAIR OVERHEAD COST F.xi'!E33+'SLT OVERHEAD COST F.xi'!E33+'COUNCIL OVERHEAD COST F.xi'!E33+'PMD OVERHEAD COST F.xi'!E33+'AGRIC OVERHEAD COST F.xi'!E41+'FINANCE OVERHEAD COST F.xi'!E33+'WORKS OVERHEAD COST F.xi'!E33+'ESD OVERHEAD COST F.xi'!E33+'PHC OVERHEAD COST F.xi'!E33+'WATSAN OVERHEAD COST F.xi'!E33+'TRADITIONAL OVERHEAD COST F.xi'!E33 -> 0
A52: 22020312 | B52: PRODUCTION OF FINANCIAL STATEMENTS | C52: ='CHAIR OVERHEAD COST F.xi'!C34+'SLT OVERHEAD COST F.xi'!C34+'COUNCIL OVERHEAD COST F.xi'!C34+'PMD OVERHEAD COST F.xi'!C34+'AGRIC OVERHEAD COST F.xi'!C42+'FINANCE OVERHEAD COST F.xi'!C34+'WORKS OVERHEAD COST F.xi'!C34+'ESD OVERHEAD COST F.xi'!C34+'PHC OVERHEAD COST F.xi'!C34+'WATSAN OVERHEAD COST F.xi'!C34+'TRADITIONAL OVERHEAD COST F.xi'!C34 -> 0 | D52: ='CHAIR OVERHEAD COST F.xi'!D34+'SLT OVERHEAD COST F.xi'!D34+'COUNCIL OVERHEAD COST F.xi'!D34+'PMD OVERHEAD COST F.xi'!D34+'AGRIC OVERHEAD COST F.xi'!D42+'FINANCE OVERHEAD COST F.xi'!D34+'WORKS OVERHEAD COST F.xi'!D34+'ESD OVERHEAD COST F.xi'!D34+'PHC OVERHEAD COST F.xi'!D34+'WATSAN OVERHEAD COST F.xi'!D34+'TRADITIONAL OVERHEAD COST F.xi'!D34 -> 0 | E52: ='CHAIR OVERHEAD COST F.xi'!E34+'SLT OVERHEAD COST F.xi'!E34+'COUNCIL OVERHEAD COST F.xi'!E34+'PMD OVERHEAD COST F.xi'!E34+'AGRIC OVERHEAD COST F.xi'!E42+'FINANCE OVERHEAD COST F.xi'!E34+'WORKS OVERHEAD COST F.xi'!E34+'ESD OVERHEAD COST F.xi'!E34+'PHC OVERHEAD COST F.xi'!E34+'WATSAN OVERHEAD COST F.xi'!E34+'TRADITIONAL OVERHEAD COST F.xi'!E34 -> 0
A53: 22020313 | B53: PRODUCTION OF REPORTS TO PUBLIC | C53: ='CHAIR OVERHEAD COST F.xi'!C35+'SLT OVERHEAD COST F.xi'!C35+'COUNCIL OVERHEAD COST F.xi'!C35+'PMD OVERHEAD COST F.xi'!C35+'AGRIC OVERHEAD COST F.xi'!C43+'FINANCE OVERHEAD COST F.xi'!C35+'WORKS OVERHEAD COST F.xi'!C35+'ESD OVERHEAD COST F.xi'!C35+'PHC OVERHEAD COST F.xi'!C35+'WATSAN OVERHEAD COST F.xi'!C35+'TRADITIONAL OVERHEAD COST F.xi'!C35 -> 0 | D53: ='CHAIR OVERHEAD COST F.xi'!D35+'SLT OVERHEAD COST F.xi'!D35+'COUNCIL OVERHEAD COST F.xi'!D35+'PMD OVERHEAD COST F.xi'!D35+'AGRIC OVERHEAD COST F.xi'!D43+'FINANCE OVERHEAD COST F.xi'!D35+'WORKS OVERHEAD COST F.xi'!D35+'ESD OVERHEAD COST F.xi'!D35+'PHC OVERHEAD COST F.xi'!D35+'WATSAN OVERHEAD COST F.xi'!D35+'TRADITIONAL OVERHEAD COST F.xi'!D35 -> 0 | E53: ='CHAIR OVERHEAD COST F.xi'!E35+'SLT OVERHEAD COST F.xi'!E35+'COUNCIL OVERHEAD COST F.xi'!E35+'PMD OVERHEAD COST F.xi'!E35+'AGRIC OVERHEAD COST F.xi'!E43+'FINANCE OVERHEAD COST F.xi'!E35+'WORKS OVERHEAD COST F.xi'!E35+'ESD OVERHEAD COST F.xi'!E35+'PHC OVERHEAD COST F.xi'!E35+'WATSAN OVERHEAD COST F.xi'!E35+'TRADITIONAL OVERHEAD COST F.xi'!E35 -> 0
A54: 220204 | B54: MAINTENANCE SERVICES – GENERAL | C54: =SUM(C55:C62) -> 84000000 | D54: =SUM(D55:D62) -> 45712500 | E54: =SUM(E55:E62) -> 105200000
A55: 22020401 | B55: MAINTENANCE OF MOTOR VEHICLE | C55: ='CHAIR OVERHEAD COST F.xi'!C37+'SLT OVERHEAD COST F.xi'!C37+'COUNCIL OVERHEAD COST F.xi'!C37+'PMD OVERHEAD COST F.xi'!C37+'AGRIC OVERHEAD COST F.xi'!C45+'FINANCE OVERHEAD COST F.xi'!C37+'WORKS OVERHEAD COST F.xi'!C37+'ESD OVERHEAD COST F.xi'!C37+'PHC OVERHEAD COST F.xi'!C37+'WATSAN OVERHEAD COST F.xi'!C37+'TRADITIONAL OVERHEAD COST F.xi'!C37 -> 54000000 | D55: ='CHAIR OVERHEAD COST F.xi'!D37+'SLT OVERHEAD COST F.xi'!D37+'COUNCIL OVERHEAD COST F.xi'!D37+'PMD OVERHEAD COST F.xi'!D37+'AGRIC OVERHEAD COST F.xi'!D45+'FINANCE OVERHEAD COST F.xi'!D37+'WORKS OVERHEAD COST F.xi'!D37+'ESD OVERHEAD COST F.xi'!D37+'PHC OVERHEAD COST F.xi'!D37+'WATSAN OVERHEAD COST F.xi'!D37+'TRADITIONAL OVERHEAD COST F.xi'!D37 -> 32412500 | E55: ='CHAIR OVERHEAD COST F.xi'!E37+'SLT OVERHEAD COST F.xi'!E37+'COUNCIL OVERHEAD COST F.xi'!E37+'PMD OVERHEAD COST F.xi'!E37+'AGRIC OVERHEAD COST F.xi'!E45+'FINANCE OVERHEAD COST F.xi'!E37+'WORKS OVERHEAD COST F.xi'!E37+'ESD OVERHEAD COST F.xi'!E37+'PHC OVERHEAD COST F.xi'!E37+'WATSAN OVERHEAD COST F.xi'!E37+'TRADITIONAL OVERHEAD COST F.xi'!E37 -> 43200000
A56: 22020402 | B56: MAINTENANCE OF OFFICE FURNITURE | C56: ='CHAIR OVERHEAD COST F.xi'!C38+'SLT OVERHEAD COST F.xi'!C38+'COUNCIL OVERHEAD COST F.xi'!C38+'PMD OVERHEAD COST F.xi'!C38+'AGRIC OVERHEAD COST F.xi'!C46+'FINANCE OVERHEAD COST F.xi'!C38+'WORKS OVERHEAD COST F.xi'!C38+'ESD OVERHEAD COST F.xi'!C38+'PHC OVERHEAD COST F.xi'!C38+'WATSAN OVERHEAD COST F.xi'!C38+'TRADITIONAL OVERHEAD COST F.xi'!C38 -> 10000000 | D56: ='CHAIR OVERHEAD COST F.xi'!D38+'SLT OVERHEAD COST F.xi'!D38+'COUNCIL OVERHEAD COST F.xi'!D38+'PMD OVERHEAD COST F.xi'!D38+'AGRIC OVERHEAD COST F.xi'!D46+'FINANCE OVERHEAD COST F.xi'!D38+'WORKS OVERHEAD COST F.xi'!D38+'ESD OVERHEAD COST F.xi'!D38+'PHC OVERHEAD COST F.xi'!D38+'WATSAN OVERHEAD COST F.xi'!D38+'TRADITIONAL OVERHEAD COST F.xi'!D38 -> 1800000 | E56: ='CHAIR OVERHEAD COST F.xi'!E38+'SLT OVERHEAD COST F.xi'!E38+'COUNCIL OVERHEAD COST F.xi'!E38+'PMD OVERHEAD COST F.xi'!E38+'AGRIC OVERHEAD COST F.xi'!E46+'FINANCE OVERHEAD COST F.xi'!E38+'WORKS OVERHEAD COST F.xi'!E38+'ESD OVERHEAD COST F.xi'!E38+'PHC OVERHEAD COST F.xi'!E38+'WATSAN OVERHEAD COST F.xi'!E38+'TRADITIONAL OVERHEAD COST F.xi'!E38 -> 5000000
A57: 22020403 | B57: MAINTENANCE OF OFFICE BUILDING / RESIDENTIAL QTRS | C57: ='CHAIR OVERHEAD COST F.xi'!C39+'SLT OVERHEAD COST F.xi'!C39+'COUNCIL OVERHEAD COST F.xi'!C39+'PMD OVERHEAD COST F.xi'!C39+'AGRIC OVERHEAD COST F.xi'!C47+'FINANCE OVERHEAD COST F.xi'!C39+'WORKS OVERHEAD COST F.xi'!C39+'ESD OVERHEAD COST F.xi'!C39+'PHC OVERHEAD COST F.xi'!C39+'WATSAN OVERHEAD COST F.xi'!C39+'TRADITIONAL OVERHEAD COST F.xi'!C39 -> 0 | D57: ='CHAIR OVERHEAD COST F.xi'!D39+'SLT OVERHEAD COST F.xi'!D39+'COUNCIL OVERHEAD COST F.xi'!D39+'PMD OVERHEAD COST F.xi'!D39+'AGRIC OVERHEAD COST F.xi'!D47+'FINANCE OVERHEAD COST F.xi'!D39+'WORKS OVERHEAD COST F.xi'!D39+'ESD OVERHEAD COST F.xi'!D39+'PHC OVERHEAD COST F.xi'!D39+'WATSAN OVERHEAD COST F.xi'!D39+'TRADITIONAL OVERHEAD COST F.xi'!D39 -> 0 | E57: ='CHAIR OVERHEAD COST F.xi'!E39+'SLT OVERHEAD COST F.xi'!E39+'COUNCIL OVERHEAD COST F.xi'!E39+'PMD OVERHEAD COST F.xi'!E39+'AGRIC OVERHEAD COST F.xi'!E47+'FINANCE OVERHEAD COST F.xi'!E39+'WORKS OVERHEAD COST F.xi'!E39+'ESD OVERHEAD COST F.xi'!E39+'PHC OVERHEAD COST F.xi'!E39+'WATSAN OVERHEAD COST F.xi'!E39+'TRADITIONAL OVERHEAD COST F.xi'!E39 -> 0
A58: 22020404 | B58: MAINTENANCE OF OFFICE / IT EQUIPMENTS | C58: ='CHAIR OVERHEAD COST F.xi'!C40+'SLT OVERHEAD COST F.xi'!C40+'COUNCIL OVERHEAD COST F.xi'!C40+'PMD OVERHEAD COST F.xi'!C40+'AGRIC OVERHEAD COST F.xi'!C48+'FINANCE OVERHEAD COST F.xi'!C40+'WORKS OVERHEAD COST F.xi'!C40+'ESD OVERHEAD COST F.xi'!C40+'PHC OVERHEAD COST F.xi'!C40+'WATSAN OVERHEAD COST F.xi'!C40+'TRADITIONAL OVERHEAD COST F.xi'!C40 -> 0 | D58: ='CHAIR OVERHEAD COST F.xi'!D40+'SLT OVERHEAD COST F.xi'!D40+'COUNCIL OVERHEAD COST F.xi'!D40+'PMD OVERHEAD COST F.xi'!D40+'AGRIC OVERHEAD COST F.xi'!D48+'FINANCE OVERHEAD COST F.xi'!D40+'WORKS OVERHEAD COST F.xi'!D40+'ESD OVERHEAD COST F.xi'!D40+'PHC OVERHEAD COST F.xi'!D40+'WATSAN OVERHEAD COST F.xi'!D40+'TRADITIONAL OVERHEAD COST F.xi'!D40 -> 0 | E58: ='CHAIR OVERHEAD COST F.xi'!E40+'SLT OVERHEAD COST F.xi'!E40+'COUNCIL OVERHEAD COST F.xi'!E40+'PMD OVERHEAD COST F.xi'!E40+'AGRIC OVERHEAD COST F.xi'!E48+'FINANCE OVERHEAD COST F.xi'!E40+'WORKS OVERHEAD COST F.xi'!E40+'ESD OVERHEAD COST F.xi'!E40+'PHC OVERHEAD COST F.xi'!E40+'WATSAN OVERHEAD COST F.xi'!E40+'TRADITIONAL OVERHEAD COST F.xi'!E40 -> 0
A59: 22020405 | B59: MAINTENANCE OF PLANTS/GENERATORS | C59: ='CHAIR OVERHEAD COST F.xi'!C41+'SLT OVERHEAD COST F.xi'!C41+'COUNCIL OVERHEAD COST F.xi'!C41+'PMD OVERHEAD COST F.xi'!C41+'AGRIC OVERHEAD COST F.xi'!C49+'FINANCE OVERHEAD COST F.xi'!C41+'WORKS OVERHEAD COST F.xi'!C41+'ESD OVERHEAD COST F.xi'!C41+'PHC OVERHEAD COST F.xi'!C41+'WATSAN OVERHEAD COST F.xi'!C41+'TRADITIONAL OVERHEAD COST F.xi'!C41 -> 20000000 | D59: ='CHAIR OVERHEAD COST F.xi'!D41+'SLT OVERHEAD COST F.xi'!D41+'COUNCIL OVERHEAD COST F.xi'!D41+'PMD OVERHEAD COST F.xi'!D41+'AGRIC OVERHEAD COST F.xi'!D49+'FINANCE OVERHEAD COST F.xi'!D41+'WORKS OVERHEAD COST F.xi'!D41+'ESD OVERHEAD COST F.xi'!D41+'PHC OVERHEAD COST F.xi'!D41+'WATSAN OVERHEAD COST F.xi'!D41+'TRADITIONAL OVERHEAD COST F.xi'!D41 -> 11500000 | E59: ='CHAIR OVERHEAD COST F.xi'!E41+'SLT OVERHEAD COST F.xi'!E41+'COUNCIL OVERHEAD COST F.xi'!E41+'PMD OVERHEAD COST F.xi'!E41+'AGRIC OVERHEAD COST F.xi'!E49+'FINANCE OVERHEAD COST F.xi'!E41+'WORKS OVERHEAD COST F.xi'!E41+'ESD OVERHEAD COST F.xi'!E41+'PHC OVERHEAD COST F.xi'!E41+'WATSAN OVERHEAD COST F.xi'!E41+'TRADITIONAL OVERHEAD COST F.xi'!E41 -> 32000000
A60: 22020406 | B60: OTHER MAINTENANCE SERVICES | C60: ='CHAIR OVERHEAD COST F.xi'!C42+'SLT OVERHEAD COST F.xi'!C42+'COUNCIL OVERHEAD COST F.xi'!C42+'PMD OVERHEAD COST F.xi'!C42+'AGRIC OVERHEAD COST F.xi'!C50+'FINANCE OVERHEAD COST F.xi'!C42+'WORKS OVERHEAD COST F.xi'!C42+'ESD OVERHEAD COST F.xi'!C42+'PHC OVERHEAD COST F.xi'!C42+'WATSAN OVERHEAD COST F.xi'!C42+'TRADITIONAL OVERHEAD COST F.xi'!C42 -> 0 | D60: ='CHAIR OVERHEAD COST F.xi'!D42+'SLT OVERHEAD COST F.xi'!D42+'COUNCIL OVERHEAD COST F.xi'!D42+'PMD OVERHEAD COST F.xi'!D42+'AGRIC OVERHEAD COST F.xi'!D50+'FINANCE OVERHEAD COST F.xi'!D42+'WORKS OVERHEAD COST F.xi'!D42+'ESD OVERHEAD COST F.xi'!D42+'PHC OVERHEAD COST F.xi'!D42+'WATSAN OVERHEAD COST F.xi'!D42+'TRADITIONAL OVERHEAD COST F.xi'!D42 -> 0 | E60: ='CHAIR OVERHEAD COST F.xi'!E42+'SLT OVERHEAD COST F.xi'!E42+'COUNCIL OVERHEAD COST F.xi'!E42+'PMD OVERHEAD COST F.xi'!E42+'AGRIC OVERHEAD COST F.xi'!E50+'FINANCE OVERHEAD COST F.xi'!E42+'WORKS OVERHEAD COST F.xi'!E42+'ESD OVERHEAD COST F.xi'!E42+'PHC OVERHEAD COST F.xi'!E42+'WATSAN OVERHEAD COST F.xi'!E42+'TRADITIONAL OVERHEAD COST F.xi'!E42 -> 0
A61: 22020410 | B61: MAINTENANCE OF STREET LIGHTINGS | C61: ='CHAIR OVERHEAD COST F.xi'!C43+'SLT OVERHEAD COST F.xi'!C43+'COUNCIL OVERHEAD COST F.xi'!C43+'PMD OVERHEAD COST F.xi'!C43+'AGRIC OVERHEAD COST F.xi'!C51+'FINANCE OVERHEAD COST F.xi'!C43+'WORKS OVERHEAD COST F.xi'!C43+'ESD OVERHEAD COST F.xi'!C43+'PHC OVERHEAD COST F.xi'!C43+'WATSAN OVERHEAD COST F.xi'!C43+'TRADITIONAL OVERHEAD COST F.xi'!C43 -> 0 | D61: ='CHAIR OVERHEAD COST F.xi'!D43+'SLT OVERHEAD COST F.xi'!D43+'COUNCIL OVERHEAD COST F.xi'!D43+'PMD OVERHEAD COST F.xi'!D43+'AGRIC OVERHEAD COST F.xi'!D51+'FINANCE OVERHEAD COST F.xi'!D43+'WORKS OVERHEAD COST F.xi'!D43+'ESD OVERHEAD COST F.xi'!D43+'PHC OVERHEAD COST F.xi'!D43+'WATSAN OVERHEAD COST F.xi'!D43+'TRADITIONAL OVERHEAD COST F.xi'!D43 -> 0 | E61: ='CHAIR OVERHEAD COST F.xi'!E43+'SLT OVERHEAD COST F.xi'!E43+'COUNCIL OVERHEAD COST F.xi'!E43+'PMD OVERHEAD COST F.xi'!E43+'AGRIC OVERHEAD COST F.xi'!E51+'FINANCE OVERHEAD COST F.xi'!E43+'WORKS OVERHEAD COST F.xi'!E43+'ESD OVERHEAD COST F.xi'!E43+'PHC OVERHEAD COST F.xi'!E43+'WATSAN OVERHEAD COST F.xi'!E43+'TRADITIONAL OVERHEAD COST F.xi'!E43 -> 25000000
A62: 22020411 | B62: MAINTENANCE OF COMMUNICATION EQUIPMENT | C62: ='CHAIR OVERHEAD COST F.xi'!C44+'SLT OVERHEAD COST F.xi'!C44+'COUNCIL OVERHEAD COST F.xi'!C44+'PMD OVERHEAD COST F.xi'!C44+'AGRIC OVERHEAD COST F.xi'!C52+'FINANCE OVERHEAD COST F.xi'!C44+'WORKS OVERHEAD COST F.xi'!C44+'ESD OVERHEAD COST F.xi'!C44+'PHC OVERHEAD COST F.xi'!C44+'WATSAN OVERHEAD COST F.xi'!C44+'TRADITIONAL OVERHEAD COST F.xi'!C44 -> 0 | D62: ='CHAIR OVERHEAD COST F.xi'!D44+'SLT OVERHEAD COST F.xi'!D44+'COUNCIL OVERHEAD COST F.xi'!D44+'PMD OVERHEAD COST F.xi'!D44+'AGRIC OVERHEAD COST F.xi'!D52+'FINANCE OVERHEAD COST F.xi'!D44+'WORKS OVERHEAD COST F.xi'!D44+'ESD OVERHEAD COST F.xi'!D44+'PHC OVERHEAD COST F.xi'!D44+'WATSAN OVERHEAD COST F.xi'!D44+'TRADITIONAL OVERHEAD COST F.xi'!D44 -> 0 | E62: ='CHAIR OVERHEAD COST F.xi'!E44+'SLT OVERHEAD COST F.xi'!E44+'COUNCIL OVERHEAD COST F.xi'!E44+'PMD OVERHEAD COST F.xi'!E44+'AGRIC OVERHEAD COST F.xi'!E52+'FINANCE OVERHEAD COST F.xi'!E44+'WORKS OVERHEAD COST F.xi'!E44+'ESD OVERHEAD COST F.xi'!E44+'PHC OVERHEAD COST F.xi'!E44+'WATSAN OVERHEAD COST F.xi'!E44+'TRADITIONAL OVERHEAD COST F.xi'!E44 -> 0
A63: 220205 | B63: TRAINING – GENERAL | C63: =SUM(C64:C65) -> 15000000 | D63: =SUM(D64:D65) -> 12950000 | E63: =SUM(E64:E65) -> 59000000
A64: 22020501 | B64: LOCAL TRAINING | C64: ='CHAIR OVERHEAD COST F.xi'!C46+'SLT OVERHEAD COST F.xi'!C46+'COUNCIL OVERHEAD COST F.xi'!C46+'PMD OVERHEAD COST F.xi'!C46+'AGRIC OVERHEAD COST F.xi'!C54+'FINANCE OVERHEAD COST F.xi'!C46+'WORKS OVERHEAD COST F.xi'!C46+'ESD OVERHEAD COST F.xi'!C46+'PHC OVERHEAD COST F.xi'!C46+'WATSAN OVERHEAD COST F.xi'!C46+'TRADITIONAL OVERHEAD COST F.xi'!C46 -> 15000000 | D64: ='CHAIR OVERHEAD COST F.xi'!D46+'SLT OVERHEAD COST F.xi'!D46+'COUNCIL OVERHEAD COST F.xi'!D46+'PMD OVERHEAD COST F.xi'!D46+'AGRIC OVERHEAD COST F.xi'!D54+'FINANCE OVERHEAD COST F.xi'!D46+'WORKS OVERHEAD COST F.xi'!D46+'ESD OVERHEAD COST F.xi'!D46+'PHC OVERHEAD COST F.xi'!D46+'WATSAN OVERHEAD COST F.xi'!D46+'TRADITIONAL OVERHEAD COST F.xi'!D46 -> 12950000 | E64: ='CHAIR OVERHEAD COST F.xi'!E46+'SLT OVERHEAD COST F.xi'!E46+'COUNCIL OVERHEAD COST F.xi'!E46+'PMD OVERHEAD COST F.xi'!E46+'AGRIC OVERHEAD COST F.xi'!E54+'FINANCE OVERHEAD COST F.xi'!E46+'WORKS OVERHEAD COST F.xi'!E46+'ESD OVERHEAD COST F.xi'!E46+'PHC OVERHEAD COST F.xi'!E46+'WATSAN OVERHEAD COST F.xi'!E46+'TRADITIONAL OVERHEAD COST F.xi'!E46 -> 39000000
A65: 22020502 | B65: INTERNATIONAL TRAINING | C65: ='CHAIR OVERHEAD COST F.xi'!C47+'SLT OVERHEAD COST F.xi'!C47+'COUNCIL OVERHEAD COST F.xi'!C47+'PMD OVERHEAD COST F.xi'!C47+'AGRIC OVERHEAD COST F.xi'!C55+'FINANCE OVERHEAD COST F.xi'!C47+'WORKS OVERHEAD COST F.xi'!C47+'ESD OVERHEAD COST F.xi'!C47+'PHC OVERHEAD COST F.xi'!C47+'WATSAN OVERHEAD COST F.xi'!C47+'TRADITIONAL OVERHEAD COST F.xi'!C47 -> 0 | D65: ='CHAIR OVERHEAD COST F.xi'!D47+'SLT OVERHEAD COST F.xi'!D47+'COUNCIL OVERHEAD COST F.xi'!D47+'PMD OVERHEAD COST F.xi'!D47+'AGRIC OVERHEAD COST F.xi'!D55+'FINANCE OVERHEAD COST F.xi'!D47+'WORKS OVERHEAD COST F.xi'!D47+'ESD OVERHEAD COST F.xi'!D47+'PHC OVERHEAD COST F.xi'!D47+'WATSAN OVERHEAD COST F.xi'!D47+'TRADITIONAL OVERHEAD COST F.xi'!D47 -> 0 | E65: ='CHAIR OVERHEAD COST F.xi'!E47+'SLT OVERHEAD COST F.xi'!E47+'COUNCIL OVERHEAD COST F.xi'!E47+'PMD OVERHEAD COST F.xi'!E47+'AGRIC OVERHEAD COST F.xi'!E55+'FINANCE OVERHEAD COST F.xi'!E47+'WORKS OVERHEAD COST F.xi'!E47+'ESD OVERHEAD COST F.xi'!E47+'PHC OVERHEAD COST F.xi'!E47+'WATSAN OVERHEAD COST F.xi'!E47+'TRADITIONAL OVERHEAD COST F.xi'!E47 -> 20000000
A66: 220206 | B66: OTHER SERVICES – GENERAL | C66: =SUM(C67:C71) -> 395329737 | D66: =SUM(D67:D71) -> 372755000 | E66: =SUM(E67:E71) -> 17500000
A67: 22020601 | B67: SECURITY SERVICES | C67: ='CHAIR OVERHEAD COST F.xi'!C49+'SLT OVERHEAD COST F.xi'!C49+'COUNCIL OVERHEAD COST F.xi'!C49+'PMD OVERHEAD COST F.xi'!C49+'AGRIC OVERHEAD COST F.xi'!C57+'FINANCE OVERHEAD COST F.xi'!C49+'WORKS OVERHEAD COST F.xi'!C49+'ESD OVERHEAD COST F.xi'!C49+'PHC OVERHEAD COST F.xi'!C49+'WATSAN OVERHEAD COST F.xi'!C49+'TRADITIONAL OVERHEAD COST F.xi'!C49 -> 347129737 | D67: ='CHAIR OVERHEAD COST F.xi'!D49+'SLT OVERHEAD COST F.xi'!D49+'COUNCIL OVERHEAD COST F.xi'!D49+'PMD OVERHEAD COST F.xi'!D49+'AGRIC OVERHEAD COST F.xi'!D57+'FINANCE OVERHEAD COST F.xi'!D49+'WORKS OVERHEAD COST F.xi'!D49+'ESD OVERHEAD COST F.xi'!D49+'PHC OVERHEAD COST F.xi'!D49+'WATSAN OVERHEAD COST F.xi'!D49+'TRADITIONAL OVERHEAD COST F.xi'!D49 -> 327755000 | E67: ='CHAIR OVERHEAD COST F.xi'!E49+'SLT OVERHEAD COST F.xi'!E49+'COUNCIL OVERHEAD COST F.xi'!E49+'PMD OVERHEAD COST F.xi'!E49+'AGRIC OVERHEAD COST F.xi'!E57+'FINANCE OVERHEAD COST F.xi'!E49+'WORKS OVERHEAD COST F.xi'!E49+'ESD OVERHEAD COST F.xi'!E49+'PHC OVERHEAD COST F.xi'!E49+'WATSAN OVERHEAD COST F.xi'!E49+'TRADITIONAL OVERHEAD COST F.xi'!E49 -> 0
A68: 22020602 | B68: OFFICE RENT | C68: ='CHAIR OVERHEAD COST F.xi'!C50+'SLT OVERHEAD COST F.xi'!C50+'COUNCIL OVERHEAD COST F.xi'!C50+'PMD OVERHEAD COST F.xi'!C50+'AGRIC OVERHEAD COST F.xi'!C58+'FINANCE OVERHEAD COST F.xi'!C50+'WORKS OVERHEAD COST F.xi'!C50+'ESD OVERHEAD COST F.xi'!C50+'PHC OVERHEAD COST F.xi'!C50+'WATSAN OVERHEAD COST F.xi'!C50+'TRADITIONAL OVERHEAD COST F.xi'!C50 -> 5000000 | D68: ='CHAIR OVERHEAD COST F.xi'!D50+'SLT OVERHEAD COST F.xi'!D50+'COUNCIL OVERHEAD COST F.xi'!D50+'PMD OVERHEAD COST F.xi'!D50+'AGRIC OVERHEAD COST F.xi'!D58+'FINANCE OVERHEAD COST F.xi'!D50+'WORKS OVERHEAD COST F.xi'!D50+'ESD OVERHEAD COST F.xi'!D50+'PHC OVERHEAD COST F.xi'!D50+'WATSAN OVERHEAD COST F.xi'!D50+'TRADITIONAL OVERHEAD COST F.xi'!D50 -> 5000000 | E68: ='CHAIR OVERHEAD COST F.xi'!E50+'SLT OVERHEAD COST F.xi'!E50+'COUNCIL OVERHEAD COST F.xi'!E50+'PMD OVERHEAD COST F.xi'!E50+'AGRIC OVERHEAD COST F.xi'!E58+'FINANCE OVERHEAD COST F.xi'!E50+'WORKS OVERHEAD COST F.xi'!E50+'ESD OVERHEAD COST F.xi'!E50+'PHC OVERHEAD COST F.xi'!E50+'WATSAN OVERHEAD COST F.xi'!E50+'TRADITIONAL OVERHEAD COST F.xi'!E50 -> 0
A69: 22020603 | B69: RESIDENTIAL RENT | C69: ='CHAIR OVERHEAD COST F.xi'!C51+'SLT OVERHEAD COST F.xi'!C51+'COUNCIL OVERHEAD COST F.xi'!C51+'PMD OVERHEAD COST F.xi'!C51+'AGRIC OVERHEAD COST F.xi'!C59+'FINANCE OVERHEAD COST F.xi'!C51+'WORKS OVERHEAD COST F.xi'!C51+'ESD OVERHEAD COST F.xi'!C51+'PHC OVERHEAD COST F.xi'!C51+'WATSAN OVERHEAD COST F.xi'!C51+'TRADITIONAL OVERHEAD COST F.xi'!C51 -> 30000000 | D69: ='CHAIR OVERHEAD COST F.xi'!D51+'SLT OVERHEAD COST F.xi'!D51+'COUNCIL OVERHEAD COST F.xi'!D51+'PMD OVERHEAD COST F.xi'!D51+'AGRIC OVERHEAD COST F.xi'!D59+'FINANCE OVERHEAD COST F.xi'!D51+'WORKS OVERHEAD COST F.xi'!D51+'ESD OVERHEAD COST F.xi'!D51+'PHC OVERHEAD COST F.xi'!D51+'WATSAN OVERHEAD COST F.xi'!D51+'TRADITIONAL OVERHEAD COST F.xi'!D51 -> 30000000 | E69: ='CHAIR OVERHEAD COST F.xi'!E51+'SLT OVERHEAD COST F.xi'!E51+'COUNCIL OVERHEAD COST F.xi'!E51+'PMD OVERHEAD COST F.xi'!E51+'AGRIC OVERHEAD COST F.xi'!E59+'FINANCE OVERHEAD COST F.xi'!E51+'WORKS OVERHEAD COST F.xi'!E51+'ESD OVERHEAD COST F.xi'!E51+'PHC OVERHEAD COST F.xi'!E51+'WATSAN OVERHEAD COST F.xi'!E51+'TRADITIONAL OVERHEAD COST F.xi'!E51 -> 0
A70: 22020604 | B70: SECURITY VOTE (INCLUDING OPERATIONS) | C70: ='CHAIR OVERHEAD COST F.xi'!C52+'SLT OVERHEAD COST F.xi'!C52+'COUNCIL OVERHEAD COST F.xi'!C52+'PMD OVERHEAD COST F.xi'!C52+'AGRIC OVERHEAD COST F.xi'!C60+'FINANCE OVERHEAD COST F.xi'!C52+'WORKS OVERHEAD COST F.xi'!C52+'ESD OVERHEAD COST F.xi'!C52+'PHC OVERHEAD COST F.xi'!C52+'WATSAN OVERHEAD COST F.xi'!C52+'TRADITIONAL OVERHEAD COST F.xi'!C52 -> 7200000 | D70: ='CHAIR OVERHEAD COST F.xi'!D52+'SLT OVERHEAD COST F.xi'!D52+'COUNCIL OVERHEAD COST F.xi'!D52+'PMD OVERHEAD COST F.xi'!D52+'AGRIC OVERHEAD COST F.xi'!D60+'FINANCE OVERHEAD COST F.xi'!D52+'WORKS OVERHEAD COST F.xi'!D52+'ESD OVERHEAD COST F.xi'!D52+'PHC OVERHEAD COST F.xi'!D52+'WATSAN OVERHEAD COST F.xi'!D52+'TRADITIONAL OVERHEAD COST F.xi'!D52 -> 6500000 | E70: ='CHAIR OVERHEAD COST F.xi'!E52+'SLT OVERHEAD COST F.xi'!E52+'COUNCIL OVERHEAD COST F.xi'!E52+'PMD OVERHEAD COST F.xi'!E52+'AGRIC OVERHEAD COST F.xi'!E60+'FINANCE OVERHEAD COST F.xi'!E52+'WORKS OVERHEAD COST F.xi'!E52+'ESD OVERHEAD COST F.xi'!E52+'PHC OVERHEAD COST F.xi'!E52+'WATSAN OVERHEAD COST F.xi'!E52+'TRADITIONAL OVERHEAD COST F.xi'!E52 -> 12500000
A71: 22020605 | B71: CLEANING & FUMIGATION SERVICES | C71: ='CHAIR OVERHEAD COST F.xi'!C53+'SLT OVERHEAD COST F.xi'!C53+'COUNCIL OVERHEAD COST F.xi'!C53+'PMD OVERHEAD COST F.xi'!C53+'AGRIC OVERHEAD COST F.xi'!C61+'FINANCE OVERHEAD COST F.xi'!C53+'WORKS OVERHEAD COST F.xi'!C53+'ESD OVERHEAD COST F.xi'!C53+'PHC OVERHEAD COST F.xi'!C53+'WATSAN OVERHEAD COST F.xi'!C53+'TRADITIONAL OVERHEAD COST F.xi'!C53 -> 6000000 | D71: ='CHAIR OVERHEAD COST F.xi'!D53+'SLT OVERHEAD COST F.xi'!D53+'COUNCIL OVERHEAD COST F.xi'!D53+'PMD OVERHEAD COST F.xi'!D53+'AGRIC OVERHEAD COST F.xi'!D61+'FINANCE OVERHEAD COST F.xi'!D53+'WORKS OVERHEAD COST F.xi'!D53+'ESD OVERHEAD COST F.xi'!D53+'PHC OVERHEAD COST F.xi'!D53+'WATSAN OVERHEAD COST F.xi'!D53+'TRADITIONAL OVERHEAD COST F.xi'!D53 -> 3500000 | E71: ='CHAIR OVERHEAD COST F.xi'!E53+'SLT OVERHEAD COST F.xi'!E53+'COUNCIL OVERHEAD COST F.xi'!E53+'PMD OVERHEAD COST F.xi'!E53+'AGRIC OVERHEAD COST F.xi'!E61+'FINANCE OVERHEAD COST F.xi'!E53+'WORKS OVERHEAD COST F.xi'!E53+'ESD OVERHEAD COST F.xi'!E53+'PHC OVERHEAD COST F.xi'!E53+'WATSAN OVERHEAD COST F.xi'!E53+'TRADITIONAL OVERHEAD COST F.xi'!E53 -> 5000000
A72: 220207 | B72: CONSULTING & PROFESSIONAL SERVICES – GENERAL | C72: =SUM(C73:C80) -> 5900000 | D72: =SUM(D73:D80) -> 0 | E72: =SUM(E73:E80) -> 2500000
A73: 22020701 | B73: FINANCIAL CONSULTING | C73: ='CHAIR OVERHEAD COST F.xi'!C55+'SLT OVERHEAD COST F.xi'!C55+'COUNCIL OVERHEAD COST F.xi'!C55+'PMD OVERHEAD COST F.xi'!C55+'AGRIC OVERHEAD COST F.xi'!C63+'FINANCE OVERHEAD COST F.xi'!C55+'WORKS OVERHEAD COST F.xi'!C55+'ESD OVERHEAD COST F.xi'!C55+'PHC OVERHEAD COST F.xi'!C55+'WATSAN OVERHEAD COST F.xi'!C55+'TRADITIONAL OVERHEAD COST F.xi'!C55 -> 1000000 | D73: ='CHAIR OVERHEAD COST F.xi'!D55+'SLT OVERHEAD COST F.xi'!D55+'COUNCIL OVERHEAD COST F.xi'!D55+'PMD OVERHEAD COST F.xi'!D55+'AGRIC OVERHEAD COST F.xi'!D63+'FINANCE OVERHEAD COST F.xi'!D55+'WORKS OVERHEAD COST F.xi'!D55+'ESD OVERHEAD COST F.xi'!D55+'PHC OVERHEAD COST F.xi'!D55+'WATSAN OVERHEAD COST F.xi'!D55+'TRADITIONAL OVERHEAD COST F.xi'!D55 -> 0 | E73: ='CHAIR OVERHEAD COST F.xi'!E55+'SLT OVERHEAD COST F.xi'!E55+'COUNCIL OVERHEAD COST F.xi'!E55+'PMD OVERHEAD COST F.xi'!E55+'AGRIC OVERHEAD COST F.xi'!E63+'FINANCE OVERHEAD COST F.xi'!E55+'WORKS OVERHEAD COST F.xi'!E55+'ESD OVERHEAD COST F.xi'!E55+'PHC OVERHEAD COST F.xi'!E55+'WATSAN OVERHEAD COST F.xi'!E55+'TRADITIONAL OVERHEAD COST F.xi'!E55 -> 500000
A74: 22020702 | B74: INFORMATION TECHNOLOGY CONSULTING | C74: ='CHAIR OVERHEAD COST F.xi'!C56+'SLT OVERHEAD COST F.xi'!C56+'COUNCIL OVERHEAD COST F.xi'!C56+'PMD OVERHEAD COST F.xi'!C56+'AGRIC OVERHEAD COST F.xi'!C64+'FINANCE OVERHEAD COST F.xi'!C56+'WORKS OVERHEAD COST F.xi'!C56+'ESD OVERHEAD COST F.xi'!C56+'PHC OVERHEAD COST F.xi'!C56+'WATSAN OVERHEAD COST F.xi'!C56+'TRADITIONAL OVERHEAD COST F.xi'!C56 -> 0 | D74: ='CHAIR OVERHEAD COST F.xi'!D56+'SLT OVERHEAD COST F.xi'!D56+'COUNCIL OVERHEAD COST F.xi'!D56+'PMD OVERHEAD COST F.xi'!D56+'AGRIC OVERHEAD COST F.xi'!D64+'FINANCE OVERHEAD COST F.xi'!D56+'WORKS OVERHEAD COST F.xi'!D56+'ESD OVERHEAD COST F.xi'!D56+'PHC OVERHEAD COST F.xi'!D56+'WATSAN OVERHEAD COST F.xi'!D56+'TRADITIONAL OVERHEAD COST F.xi'!D56 -> 0 | E74: ='CHAIR OVERHEAD COST F.xi'!E56+'SLT OVERHEAD COST F.xi'!E56+'COUNCIL OVERHEAD COST F.xi'!E56+'PMD OVERHEAD COST F.xi'!E56+'AGRIC OVERHEAD COST F.xi'!E64+'FINANCE OVERHEAD COST F.xi'!E56+'WORKS OVERHEAD COST F.xi'!E56+'ESD OVERHEAD COST F.xi'!E56+'PHC OVERHEAD COST F.xi'!E56+'WATSAN OVERHEAD COST F.xi'!E56+'TRADITIONAL OVERHEAD COST F.xi'!E56 -> 0
A75: 22020703 | B75: LEGAL SERVICES | C75: ='CHAIR OVERHEAD COST F.xi'!C57+'SLT OVERHEAD COST F.xi'!C57+'COUNCIL OVERHEAD COST F.xi'!C57+'PMD OVERHEAD COST F.xi'!C57+'AGRIC OVERHEAD COST F.xi'!C65+'FINANCE OVERHEAD COST F.xi'!C57+'WORKS OVERHEAD COST F.xi'!C57+'ESD OVERHEAD COST F.xi'!C57+'PHC OVERHEAD COST F.xi'!C57+'WATSAN OVERHEAD COST F.xi'!C57+'TRADITIONAL OVERHEAD COST F.xi'!C57 -> 0 | D75: ='CHAIR OVERHEAD COST F.xi'!D57+'SLT OVERHEAD COST F.xi'!D57+'COUNCIL OVERHEAD COST F.xi'!D57+'PMD OVERHEAD COST F.xi'!D57+'AGRIC OVERHEAD COST F.xi'!D65+'FINANCE OVERHEAD COST F.xi'!D57+'WORKS OVERHEAD COST F.xi'!D57+'ESD OVERHEAD COST F.xi'!D57+'PHC OVERHEAD COST F.xi'!D57+'WATSAN OVERHEAD COST F.xi'!D57+'TRADITIONAL OVERHEAD COST F.xi'!D57 -> 0 | E75: ='CHAIR OVERHEAD COST F.xi'!E57+'SLT OVERHEAD COST F.xi'!E57+'COUNCIL OVERHEAD COST F.xi'!E57+'PMD OVERHEAD COST F.xi'!E57+'AGRIC OVERHEAD COST F.xi'!E65+'FINANCE OVERHEAD COST F.xi'!E57+'WORKS OVERHEAD COST F.xi'!E57+'ESD OVERHEAD COST F.xi'!E57+'PHC OVERHEAD COST F.xi'!E57+'WATSAN OVERHEAD COST F.xi'!E57+'TRADITIONAL OVERHEAD COST F.xi'!E57 -> 0
A76: 22020707 | B76: AGRICULTURAL CONSULTING | C76: ='CHAIR OVERHEAD COST F.xi'!C58+'SLT OVERHEAD COST F.xi'!C58+'COUNCIL OVERHEAD COST F.xi'!C58+'PMD OVERHEAD COST F.xi'!C58+'AGRIC OVERHEAD COST F.xi'!C66+'FINANCE OVERHEAD COST F.xi'!C58+'WORKS OVERHEAD COST F.xi'!C58+'ESD OVERHEAD COST F.xi'!C58+'PHC OVERHEAD COST F.xi'!C58+'WATSAN OVERHEAD COST F.xi'!C58+'TRADITIONAL OVERHEAD COST F.xi'!C58 -> 0 | D76: ='CHAIR OVERHEAD COST F.xi'!D58+'SLT OVERHEAD COST F.xi'!D58+'COUNCIL OVERHEAD COST F.xi'!D58+'PMD OVERHEAD COST F.xi'!D58+'AGRIC OVERHEAD COST F.xi'!D66+'FINANCE OVERHEAD COST F.xi'!D58+'WORKS OVERHEAD COST F.xi'!D58+'ESD OVERHEAD COST F.xi'!D58+'PHC OVERHEAD COST F.xi'!D58+'WATSAN OVERHEAD COST F.xi'!D58+'TRADITIONAL OVERHEAD COST F.xi'!D58 -> 0 | E76: ='CHAIR OVERHEAD COST F.xi'!E58+'SLT OVERHEAD COST F.xi'!E58+'COUNCIL OVERHEAD COST F.xi'!E58+'PMD OVERHEAD COST F.xi'!E58+'AGRIC OVERHEAD COST F.xi'!E66+'FINANCE OVERHEAD COST F.xi'!E58+'WORKS OVERHEAD COST F.xi'!E58+'ESD OVERHEAD COST F.xi'!E58+'PHC OVERHEAD COST F.xi'!E58+'WATSAN OVERHEAD COST F.xi'!E58+'TRADITIONAL OVERHEAD COST F.xi'!E58 -> 2000000
A77: 22020708 | B77: MEDICAL CONSULTING | C77: ='CHAIR OVERHEAD COST F.xi'!C59+'SLT OVERHEAD COST F.xi'!C59+'COUNCIL OVERHEAD COST F.xi'!C59+'PMD OVERHEAD COST F.xi'!C59+'AGRIC OVERHEAD COST F.xi'!C67+'FINANCE OVERHEAD COST F.xi'!C59+'WORKS OVERHEAD COST F.xi'!C59+'ESD OVERHEAD COST F.xi'!C59+'PHC OVERHEAD COST F.xi'!C59+'WATSAN OVERHEAD COST F.xi'!C59+'TRADITIONAL OVERHEAD COST F.xi'!C59 -> 2400000 | D77: ='CHAIR OVERHEAD COST F.xi'!D59+'SLT OVERHEAD COST F.xi'!D59+'COUNCIL OVERHEAD COST F.xi'!D59+'PMD OVERHEAD COST F.xi'!D59+'AGRIC OVERHEAD COST F.xi'!D67+'FINANCE OVERHEAD COST F.xi'!D59+'WORKS OVERHEAD COST F.xi'!D59+'ESD OVERHEAD COST F.xi'!D59+'PHC OVERHEAD COST F.xi'!D59+'WATSAN OVERHEAD COST F.xi'!D59+'TRADITIONAL OVERHEAD COST F.xi'!D59 -> 0 | E77: ='CHAIR OVERHEAD COST F.xi'!E59+'SLT OVERHEAD COST F.xi'!E59+'COUNCIL OVERHEAD COST F.xi'!E59+'PMD OVERHEAD COST F.xi'!E59+'AGRIC OVERHEAD COST F.xi'!E67+'FINANCE OVERHEAD COST F.xi'!E59+'WORKS OVERHEAD COST F.xi'!E59+'ESD OVERHEAD COST F.xi'!E59+'PHC OVERHEAD COST F.xi'!E59+'WATSAN OVERHEAD COST F.xi'!E59+'TRADITIONAL OVERHEAD COST F.xi'!E59 -> 0
A78: 22020709 | B78: AUDITING OF ACCOUNTS | C78: ='CHAIR OVERHEAD COST F.xi'!C60+'SLT OVERHEAD COST F.xi'!C60+'COUNCIL OVERHEAD COST F.xi'!C60+'PMD OVERHEAD COST F.xi'!C60+'AGRIC OVERHEAD COST F.xi'!C68+'FINANCE OVERHEAD COST F.xi'!C60+'WORKS OVERHEAD COST F.xi'!C60+'ESD OVERHEAD COST F.xi'!C60+'PHC OVERHEAD COST F.xi'!C61+'WATSAN OVERHEAD COST F.xi'!C60+'TRADITIONAL OVERHEAD COST F.xi'!C60 -> 0 | D78: ='CHAIR OVERHEAD COST F.xi'!D60+'SLT OVERHEAD COST F.xi'!D60+'COUNCIL OVERHEAD COST F.xi'!D60+'PMD OVERHEAD COST F.xi'!D60+'AGRIC OVERHEAD COST F.xi'!D68+'FINANCE OVERHEAD COST F.xi'!D60+'WORKS OVERHEAD COST F.xi'!D60+'ESD OVERHEAD COST F.xi'!D60+'PHC OVERHEAD COST F.xi'!D61+'WATSAN OVERHEAD COST F.xi'!D60+'TRADITIONAL OVERHEAD COST F.xi'!D60 -> 0 | E78: ='CHAIR OVERHEAD COST F.xi'!E60+'SLT OVERHEAD COST F.xi'!E60+'COUNCIL OVERHEAD COST F.xi'!E60+'PMD OVERHEAD COST F.xi'!E60+'AGRIC OVERHEAD COST F.xi'!E68+'FINANCE OVERHEAD COST F.xi'!E60+'WORKS OVERHEAD COST F.xi'!E60+'ESD OVERHEAD COST F.xi'!E60+'PHC OVERHEAD COST F.xi'!E61+'WATSAN OVERHEAD COST F.xi'!E60+'TRADITIONAL OVERHEAD COST F.xi'!E60 -> 0
A79: 22020711 | B79: MEDIA RELATION SERVICES | C79: ='CHAIR OVERHEAD COST F.xi'!C61+'SLT OVERHEAD COST F.xi'!C61+'COUNCIL OVERHEAD COST F.xi'!C61+'PMD OVERHEAD COST F.xi'!C61+'AGRIC OVERHEAD COST F.xi'!C69+'FINANCE OVERHEAD COST F.xi'!C61+'WORKS OVERHEAD COST F.xi'!C61+'ESD OVERHEAD COST F.xi'!C61+'PHC OVERHEAD COST F.xi'!C62+'WATSAN OVERHEAD COST F.xi'!C61+'TRADITIONAL OVERHEAD COST F.xi'!C61 -> 0 | D79: ='CHAIR OVERHEAD COST F.xi'!D61+'SLT OVERHEAD COST F.xi'!D61+'COUNCIL OVERHEAD COST F.xi'!D61+'PMD OVERHEAD COST F.xi'!D61+'AGRIC OVERHEAD COST F.xi'!D69+'FINANCE OVERHEAD COST F.xi'!D61+'WORKS OVERHEAD COST F.xi'!D61+'ESD OVERHEAD COST F.xi'!D61+'PHC OVERHEAD COST F.xi'!D62+'WATSAN OVERHEAD COST F.xi'!D61+'TRADITIONAL OVERHEAD COST F.xi'!D61 -> 0 | E79: ='CHAIR OVERHEAD COST F.xi'!E61+'SLT OVERHEAD COST F.xi'!E61+'COUNCIL OVERHEAD COST F.xi'!E61+'PMD OVERHEAD COST F.xi'!E61+'AGRIC OVERHEAD COST F.xi'!E69+'FINANCE OVERHEAD COST F.xi'!E61+'WORKS OVERHEAD COST F.xi'!E61+'ESD OVERHEAD COST F.xi'!E61+'PHC OVERHEAD COST F.xi'!E62+'WATSAN OVERHEAD COST F.xi'!E61+'TRADITIONAL OVERHEAD COST F.xi'!E61 -> 0
A80: 22020712 | B80: OTHER CONSULTING SERVICES | C80: ='CHAIR OVERHEAD COST F.xi'!C62+'SLT OVERHEAD COST F.xi'!C62+'COUNCIL OVERHEAD COST F.xi'!C62+'PMD OVERHEAD COST F.xi'!C62+'AGRIC OVERHEAD COST F.xi'!C70+'FINANCE OVERHEAD COST F.xi'!C62+'WORKS OVERHEAD COST F.xi'!C62+'ESD OVERHEAD COST F.xi'!C62+'PHC OVERHEAD COST F.xi'!C63+'WATSAN OVERHEAD COST F.xi'!C62+'TRADITIONAL OVERHEAD COST F.xi'!C62 -> 2500000 | D80: ='CHAIR OVERHEAD COST F.xi'!D62+'SLT OVERHEAD COST F.xi'!D62+'COUNCIL OVERHEAD COST F.xi'!D62+'PMD OVERHEAD COST F.xi'!D62+'AGRIC OVERHEAD COST F.xi'!D70+'FINANCE OVERHEAD COST F.xi'!D62+'WORKS OVERHEAD COST F.xi'!D62+'ESD OVERHEAD COST F.xi'!D62+'PHC OVERHEAD COST F.xi'!D63+'WATSAN OVERHEAD COST F.xi'!D62+'TRADITIONAL OVERHEAD COST F.xi'!D62 -> 0 | E80: ='CHAIR OVERHEAD COST F.xi'!E62+'SLT OVERHEAD COST F.xi'!E62+'COUNCIL OVERHEAD COST F.xi'!E62+'PMD OVERHEAD COST F.xi'!E62+'AGRIC OVERHEAD COST F.xi'!E70+'FINANCE OVERHEAD COST F.xi'!E62+'WORKS OVERHEAD COST F.xi'!E62+'ESD OVERHEAD COST F.xi'!E62+'PHC OVERHEAD COST F.xi'!E63+'WATSAN OVERHEAD COST F.xi'!E62+'TRADITIONAL OVERHEAD COST F.xi'!E62 -> 0
A81: 220208 | B81: FUEL & LUBRICANTS – GENERAL | C81: =SUM(C82:C84) -> 63200000 | D81: =SUM(D82:D84) -> 19770000 | E81: =SUM(E82:E84) -> 32700000
A82: 22020801 | B82: MOTOR VEHICLE FUEL COST | C82: ='CHAIR OVERHEAD COST F.xi'!C64+'SLT OVERHEAD COST F.xi'!C64+'COUNCIL OVERHEAD COST F.xi'!C64+'PMD OVERHEAD COST F.xi'!C64+'AGRIC OVERHEAD COST F.xi'!C72+'FINANCE OVERHEAD COST F.xi'!C64+'WORKS OVERHEAD COST F.xi'!C64+'ESD OVERHEAD COST F.xi'!C64+'PHC OVERHEAD COST F.xi'!C65+'WATSAN OVERHEAD COST F.xi'!C64+'TRADITIONAL OVERHEAD COST F.xi'!C64 -> 33200000 | D82: ='CHAIR OVERHEAD COST F.xi'!D64+'SLT OVERHEAD COST F.xi'!D64+'COUNCIL OVERHEAD COST F.xi'!D64+'PMD OVERHEAD COST F.xi'!D64+'AGRIC OVERHEAD COST F.xi'!D72+'FINANCE OVERHEAD COST F.xi'!D64+'WORKS OVERHEAD COST F.xi'!D64+'ESD OVERHEAD COST F.xi'!D64+'PHC OVERHEAD COST F.xi'!D65+'WATSAN OVERHEAD COST F.xi'!D64+'TRADITIONAL OVERHEAD COST F.xi'!D64 -> 19470000 | E82: ='CHAIR OVERHEAD COST F.xi'!E64+'SLT OVERHEAD COST F.xi'!E64+'COUNCIL OVERHEAD COST F.xi'!E64+'PMD OVERHEAD COST F.xi'!E64+'AGRIC OVERHEAD COST F.xi'!E72+'FINANCE OVERHEAD COST F.xi'!E64+'WORKS OVERHEAD COST F.xi'!E64+'ESD OVERHEAD COST F.xi'!E64+'PHC OVERHEAD COST F.xi'!E65+'WATSAN OVERHEAD COST F.xi'!E64+'TRADITIONAL OVERHEAD COST F.xi'!E64 -> 26200000
A83: 22020802 | B83: OTHER TRANSPORT EQUIPMENT FUEL COST | C83: ='CHAIR OVERHEAD COST F.xi'!C65+'SLT OVERHEAD COST F.xi'!C65+'COUNCIL OVERHEAD COST F.xi'!C65+'PMD OVERHEAD COST F.xi'!C65+'AGRIC OVERHEAD COST F.xi'!C73+'FINANCE OVERHEAD COST F.xi'!C65+'WORKS OVERHEAD COST F.xi'!C65+'ESD OVERHEAD COST F.xi'!C65+'PHC OVERHEAD COST F.xi'!C66+'WATSAN OVERHEAD COST F.xi'!C65+'TRADITIONAL OVERHEAD COST F.xi'!C65 -> 30000000 | D83: ='CHAIR OVERHEAD COST F.xi'!D65+'SLT OVERHEAD COST F.xi'!D65+'COUNCIL OVERHEAD COST F.xi'!D65+'PMD OVERHEAD COST F.xi'!D65+'AGRIC OVERHEAD COST F.xi'!D73+'FINANCE OVERHEAD COST F.xi'!D65+'WORKS OVERHEAD COST F.xi'!D65+'ESD OVERHEAD COST F.xi'!D65+'PHC OVERHEAD COST F.xi'!D66+'WATSAN OVERHEAD COST F.xi'!D65+'TRADITIONAL OVERHEAD COST F.xi'!D65 -> 300000 | E83: ='CHAIR OVERHEAD COST F.xi'!E65+'SLT OVERHEAD COST F.xi'!E65+'COUNCIL OVERHEAD COST F.xi'!E65+'PMD OVERHEAD COST F.xi'!E65+'AGRIC OVERHEAD COST F.xi'!E73+'FINANCE OVERHEAD COST F.xi'!E65+'WORKS OVERHEAD COST F.xi'!E65+'ESD OVERHEAD COST F.xi'!E65+'PHC OVERHEAD COST F.xi'!E66+'WATSAN OVERHEAD COST F.xi'!E65+'TRADITIONAL OVERHEAD COST F.xi'!E65 -> 0
A84: 22020803 | B84: PLANT / GENERATOR FUEL COST | C84: ='CHAIR OVERHEAD COST F.xi'!C66+'SLT OVERHEAD COST F.xi'!C66+'COUNCIL OVERHEAD COST F.xi'!C66+'PMD OVERHEAD COST F.xi'!C66+'AGRIC OVERHEAD COST F.xi'!C74+'FINANCE OVERHEAD COST F.xi'!C66+'WORKS OVERHEAD COST F.xi'!C66+'ESD OVERHEAD COST F.xi'!C66+'PHC OVERHEAD COST F.xi'!C67+'WATSAN OVERHEAD COST F.xi'!C66+'TRADITIONAL OVERHEAD COST F.xi'!C66 -> 0 | D84: ='CHAIR OVERHEAD COST F.xi'!D66+'SLT OVERHEAD COST F.xi'!D66+'COUNCIL OVERHEAD COST F.xi'!D66+'PMD OVERHEAD COST F.xi'!D66+'AGRIC OVERHEAD COST F.xi'!D74+'FINANCE OVERHEAD COST F.xi'!D66+'WORKS OVERHEAD COST F.xi'!D66+'ESD OVERHEAD COST F.xi'!D66+'PHC OVERHEAD COST F.xi'!D67+'WATSAN OVERHEAD COST F.xi'!D66+'TRADITIONAL OVERHEAD COST F.xi'!D66 -> 0 | E84: ='CHAIR OVERHEAD COST F.xi'!E66+'SLT OVERHEAD COST F.xi'!E66+'COUNCIL OVERHEAD COST F.xi'!E66+'PMD OVERHEAD COST F.xi'!E66+'AGRIC OVERHEAD COST F.xi'!E74+'FINANCE OVERHEAD COST F.xi'!E66+'WORKS OVERHEAD COST F.xi'!E66+'ESD OVERHEAD COST F.xi'!E66+'PHC OVERHEAD COST F.xi'!E67+'WATSAN OVERHEAD COST F.xi'!E66+'TRADITIONAL OVERHEAD COST F.xi'!E66 -> 6500000
A85: 220209 | B85: FINANCIAL CHARGES - GENERAL | C85: =SUM(C86:C87) -> 1000000 | D85: =SUM(D86:D87) -> 180000 | E85: =SUM(E86:E87) -> 190000
A86: 22020901 | B86: BANK CHARGES | C86: ='CHAIR OVERHEAD COST F.xi'!C68+'SLT OVERHEAD COST F.xi'!C68+'COUNCIL OVERHEAD COST F.xi'!C68+'PMD OVERHEAD COST F.xi'!C68+'AGRIC OVERHEAD COST F.xi'!C76+'FINANCE OVERHEAD COST F.xi'!C68+'WORKS OVERHEAD COST F.xi'!C68+'ESD OVERHEAD COST F.xi'!C68+'PHC OVERHEAD COST F.xi'!C69+'WATSAN OVERHEAD COST F.xi'!C68+'TRADITIONAL OVERHEAD COST F.xi'!C68 -> 1000000 | D86: ='CHAIR OVERHEAD COST F.xi'!D68+'SLT OVERHEAD COST F.xi'!D68+'COUNCIL OVERHEAD COST F.xi'!D68+'PMD OVERHEAD COST F.xi'!D68+'AGRIC OVERHEAD COST F.xi'!D76+'FINANCE OVERHEAD COST F.xi'!D68+'WORKS OVERHEAD COST F.xi'!D68+'ESD OVERHEAD COST F.xi'!D68+'PHC OVERHEAD COST F.xi'!D69+'WATSAN OVERHEAD COST F.xi'!D68+'TRADITIONAL OVERHEAD COST F.xi'!D68 -> 180000 | E86: ='CHAIR OVERHEAD COST F.xi'!E68+'SLT OVERHEAD COST F.xi'!E68+'COUNCIL OVERHEAD COST F.xi'!E68+'PMD OVERHEAD COST F.xi'!E68+'AGRIC OVERHEAD COST F.xi'!E76+'FINANCE OVERHEAD COST F.xi'!E68+'WORKS OVERHEAD COST F.xi'!E68+'ESD OVERHEAD COST F.xi'!E68+'PHC OVERHEAD COST F.xi'!E69+'WATSAN OVERHEAD COST F.xi'!E68+'TRADITIONAL OVERHEAD COST F.xi'!E68 -> 190000
A87: 22020902 | B87: INSURANCE PREMIUM | C87: ='CHAIR OVERHEAD COST F.xi'!C69+'SLT OVERHEAD COST F.xi'!C69+'COUNCIL OVERHEAD COST F.xi'!C69+'PMD OVERHEAD COST F.xi'!C69+'AGRIC OVERHEAD COST F.xi'!C77+'FINANCE OVERHEAD COST F.xi'!C69+'WORKS OVERHEAD COST F.xi'!C69+'ESD OVERHEAD COST F.xi'!C69+'PHC OVERHEAD COST F.xi'!C70+'WATSAN OVERHEAD COST F.xi'!C69+'TRADITIONAL OVERHEAD COST F.xi'!C69 -> 0 | D87: ='CHAIR OVERHEAD COST F.xi'!D69+'SLT OVERHEAD COST F.xi'!D69+'COUNCIL OVERHEAD COST F.xi'!D69+'PMD OVERHEAD COST F.xi'!D69+'AGRIC OVERHEAD COST F.xi'!D77+'FINANCE OVERHEAD COST F.xi'!D69+'WORKS OVERHEAD COST F.xi'!D69+'ESD OVERHEAD COST F.xi'!D69+'PHC OVERHEAD COST F.xi'!D70+'WATSAN OVERHEAD COST F.xi'!D69+'TRADITIONAL OVERHEAD COST F.xi'!D69 -> 0 | E87: ='CHAIR OVERHEAD COST F.xi'!E69+'SLT OVERHEAD COST F.xi'!E69+'COUNCIL OVERHEAD COST F.xi'!E69+'PMD OVERHEAD COST F.xi'!E69+'AGRIC OVERHEAD COST F.xi'!E77+'FINANCE OVERHEAD COST F.xi'!E69+'WORKS OVERHEAD COST F.xi'!E69+'ESD OVERHEAD COST F.xi'!E69+'PHC OVERHEAD COST F.xi'!E70+'WATSAN OVERHEAD COST F.xi'!E69+'TRADITIONAL OVERHEAD COST F.xi'!E69 -> 0
A88: 220210 | B88: MISCELLANEOUS EXPENSES GENERAL | C88: =SUM(C89:C102) -> 373377320 | D88: =SUM(D89:D102) -> 236608842 | E88: =SUM(E89:E102) -> 501200000
A89: 22021001 | B89: REFRESHMENT & MEALS | C89: ='CHAIR OVERHEAD COST F.xi'!C71+'SLT OVERHEAD COST F.xi'!C71+'COUNCIL OVERHEAD COST F.xi'!C71+'PMD OVERHEAD COST F.xi'!C71+'AGRIC OVERHEAD COST F.xi'!C79+'FINANCE OVERHEAD COST F.xi'!C71+'WORKS OVERHEAD COST F.xi'!C71+'ESD OVERHEAD COST F.xi'!C71+'PHC OVERHEAD COST F.xi'!C72+'WATSAN OVERHEAD COST F.xi'!C71+'TRADITIONAL OVERHEAD COST F.xi'!C71 -> 69077320 | D89: ='CHAIR OVERHEAD COST F.xi'!D71+'SLT OVERHEAD COST F.xi'!D71+'COUNCIL OVERHEAD COST F.xi'!D71+'PMD OVERHEAD COST F.xi'!D71+'AGRIC OVERHEAD COST F.xi'!D79+'FINANCE OVERHEAD COST F.xi'!D71+'WORKS OVERHEAD COST F.xi'!D71+'ESD OVERHEAD COST F.xi'!D71+'PHC OVERHEAD COST F.xi'!D72+'WATSAN OVERHEAD COST F.xi'!D71+'TRADITIONAL OVERHEAD COST F.xi'!D71 -> 38195000 | E89: ='CHAIR OVERHEAD COST F.xi'!E71+'SLT OVERHEAD COST F.xi'!E71+'COUNCIL OVERHEAD COST F.xi'!E71+'PMD OVERHEAD COST F.xi'!E71+'AGRIC OVERHEAD COST F.xi'!E79+'FINANCE OVERHEAD COST F.xi'!E71+'WORKS OVERHEAD COST F.xi'!E71+'ESD OVERHEAD COST F.xi'!E71+'PHC OVERHEAD COST F.xi'!E72+'WATSAN OVERHEAD COST F.xi'!E71+'TRADITIONAL OVERHEAD COST F.xi'!E71 -> 54000000
A90: 22021002 | B90: HONORARIUM & SITTING ALLOWANCE | C90: ='CHAIR OVERHEAD COST F.xi'!C72+'SLT OVERHEAD COST F.xi'!C72+'COUNCIL OVERHEAD COST F.xi'!C72+'PMD OVERHEAD COST F.xi'!C72+'AGRIC OVERHEAD COST F.xi'!C80+'FINANCE OVERHEAD COST F.xi'!C72+'WORKS OVERHEAD COST F.xi'!C72+'ESD OVERHEAD COST F.xi'!C72+'PHC OVERHEAD COST F.xi'!C73+'WATSAN OVERHEAD COST F.xi'!C72+'TRADITIONAL OVERHEAD COST F.xi'!C72 -> 20200000 | D90: ='CHAIR OVERHEAD COST F.xi'!D72+'SLT OVERHEAD COST F.xi'!D72+'COUNCIL OVERHEAD COST F.xi'!D72+'PMD OVERHEAD COST F.xi'!D72+'AGRIC OVERHEAD COST F.xi'!D80+'FINANCE OVERHEAD COST F.xi'!D72+'WORKS OVERHEAD COST F.xi'!D72+'ESD OVERHEAD COST F.xi'!D72+'PHC OVERHEAD COST F.xi'!D73+'WATSAN OVERHEAD COST F.xi'!D72+'TRADITIONAL OVERHEAD COST F.xi'!D72 -> 5550000 | E90: ='CHAIR OVERHEAD COST F.xi'!E72+'SLT OVERHEAD COST F.xi'!E72+'COUNCIL OVERHEAD COST F.xi'!E72+'PMD OVERHEAD COST F.xi'!E72+'AGRIC OVERHEAD COST F.xi'!E80+'FINANCE OVERHEAD COST F.xi'!E72+'WORKS OVERHEAD COST F.xi'!E72+'ESD OVERHEAD COST F.xi'!E72+'PHC OVERHEAD COST F.xi'!E73+'WATSAN OVERHEAD COST F.xi'!E72+'TRADITIONAL OVERHEAD COST F.xi'!E72 -> 11200000
A91: 22021003 | B91: PUBLICITY & ADVERTISEMENTS | C91: ='CHAIR OVERHEAD COST F.xi'!C73+'SLT OVERHEAD COST F.xi'!C73+'COUNCIL OVERHEAD COST F.xi'!C73+'PMD OVERHEAD COST F.xi'!C73+'AGRIC OVERHEAD COST F.xi'!C81+'FINANCE OVERHEAD COST F.xi'!C73+'WORKS OVERHEAD COST F.xi'!C73+'ESD OVERHEAD COST F.xi'!C73+'PHC OVERHEAD COST F.xi'!C74+'WATSAN OVERHEAD COST F.xi'!C73+'TRADITIONAL OVERHEAD COST F.xi'!C73 -> 3000000 | D91: ='CHAIR OVERHEAD COST F.xi'!D73+'SLT OVERHEAD COST F.xi'!D73+'COUNCIL OVERHEAD COST F.xi'!D73+'PMD OVERHEAD COST F.xi'!D73+'AGRIC OVERHEAD COST F.xi'!D81+'FINANCE OVERHEAD COST F.xi'!D73+'WORKS OVERHEAD COST F.xi'!D73+'ESD OVERHEAD COST F.xi'!D73+'PHC OVERHEAD COST F.xi'!D74+'WATSAN OVERHEAD COST F.xi'!D73+'TRADITIONAL OVERHEAD COST F.xi'!D73 -> 500000 | E91: ='CHAIR OVERHEAD COST F.xi'!E73+'SLT OVERHEAD COST F.xi'!E73+'COUNCIL OVERHEAD COST F.xi'!E73+'PMD OVERHEAD COST F.xi'!E73+'AGRIC OVERHEAD COST F.xi'!E81+'FINANCE OVERHEAD COST F.xi'!E73+'WORKS OVERHEAD COST F.xi'!E73+'ESD OVERHEAD COST F.xi'!E73+'PHC OVERHEAD COST F.xi'!E74+'WATSAN OVERHEAD COST F.xi'!E73+'TRADITIONAL OVERHEAD COST F.xi'!E73 -> 1000000
A92: 22021004 | B92: MEDICAL EXPENSES-LOCAL | C92: ='CHAIR OVERHEAD COST F.xi'!C74+'SLT OVERHEAD COST F.xi'!C74+'COUNCIL OVERHEAD COST F.xi'!C74+'PMD OVERHEAD COST F.xi'!C74+'AGRIC OVERHEAD COST F.xi'!C82+'FINANCE OVERHEAD COST F.xi'!C74+'WORKS OVERHEAD COST F.xi'!C74+'ESD OVERHEAD COST F.xi'!C74+'PHC OVERHEAD COST F.xi'!C75+'WATSAN OVERHEAD COST F.xi'!C74+'TRADITIONAL OVERHEAD COST F.xi'!C74 -> 3000000 | D92: ='CHAIR OVERHEAD COST F.xi'!D74+'SLT OVERHEAD COST F.xi'!D74+'COUNCIL OVERHEAD COST F.xi'!D74+'PMD OVERHEAD COST F.xi'!D74+'AGRIC OVERHEAD COST F.xi'!D82+'FINANCE OVERHEAD COST F.xi'!D74+'WORKS OVERHEAD COST F.xi'!D74+'ESD OVERHEAD COST F.xi'!D74+'PHC OVERHEAD COST F.xi'!D75+'WATSAN OVERHEAD COST F.xi'!D74+'TRADITIONAL OVERHEAD COST F.xi'!D74 -> 740000 | E92: ='CHAIR OVERHEAD COST F.xi'!E74+'SLT OVERHEAD COST F.xi'!E74+'COUNCIL OVERHEAD COST F.xi'!E74+'PMD OVERHEAD COST F.xi'!E74+'AGRIC OVERHEAD COST F.xi'!E82+'FINANCE OVERHEAD COST F.xi'!E74+'WORKS OVERHEAD COST F.xi'!E74+'ESD OVERHEAD COST F.xi'!E74+'PHC OVERHEAD COST F.xi'!E75+'WATSAN OVERHEAD COST F.xi'!E74+'TRADITIONAL OVERHEAD COST F.xi'!E74 -> 3000000
A93: 22021006 | B93: POSTAGES & COURIER SERVICES | C93: ='CHAIR OVERHEAD COST F.xi'!C75+'SLT OVERHEAD COST F.xi'!C75+'COUNCIL OVERHEAD COST F.xi'!C75+'PMD OVERHEAD COST F.xi'!C75+'AGRIC OVERHEAD COST F.xi'!C83+'FINANCE OVERHEAD COST F.xi'!C75+'WORKS OVERHEAD COST F.xi'!C75+'ESD OVERHEAD COST F.xi'!C75+'PHC OVERHEAD COST F.xi'!C76+'WATSAN OVERHEAD COST F.xi'!C75+'TRADITIONAL OVERHEAD COST F.xi'!C75 -> 100000 | D93: ='CHAIR OVERHEAD COST F.xi'!D75+'SLT OVERHEAD COST F.xi'!D75+'COUNCIL OVERHEAD COST F.xi'!D75+'PMD OVERHEAD COST F.xi'!D75+'AGRIC OVERHEAD COST F.xi'!D83+'FINANCE OVERHEAD COST F.xi'!D75+'WORKS OVERHEAD COST F.xi'!D75+'ESD OVERHEAD COST F.xi'!D75+'PHC OVERHEAD COST F.xi'!D76+'WATSAN OVERHEAD COST F.xi'!D75+'TRADITIONAL OVERHEAD COST F.xi'!D75 -> 0 | E93: ='CHAIR OVERHEAD COST F.xi'!E75+'SLT OVERHEAD COST F.xi'!E75+'COUNCIL OVERHEAD COST F.xi'!E75+'PMD OVERHEAD COST F.xi'!E75+'AGRIC OVERHEAD COST F.xi'!E83+'FINANCE OVERHEAD COST F.xi'!E75+'WORKS OVERHEAD COST F.xi'!E75+'ESD OVERHEAD COST F.xi'!E75+'PHC OVERHEAD COST F.xi'!E76+'WATSAN OVERHEAD COST F.xi'!E75+'TRADITIONAL OVERHEAD COST F.xi'!E75 -> 0
A94: 22021007 | B94: WELFARE PACKAGES | C94: ='CHAIR OVERHEAD COST F.xi'!C76+'SLT OVERHEAD COST F.xi'!C76+'COUNCIL OVERHEAD COST F.xi'!C76+'PMD OVERHEAD COST F.xi'!C76+'AGRIC OVERHEAD COST F.xi'!C84+'FINANCE OVERHEAD COST F.xi'!C76+'WORKS OVERHEAD COST F.xi'!C76+'ESD OVERHEAD COST F.xi'!C76+'PHC OVERHEAD COST F.xi'!C77+'WATSAN OVERHEAD COST F.xi'!C76+'TRADITIONAL OVERHEAD COST F.xi'!C76 -> 228000000 | D94: ='CHAIR OVERHEAD COST F.xi'!D76+'SLT OVERHEAD COST F.xi'!D76+'COUNCIL OVERHEAD COST F.xi'!D76+'PMD OVERHEAD COST F.xi'!D76+'AGRIC OVERHEAD COST F.xi'!D84+'FINANCE OVERHEAD COST F.xi'!D76+'WORKS OVERHEAD COST F.xi'!D76+'ESD OVERHEAD COST F.xi'!D76+'PHC OVERHEAD COST F.xi'!D77+'WATSAN OVERHEAD COST F.xi'!D76+'TRADITIONAL OVERHEAD COST F.xi'!D76 -> 165776498 | E94: ='CHAIR OVERHEAD COST F.xi'!E76+'SLT OVERHEAD COST F.xi'!E76+'COUNCIL OVERHEAD COST F.xi'!E76+'PMD OVERHEAD COST F.xi'!E76+'AGRIC OVERHEAD COST F.xi'!E84+'FINANCE OVERHEAD COST F.xi'!E76+'WORKS OVERHEAD COST F.xi'!E76+'ESD OVERHEAD COST F.xi'!E76+'PHC OVERHEAD COST F.xi'!E77+'WATSAN OVERHEAD COST F.xi'!E76+'TRADITIONAL OVERHEAD COST F.xi'!E76 -> 162000000
A95: 22021008 | B95: SUBSCRIPTION TO PROFESSIONAL BODIES | C95: ='CHAIR OVERHEAD COST F.xi'!C77+'SLT OVERHEAD COST F.xi'!C77+'COUNCIL OVERHEAD COST F.xi'!C77+'PMD OVERHEAD COST F.xi'!C77+'AGRIC OVERHEAD COST F.xi'!C85+'FINANCE OVERHEAD COST F.xi'!C77+'WORKS OVERHEAD COST F.xi'!C77+'ESD OVERHEAD COST F.xi'!C80+'PHC OVERHEAD COST F.xi'!C78+'WATSAN OVERHEAD COST F.xi'!C77+'TRADITIONAL OVERHEAD COST F.xi'!C77 -> 0 | D95: ='CHAIR OVERHEAD COST F.xi'!D77+'SLT OVERHEAD COST F.xi'!D77+'COUNCIL OVERHEAD COST F.xi'!D77+'PMD OVERHEAD COST F.xi'!D77+'AGRIC OVERHEAD COST F.xi'!D85+'FINANCE OVERHEAD COST F.xi'!D77+'WORKS OVERHEAD COST F.xi'!D77+'ESD OVERHEAD COST F.xi'!D80+'PHC OVERHEAD COST F.xi'!D78+'WATSAN OVERHEAD COST F.xi'!D77+'TRADITIONAL OVERHEAD COST F.xi'!D77 -> 0 | E95: ='CHAIR OVERHEAD COST F.xi'!E77+'SLT OVERHEAD COST F.xi'!E77+'COUNCIL OVERHEAD COST F.xi'!E77+'PMD OVERHEAD COST F.xi'!E77+'AGRIC OVERHEAD COST F.xi'!E85+'FINANCE OVERHEAD COST F.xi'!E77+'WORKS OVERHEAD COST F.xi'!E77+'ESD OVERHEAD COST F.xi'!E80+'PHC OVERHEAD COST F.xi'!E78+'WATSAN OVERHEAD COST F.xi'!E77+'TRADITIONAL OVERHEAD COST F.xi'!E77 -> 0
A96: 22021009 | B96: SPORTING ACTIVITIES | C96: ='CHAIR OVERHEAD COST F.xi'!C78+'SLT OVERHEAD COST F.xi'!C78+'COUNCIL OVERHEAD COST F.xi'!C78+'PMD OVERHEAD COST F.xi'!C78+'AGRIC OVERHEAD COST F.xi'!C86+'FINANCE OVERHEAD COST F.xi'!C78+'WORKS OVERHEAD COST F.xi'!C78+'ESD OVERHEAD COST F.xi'!C81+'PHC OVERHEAD COST F.xi'!C79+'WATSAN OVERHEAD COST F.xi'!C78+'TRADITIONAL OVERHEAD COST F.xi'!C78 -> 0 | D96: ='CHAIR OVERHEAD COST F.xi'!D78+'SLT OVERHEAD COST F.xi'!D78+'COUNCIL OVERHEAD COST F.xi'!D78+'PMD OVERHEAD COST F.xi'!D78+'AGRIC OVERHEAD COST F.xi'!D86+'FINANCE OVERHEAD COST F.xi'!D78+'WORKS OVERHEAD COST F.xi'!D78+'ESD OVERHEAD COST F.xi'!D81+'PHC OVERHEAD COST F.xi'!D79+'WATSAN OVERHEAD COST F.xi'!D78+'TRADITIONAL OVERHEAD COST F.xi'!D78 -> 0 | E96: ='CHAIR OVERHEAD COST F.xi'!E78+'SLT OVERHEAD COST F.xi'!E78+'COUNCIL OVERHEAD COST F.xi'!E78+'PMD OVERHEAD COST F.xi'!E78+'AGRIC OVERHEAD COST F.xi'!E86+'FINANCE OVERHEAD COST F.xi'!E78+'WORKS OVERHEAD COST F.xi'!E78+'ESD OVERHEAD COST F.xi'!E81+'PHC OVERHEAD COST F.xi'!E79+'WATSAN OVERHEAD COST F.xi'!E78+'TRADITIONAL OVERHEAD COST F.xi'!E78 -> 10000000
A97: 22021010 | B97: DIRECT TEACHING & LABORATORY COST | C97: ='CHAIR OVERHEAD COST F.xi'!C79+'SLT OVERHEAD COST F.xi'!C79+'COUNCIL OVERHEAD COST F.xi'!C79+'PMD OVERHEAD COST F.xi'!C79+'AGRIC OVERHEAD COST F.xi'!C87+'FINANCE OVERHEAD COST F.xi'!C79+'WORKS OVERHEAD COST F.xi'!C79+'ESD OVERHEAD COST F.xi'!C82+'PHC OVERHEAD COST F.xi'!C80+'WATSAN OVERHEAD COST F.xi'!C79+'TRADITIONAL OVERHEAD COST F.xi'!C79 -> 0 | D97: ='CHAIR OVERHEAD COST F.xi'!D79+'SLT OVERHEAD COST F.xi'!D79+'COUNCIL OVERHEAD COST F.xi'!D79+'PMD OVERHEAD COST F.xi'!D79+'AGRIC OVERHEAD COST F.xi'!D87+'FINANCE OVERHEAD COST F.xi'!D79+'WORKS OVERHEAD COST F.xi'!D79+'ESD OVERHEAD COST F.xi'!D82+'PHC OVERHEAD COST F.xi'!D80+'WATSAN OVERHEAD COST F.xi'!D79+'TRADITIONAL OVERHEAD COST F.xi'!D79 -> 0 | E97: ='CHAIR OVERHEAD COST F.xi'!E79+'SLT OVERHEAD COST F.xi'!E79+'COUNCIL OVERHEAD COST F.xi'!E79+'PMD OVERHEAD COST F.xi'!E79+'AGRIC OVERHEAD COST F.xi'!E87+'FINANCE OVERHEAD COST F.xi'!E79+'WORKS OVERHEAD COST F.xi'!E79+'ESD OVERHEAD COST F.xi'!E82+'PHC OVERHEAD COST F.xi'!E80+'WATSAN OVERHEAD COST F.xi'!E79+'TRADITIONAL OVERHEAD COST F.xi'!E79 -> 0
A98: 22021014 | B98: ANNUAL BUDGET EXPENSES | C98: ='CHAIR OVERHEAD COST F.xi'!C80+'SLT OVERHEAD COST F.xi'!C80+'COUNCIL OVERHEAD COST F.xi'!C80+'PMD OVERHEAD COST F.xi'!C80+'AGRIC OVERHEAD COST F.xi'!C88+'FINANCE OVERHEAD COST F.xi'!C80+'WORKS OVERHEAD COST F.xi'!C80+'ESD OVERHEAD COST F.xi'!C84+'PHC OVERHEAD COST F.xi'!C81+'WATSAN OVERHEAD COST F.xi'!C80+'TRADITIONAL OVERHEAD COST F.xi'!C80 -> 0 | D98: ='CHAIR OVERHEAD COST F.xi'!D80+'SLT OVERHEAD COST F.xi'!D80+'COUNCIL OVERHEAD COST F.xi'!D80+'PMD OVERHEAD COST F.xi'!D80+'AGRIC OVERHEAD COST F.xi'!D88+'FINANCE OVERHEAD COST F.xi'!D80+'WORKS OVERHEAD COST F.xi'!D80+'ESD OVERHEAD COST F.xi'!D84+'PHC OVERHEAD COST F.xi'!D81+'WATSAN OVERHEAD COST F.xi'!D80+'TRADITIONAL OVERHEAD COST F.xi'!D80 -> 0 | E98: ='CHAIR OVERHEAD COST F.xi'!E80+'SLT OVERHEAD COST F.xi'!E80+'COUNCIL OVERHEAD COST F.xi'!E80+'PMD OVERHEAD COST F.xi'!E80+'AGRIC OVERHEAD COST F.xi'!E88+'FINANCE OVERHEAD COST F.xi'!E80+'WORKS OVERHEAD COST F.xi'!E80+'ESD OVERHEAD COST F.xi'!E84+'PHC OVERHEAD COST F.xi'!E81+'WATSAN OVERHEAD COST F.xi'!E80+'TRADITIONAL OVERHEAD COST F.xi'!E80 -> 10000000
A99: 22021020 | B99: ELECTION-LOGISTICS SUPPORT | C99: ='CHAIR OVERHEAD COST F.xi'!C81+'SLT OVERHEAD COST F.xi'!C81+'COUNCIL OVERHEAD COST F.xi'!C81+'PMD OVERHEAD COST F.xi'!C81+'AGRIC OVERHEAD COST F.xi'!C89+'FINANCE OVERHEAD COST F.xi'!C81+'WORKS OVERHEAD COST F.xi'!C81+'ESD OVERHEAD COST F.xi'!C85+'PHC OVERHEAD COST F.xi'!C82+'WATSAN OVERHEAD COST F.xi'!C81+'TRADITIONAL OVERHEAD COST F.xi'!C81 -> 50000000 | D99: ='CHAIR OVERHEAD COST F.xi'!D81+'SLT OVERHEAD COST F.xi'!D81+'COUNCIL OVERHEAD COST F.xi'!D81+'PMD OVERHEAD COST F.xi'!D81+'AGRIC OVERHEAD COST F.xi'!D89+'FINANCE OVERHEAD COST F.xi'!D81+'WORKS OVERHEAD COST F.xi'!D81+'ESD OVERHEAD COST F.xi'!D85+'PHC OVERHEAD COST F.xi'!D82+'WATSAN OVERHEAD COST F.xi'!D81+'TRADITIONAL OVERHEAD COST F.xi'!D81 -> 25847344 | E99: ='CHAIR OVERHEAD COST F.xi'!E81+'SLT OVERHEAD COST F.xi'!E81+'COUNCIL OVERHEAD COST F.xi'!E81+'PMD OVERHEAD COST F.xi'!E81+'AGRIC OVERHEAD COST F.xi'!E89+'FINANCE OVERHEAD COST F.xi'!E81+'WORKS OVERHEAD COST F.xi'!E81+'ESD OVERHEAD COST F.xi'!E85+'PHC OVERHEAD COST F.xi'!E82+'WATSAN OVERHEAD COST F.xi'!E81+'TRADITIONAL OVERHEAD COST F.xi'!E81 -> 40000000
A100: 22021050 | B100: MEDICAL EXPENSES-INTERNATIONAL | C100: ='CHAIR OVERHEAD COST F.xi'!C82+'SLT OVERHEAD COST F.xi'!C82+'COUNCIL OVERHEAD COST F.xi'!C82+'PMD OVERHEAD COST F.xi'!C82+'AGRIC OVERHEAD COST F.xi'!C90+'FINANCE OVERHEAD COST F.xi'!C82+'WORKS OVERHEAD COST F.xi'!C82+'ESD OVERHEAD COST F.xi'!C86+'PHC OVERHEAD COST F.xi'!C83+'WATSAN OVERHEAD COST F.xi'!C82+'TRADITIONAL OVERHEAD COST F.xi'!C82 -> 0 | D100: ='CHAIR OVERHEAD COST F.xi'!D82+'SLT OVERHEAD COST F.xi'!D82+'COUNCIL OVERHEAD COST F.xi'!D82+'PMD OVERHEAD COST F.xi'!D82+'AGRIC OVERHEAD COST F.xi'!D90+'FINANCE OVERHEAD COST F.xi'!D82+'WORKS OVERHEAD COST F.xi'!D82+'ESD OVERHEAD COST F.xi'!D86+'PHC OVERHEAD COST F.xi'!D83+'WATSAN OVERHEAD COST F.xi'!D82+'TRADITIONAL OVERHEAD COST F.xi'!D82 -> 0 | E100: ='CHAIR OVERHEAD COST F.xi'!E82+'SLT OVERHEAD COST F.xi'!E82+'COUNCIL OVERHEAD COST F.xi'!E82+'PMD OVERHEAD COST F.xi'!E82+'AGRIC OVERHEAD COST F.xi'!E90+'FINANCE OVERHEAD COST F.xi'!E82+'WORKS OVERHEAD COST F.xi'!E82+'ESD OVERHEAD COST F.xi'!E86+'PHC OVERHEAD COST F.xi'!E83+'WATSAN OVERHEAD COST F.xi'!E82+'TRADITIONAL OVERHEAD COST F.xi'!E82 -> 0
A101: 220210 | B101: RECURRENT ADJUSTMENT | C101: ='CHAIR OVERHEAD COST F.xi'!C82+'SLT OVERHEAD COST F.xi'!C82+'COUNCIL OVERHEAD COST F.xi'!C82+'PMD OVERHEAD COST F.xi'!C82+'AGRIC OVERHEAD COST F.xi'!C90+'FINANCE OVERHEAD COST F.xi'!C83+'WORKS OVERHEAD COST F.xi'!C82+'ESD OVERHEAD COST F.xi'!C86+'PHC OVERHEAD COST F.xi'!C83+'WATSAN OVERHEAD COST F.xi'!C82+'TRADITIONAL OVERHEAD COST F.xi'!C82 -> 0 | D101: ='CHAIR OVERHEAD COST F.xi'!D82+'SLT OVERHEAD COST F.xi'!D82+'COUNCIL OVERHEAD COST F.xi'!D82+'PMD OVERHEAD COST F.xi'!D82+'AGRIC OVERHEAD COST F.xi'!D90+'FINANCE OVERHEAD COST F.xi'!D83+'WORKS OVERHEAD COST F.xi'!D82+'ESD OVERHEAD COST F.xi'!D86+'PHC OVERHEAD COST F.xi'!D83+'WATSAN OVERHEAD COST F.xi'!D82+'TRADITIONAL OVERHEAD COST F.xi'!D82 -> 0 | E101: ='CHAIR OVERHEAD COST F.xi'!E82+'SLT OVERHEAD COST F.xi'!E82+'COUNCIL OVERHEAD COST F.xi'!E82+'PMD OVERHEAD COST F.xi'!E82+'AGRIC OVERHEAD COST F.xi'!E90+'FINANCE OVERHEAD COST F.xi'!E83+'WORKS OVERHEAD COST F.xi'!E82+'ESD OVERHEAD COST F.xi'!E86+'PHC OVERHEAD COST F.xi'!E83+'WATSAN OVERHEAD COST F.xi'!E82+'TRADITIONAL OVERHEAD COST F.xi'!E82 -> 200000000
A102: 22021052 | B102: SPECIAL DAYS/CELEBRATIONS | C102: ='CHAIR OVERHEAD COST F.xi'!C83+'SLT OVERHEAD COST F.xi'!C83+'COUNCIL OVERHEAD COST F.xi'!C83+'PMD OVERHEAD COST F.xi'!C83+'AGRIC OVERHEAD COST F.xi'!C91+'FINANCE OVERHEAD COST F.xi'!C84+'WORKS OVERHEAD COST F.xi'!C83+'ESD OVERHEAD COST F.xi'!C87+'PHC OVERHEAD COST F.xi'!C84+'WATSAN OVERHEAD COST F.xi'!C83+'TRADITIONAL OVERHEAD COST F.xi'!C83 -> 0 | D102: ='CHAIR OVERHEAD COST F.xi'!D83+'SLT OVERHEAD COST F.xi'!D83+'COUNCIL OVERHEAD COST F.xi'!D83+'PMD OVERHEAD COST F.xi'!D83+'AGRIC OVERHEAD COST F.xi'!D91+'FINANCE OVERHEAD COST F.xi'!D84+'WORKS OVERHEAD COST F.xi'!D83+'ESD OVERHEAD COST F.xi'!D87+'PHC OVERHEAD COST F.xi'!D84+'WATSAN OVERHEAD COST F.xi'!D83+'TRADITIONAL OVERHEAD COST F.xi'!D83 -> 0 | E102: ='CHAIR OVERHEAD COST F.xi'!E83+'SLT OVERHEAD COST F.xi'!E83+'COUNCIL OVERHEAD COST F.xi'!E83+'PMD OVERHEAD COST F.xi'!E83+'AGRIC OVERHEAD COST F.xi'!E91+'FINANCE OVERHEAD COST F.xi'!E84+'WORKS OVERHEAD COST F.xi'!E83+'ESD OVERHEAD COST F.xi'!E87+'PHC OVERHEAD COST F.xi'!E84+'WATSAN OVERHEAD COST F.xi'!E83+'TRADITIONAL OVERHEAD COST F.xi'!E83 -> 10000000
...

Sheet SUMMARY OF EXP SECTOR F.v
A1: KATSINA STATE MINISTRY FOR LOCAL GOVERNMENT AND EMIRATE AFFAIRS F.v
A2: INGAWA LOCAL GOVERNMENT COUNCIL – 2026 BUDGET - SUMMARY OF EXPENDITURE BY SECTOR
A4: Code | B4: Sector | C4: Personnel cost N | D4: Overhead cost N | E4: Total Recurrent N | F4: Capital Expenditure N | G4: Total Expenditure N
A5: 01000000000 | B5: Administrative sector | C5: ='CHAIR PERSONNEL COST F.x'!E7+'SLT PERSONNEL COST F.x'!E7+'COUNCIL PERSONNEL COST F.x'!E7+'PMD PERSONNEL COST F.x'!E7 -> 129684266 | D5: ='CHAIR OVERHEAD COST F.xi'!E7+'SLT OVERHEAD COST F.xi'!E7+'COUNCIL OVERHEAD COST F.xi'!E7+'PMD OVERHEAD COST F.xi'!E7 -> 374700000 | E5: =C5+D5 -> 504384266 | F5: ='PMD CAPITAL EXP F.xii'!F6 -> 682000000 | G5: =E5+F5 -> 1186384266
A6: 02000000000 | B6: Economic sector | C6: ='AGRIC PERSONNEL COST F.x'!E7+'FINANCE PERSONNEL COST F.x'!E7+'WORKS PERSONNEL COST F.x'!E7 -> 702483538 | D6: ='AGRIC OVERHEAD COST F.xi'!E7+'FINANCE OVERHEAD COST F.xi'!E7+'WORKS OVERHEAD COST F.xi'!E7 -> 968108793 | E6: =C6+D6 -> 1670592331 | F6: ='AGRIC CAPITAL EXP F.xii'!F6+'FINANCE CAPITAL EXP F.xii'!F6+'WORKS CAPITAL EXP F.xii'!F6 -> 2973335178 | G6: =E6+F6 -> 4643927509
A7: 03000000000 | B7: Law and Justice | C7: 0 | D7: 0 | E7: =C7+D7 -> 0 | F7: 0 | G7: =E7+F7 -> 0
A8: 04000000000 | B8: Regional Sector | C8: 0 | D8: 0 | E8: =C8+D8 -> 0 | F8: 0 | G8: =E8+F8 -> 0
A9: 05000000000 | B9: Social Sector | C9: ='ESD PERSONNEL COST F.x'!E7+'PHC PERSONNEL COST F.x'!E7+'WATSAN PERSONNEL COST F.x'!E7+'TRADITIONAL PERSONNEL COST F.x'!E7 -> 1645665587 | D9: ='ESD OVERHEAD COST F.xi'!E7+'PHC OVERHEAD COST F.xi'!E7+'WATSAN OVERHEAD COST F.xi'!E7+'TRADITIONAL OVERHEAD COST F.xi'!E7 -> 445700000 | E9: =C9+D9 -> 2091365587 | F9: ='ESD CAPITAL EXP F.xii'!F6+'PHC CAPITAL EXP F.xii'!F6+'WATSAN CAPITAL EXP F.xii'!F6 -> 1246000000 | G9: =E9+F9 -> 3337365587
B23: TOTAL | C23: =SUM(C5:C22) -> 2477833391 | D23: =SUM(D5:D22) -> 1788508793 | E23: =SUM(E5:E22) -> 4266342184 | F23: =SUM(F5:F22) -> 4901335178 | G23: =SUM(G5:G22) -> 9167677362

Sheet SUMMARY OF REC. EXP DEPT F.vi
A2: INGAWA LOCAL GOVERNMENT COUNCIL – 2026 PROPOSED BUDGET - SUMMARY OF RECURRENT EXPENDITURE BY DEPARTMENT
A4: Code | B4: Department | C4: 2025 Revised Budget N | D4: 2025 Budget Performance N | E4: 2026 Proposed Budget N
A5: 011100100100 | B5: OFFICE OF THE LG CHAIRMAN | C5: ='CHAIR PERSONNEL COST F.x'!C7+'CHAIR OVERHEAD COST F.xi'!C7 -> 464915075 | D5: ='CHAIR PERSONNEL COST F.x'!D7+'CHAIR OVERHEAD COST F.xi'!D7 -> 388100701 | E5: ='CHAIR PERSONNEL COST F.x'!E7+'CHAIR OVERHEAD COST F.xi'!E7 -> 170549334
A6: 011101300100 | B6: OFFICE OF THE LG SECRETARY | C6: ='SLT PERSONNEL COST F.x'!C7+'SLT OVERHEAD COST F.xi'!C7 -> 248450792 | D6: ='SLT PERSONNEL COST F.x'!D7+'SLT OVERHEAD COST F.xi'!D7 -> 33578240 | E6: ='SLT PERSONNEL COST F.x'!E7+'SLT OVERHEAD COST F.xi'!E7 -> 38678240
A7: 011200300100 | B7: THE COUNCIL | C7: ='COUNCIL PERSONNEL COST F.x'!C7+'COUNCIL OVERHEAD COST F.xi'!C7 -> 362156535 | D7: ='COUNCIL PERSONNEL COST F.x'!D7+'COUNCIL OVERHEAD COST F.xi'!D7 -> 47867541 | E7: ='COUNCIL PERSONNEL COST F.x'!E7+'COUNCIL OVERHEAD COST F.xi'!E7 -> 66487541
A8: 012500100100 | B8: PERSONNEL MANAGEMENT DEPARTMENT | C8: ='PMD PERSONNEL COST F.x'!C7+'PMD OVERHEAD COST F.xi'!C7 -> 275645864 | D8: ='PMD PERSONNEL COST F.x'!D7+'PMD OVERHEAD COST F.xi'!D7 -> 197872584 | E8: ='PMD PERSONNEL COST F.x'!E7+'PMD OVERHEAD COST F.xi'!E7 -> 228669151
A9: 021500100100 | B9: AGRICULTURE AND NATURAL RESOURCES | C9: ='AGRIC PERSONNEL COST F.x'!C7+'AGRIC OVERHEAD COST F.xi'!C7 -> 1146481438 | D9: ='AGRIC PERSONNEL COST F.x'!D7+'AGRIC OVERHEAD COST F.xi'!D7 -> 557465703 | E9: ='AGRIC PERSONNEL COST F.x'!E7+'AGRIC OVERHEAD COST F.xi'!E7 -> 167503376
A10: 022000100100 | B10: FINANCE DEPARTMENT | C10: ='FINANCE PERSONNEL COST F.x'!C7+'FINANCE OVERHEAD COST F.xi'!C7 -> 1144923252 | D10: ='FINANCE PERSONNEL COST F.x'!D7+'FINANCE OVERHEAD COST F.xi'!D7 -> 1059493382 | E10: ='FINANCE PERSONNEL COST F.x'!E7+'FINANCE OVERHEAD COST F.xi'!E7 -> 1384910867
A11: 023400100100 | B11: WORKS DEPARTMENT | C11: ='WORKS PERSONNEL COST F.x'!C7+'WORKS OVERHEAD COST F.xi'!C7 -> 103982036 | D11: ='WORKS PERSONNEL COST F.x'!D7+'WORKS OVERHEAD COST F.xi'!D7 -> 61684536 | E11: ='WORKS PERSONNEL COST F.x'!E7+'WORKS OVERHEAD COST F.xi'!E7 -> 118178088
A12: 051700100100 | B12: EDUCATION AND SOCIAL SERVICES | C12: ='ESD PERSONNEL COST F.x'!C7+'ESD OVERHEAD COST F.xi'!C7 -> 2048676872 | D12: ='ESD PERSONNEL COST F.x'!D7+'ESD OVERHEAD COST F.xi'!D7 -> 1718627302 | E12: ='ESD PERSONNEL COST F.x'!E7+'ESD OVERHEAD COST F.xi'!E7 -> 1599325093
A13: 052100100100 | B13: PRIMARY HEALTH CARE DEPARTMENT | C13: ='PHC PERSONNEL COST F.x'!C7+'PHC OVERHEAD COST F.xi'!C7 -> 336241577 | D13: ='PHC PERSONNEL COST F.x'!D7+'PHC OVERHEAD COST F.xi'!D7 -> 270311232 | E13: ='PHC PERSONNEL COST F.x'!E7+'PHC OVERHEAD COST F.xi'!E7 -> 338335027
A14: 053500100100 | B14: WATER AND SANITATION DEPARTMENT | C14: ='WATSAN PERSONNEL COST F.x'!C7+'WATSAN OVERHEAD COST F.xi'!C7 -> 177591661 | D14: ='WATSAN PERSONNEL COST F.x'!D7+'WATSAN OVERHEAD COST F.xi'!D7 -> 111149230 | E14: ='WATSAN PERSONNEL COST F.x'!E7+'WATSAN OVERHEAD COST F.xi'!E7 -> 112931906
A15: 055100200100 | B15: TRADITIONAL RULERS OFFICE | C15: ='TRADITIONAL PERSONNEL COST F.x'!C7+'TRADITIONAL OVERHEAD COST F.xi'!C7 -> 56889878 | D15: ='TRADITIONAL PERSONNEL COST F.x'!D7+'TRADITIONAL OVERHEAD COST F.xi'!D7 -> 41184102 | E15: ='TRADITIONAL PERSONNEL COST F.x'!E7+'TRADITIONAL OVERHEAD COST F.xi'!E7 -> 40773561
B28: TOTAL | C28: =SUM(C5:C27) -> 6365954980 | D28: =SUM(D5:D27) -> 4487334553 | E28: =SUM(E5:E27) -> 4266342184

Sheet SUMMARY OF RECURRENT EXP F.vii
A1: KATSINA STATE MINISTRY FOR LOCAL GOVERNMENT AND EMIRATE AFFAIRS F.vii
A2: INGAWA LOCAL GOVERNMENT COUNCIL – 2026 BUDGET - SUMMARY OF RECURRENT EXPENDITURE
A4: Code | B4: Economic Items | C4: 2025 Revised Budget N | D4: 2025 Budget Performance N | E4: 2026 Proposed Budget N
B5: TOTAL RECURRENT EXPENDITURE | C5: =C6+C11 -> 6365954980 | D5: =D6+D11 -> 4487334553 | E5: =E6+E11 -> 4266342184
A6: 21 | B6: PERSONNEL COST | C6: =SUM(C7:C10) -> 3306203403 | D6: =SUM(D7:D10) -> 2625009721 | E6: =SUM(E7:E10) -> 2477833391
A7: 21010100 | B7: SALARIES AND WAGES | C7: ='CHAIR PERSONNEL COST F.x'!C9+'SLT PERSONNEL COST F.x'!C9+'COUNCIL PERSONNEL COST F.x'!C9+'PMD PERSONNEL COST F.x'!C9+'AGRIC PERSONNEL COST F.x'!C9+'FINANCE PERSONNEL COST F.x'!C9+'WORKS PERSONNEL COST F.x'!C9+'ESD PERSONNEL COST F.x'!C9+'PHC PERSONNEL COST F.x'!C9+'WATSAN PERSONNEL COST F.x'!C9+'TRADITIONAL PERSONNEL COST F.x'!C9 -> 2029237228 | D7: ='CHAIR PERSONNEL COST F.x'!D9+'SLT PERSONNEL COST F.x'!D9+'COUNCIL PERSONNEL COST F.x'!D9+'PMD PERSONNEL COST F.x'!D9+'AGRIC PERSONNEL COST F.x'!D9+'FINANCE PERSONNEL COST F.x'!D9+'WORKS PERSONNEL COST F.x'!D9+'ESD PERSONNEL COST F.x'!D9+'PHC PERSONNEL COST F.x'!D9+'WATSAN PERSONNEL COST F.x'!D9+'TRADITIONAL PERSONNEL COST F.x'!D9 -> 1837894116 | E7: ='CHAIR PERSONNEL COST F.x'!E9+'SLT PERSONNEL COST F.x'!E9+'COUNCIL PERSONNEL COST F.x'!E9+'PMD PERSONNEL COST F.x'!E9+'AGRIC PERSONNEL COST F.x'!E9+'FINANCE PERSONNEL COST F.x'!E9+'WORKS PERSONNEL COST F.x'!E9+'ESD PERSONNEL COST F.x'!E9+'PHC PERSONNEL COST F.x'!E9+'WATSAN PERSONNEL COST F.x'!E9+'TRADITIONAL PERSONNEL COST F.x'!E9 -> 1950280357
A8: 21020100 | B8: ALLOWANCES | C8: ='CHAIR PERSONNEL COST F.x'!C14+'SLT PERSONNEL COST F.x'!C14+'COUNCIL PERSONNEL COST F.x'!C14+'PMD PERSONNEL COST F.x'!C14+'AGRIC PERSONNEL COST F.x'!C14+'FINANCE PERSONNEL COST F.x'!C14+'WORKS PERSONNEL COST F.x'!C14+'ESD PERSONNEL COST F.x'!C15+'PHC PERSONNEL COST F.x'!C14+'WATSAN PERSONNEL COST F.x'!C14+'TRADITIONAL PERSONNEL COST F.x'!C14 -> 489850570 | D8: ='CHAIR PERSONNEL COST F.x'!D14+'SLT PERSONNEL COST F.x'!D14+'COUNCIL PERSONNEL COST F.x'!D14+'PMD PERSONNEL COST F.x'!D14+'AGRIC PERSONNEL COST F.x'!D14+'FINANCE PERSONNEL COST F.x'!D14+'WORKS PERSONNEL COST F.x'!D14+'ESD PERSONNEL COST F.x'!D15+'PHC PERSONNEL COST F.x'!D14+'WATSAN PERSONNEL COST F.x'!D14+'TRADITIONAL PERSONNEL COST F.x'!D14 -> 0 | E8: ='CHAIR PERSONNEL COST F.x'!E14+'SLT PERSONNEL COST F.x'!E14+'COUNCIL PERSONNEL COST F.x'!E14+'PMD PERSONNEL COST F.x'!E14+'AGRIC PERSONNEL COST F.x'!E14+'FINANCE PERSONNEL COST F.x'!E14+'WORKS PERSONNEL COST F.x'!E14+'ESD PERSONNEL COST F.x'!E15+'PHC PERSONNEL COST F.x'!E14+'WATSAN PERSONNEL COST F.x'!E14+'TRADITIONAL PERSONNEL COST F.x'!E14 -> 1680000
A9: 21020200 | B9: SOCIAL CONTRIBUTIONS | C9: ='CHAIR PERSONNEL COST F.x'!C18+'SLT PERSONNEL COST F.x'!C18+'COUNCIL PERSONNEL COST F.x'!C18+'PMD PERSONNEL COST F.x'!C18+'AGRIC PERSONNEL COST F.x'!C18+'FINANCE PERSONNEL COST F.x'!C18+'WORKS PERSONNEL COST F.x'!C18+'ESD PERSONNEL COST F.x'!C19+'PHC PERSONNEL COST F.x'!C18+'WATSAN PERSONNEL COST F.x'!C18+'TRADITIONAL PERSONNEL COST F.x'!C18 -> 0 | D9: ='CHAIR PERSONNEL COST F.x'!D18+'SLT PERSONNEL COST F.x'!D18+'COUNCIL PERSONNEL COST F.x'!D18+'PMD PERSONNEL COST F.x'!D18+'AGRIC PERSONNEL COST F.x'!D18+'FINANCE PERSONNEL COST F.x'!D18+'WORKS PERSONNEL COST F.x'!D18+'ESD PERSONNEL COST F.x'!D19+'PHC PERSONNEL COST F.x'!D18+'WATSAN PERSONNEL COST F.x'!D18+'TRADITIONAL PERSONNEL COST F.x'!D18 -> 0 | E9: ='CHAIR PERSONNEL COST F.x'!E18+'SLT PERSONNEL COST F.x'!E18+'COUNCIL PERSONNEL COST F.x'!E18+'PMD PERSONNEL COST F.x'!E18+'AGRIC PERSONNEL COST F.x'!E18+'FINANCE PERSONNEL COST F.x'!E18+'WORKS PERSONNEL COST F.x'!E18+'ESD PERSONNEL COST F.x'!E19+'PHC PERSONNEL COST F.x'!E18+'WATSAN PERSONNEL COST F.x'!E18+'TRADITIONAL PERSONNEL COST F.x'!E18 -> 0
A10: 21030100 | B10: SOCIAL BENEFITS | C10: ='CHAIR PERSONNEL COST F.x'!C20+'SLT PERSONNEL COST F.x'!C20+'COUNCIL PERSONNEL COST F.x'!C20+'PMD PERSONNEL COST F.x'!C20+'AGRIC PERSONNEL COST F.x'!C20+'FINANCE PERSONNEL COST F.x'!C20+'WORKS PERSONNEL COST F.x'!C20+'ESD PERSONNEL COST F.x'!C21+'PHC PERSONNEL COST F.x'!C20+'WATSAN PERSONNEL COST F.x'!C20+'TRADITIONAL PERSONNEL COST F.x'!C20 -> 787115605 | D10: ='CHAIR PERSONNEL COST F.x'!D20+'SLT PERSONNEL COST F.x'!D20+'COUNCIL PERSONNEL COST F.x'!D20+'PMD PERSONNEL COST F.x'!D20+'AGRIC PERSONNEL COST F.x'!D20+'FINANCE PERSONNEL COST F.x'!D20+'WORKS PERSONNEL COST F.x'!D20+'ESD PERSONNEL COST F.x'!D21+'PHC PERSONNEL COST F.x'!D20+'WATSAN PERSONNEL COST F.x'!D20+'TRADITIONAL PERSONNEL COST F.x'!D20 -> 787115605 | E10: ='CHAIR PERSONNEL COST F.x'!E20+'SLT PERSONNEL COST F.x'!E20+'COUNCIL PERSONNEL COST F.x'!E20+'PMD PERSONNEL COST F.x'!E20+'AGRIC PERSONNEL COST F.x'!E20+'FINANCE PERSONNEL COST F.x'!E20+'WORKS PERSONNEL COST F.x'!E20+'ESD PERSONNEL COST F.x'!E21+'PHC PERSONNEL COST F.x'!E20+'WATSAN PERSONNEL COST F.x'!E20+'TRADITIONAL PERSONNEL COST F.x'!E20 -> 525873034
A11: 22 | B11: OTHER RECURRENT | C11: =SUM(C12:C24) -> 3059751577 | D11: =SUM(D12:D24) -> 1862324832 | E11: =SUM(E12:E24) -> 1788508793
A12: 22020100 | B12: TRAVEL & TRANSPORT – GENERAL | C12: ='CHAIR OVERHEAD COST F.xi'!C9+'SLT OVERHEAD COST F.xi'!C9+'COUNCIL OVERHEAD COST F.xi'!C9+'PMD OVERHEAD COST F.xi'!C9+'AGRIC OVERHEAD COST F.xi'!C9+'FINANCE OVERHEAD COST F.xi'!C9+'WORKS OVERHEAD COST F.xi'!C9+'ESD OVERHEAD COST F.xi'!C9+'PHC OVERHEAD COST F.xi'!C9+'WATSAN OVERHEAD COST F.xi'!C9+'TRADITIONAL OVERHEAD COST F.xi'!C9 -> 75500000 | D12: ='CHAIR OVERHEAD COST F.xi'!D9+'SLT OVERHEAD COST F.xi'!D9+'COUNCIL OVERHEAD COST F.xi'!D9+'PMD OVERHEAD COST F.xi'!D9+'AGRIC OVERHEAD COST F.xi'!D9+'FINANCE OVERHEAD COST F.xi'!D9+'WORKS OVERHEAD COST F.xi'!D9+'ESD OVERHEAD COST F.xi'!D9+'PHC OVERHEAD COST F.xi'!D9+'WATSAN OVERHEAD COST F.xi'!D9+'TRADITIONAL OVERHEAD COST F.xi'!D9 -> 53137065 | E12: ='CHAIR OVERHEAD COST F.xi'!E9+'SLT OVERHEAD COST F.xi'!E9+'COUNCIL OVERHEAD COST F.xi'!E9+'PMD OVERHEAD COST F.xi'!E9+'AGRIC OVERHEAD COST F.xi'!E9+'FINANCE OVERHEAD COST F.xi'!E9+'WORKS OVERHEAD COST F.xi'!E9+'ESD OVERHEAD COST F.xi'!E9+'PHC OVERHEAD COST F.xi'!E9+'WATSAN OVERHEAD COST F.xi'!E9+'TRADITIONAL OVERHEAD COST F.xi'!E9 -> 97300000
A13: 22020200 | B13: UTILITIES – GENERAL | C13: ='CHAIR OVERHEAD COST F.xi'!C14+'SLT OVERHEAD COST F.xi'!C14+'COUNCIL OVERHEAD COST F.xi'!C14+'PMD OVERHEAD COST F.xi'!C14+'AGRIC OVERHEAD COST F.xi'!C14+'FINANCE OVERHEAD COST F.xi'!C14+'WORKS OVERHEAD COST F.xi'!C14+'ESD OVERHEAD COST F.xi'!C14+'PHC OVERHEAD COST F.xi'!C14+'WATSAN OVERHEAD COST F.xi'!C14+'TRADITIONAL OVERHEAD COST F.xi'!C14 -> 1500000 | D13: ='CHAIR OVERHEAD COST F.xi'!D14+'SLT OVERHEAD COST F.xi'!D14+'COUNCIL OVERHEAD COST F.xi'!D14+'PMD OVERHEAD COST F.xi'!D14+'AGRIC OVERHEAD COST F.xi'!D14+'FINANCE OVERHEAD COST F.xi'!D14+'WORKS OVERHEAD COST F.xi'!D14+'ESD OVERHEAD COST F.xi'!D14+'PHC OVERHEAD COST F.xi'!D14+'WATSAN OVERHEAD COST F.xi'!D14+'TRADITIONAL OVERHEAD COST F.xi'!D14 -> 1200000 | E13: ='CHAIR OVERHEAD COST F.xi'!E14+'SLT OVERHEAD COST F.xi'!E14+'COUNCIL OVERHEAD COST F.xi'!E14+'PMD OVERHEAD COST F.xi'!E14+'AGRIC OVERHEAD COST F.xi'!E14+'FINANCE OVERHEAD COST F.xi'!E14+'WORKS OVERHEAD COST F.xi'!E14+'ESD OVERHEAD COST F.xi'!E14+'PHC OVERHEAD COST F.xi'!E14+'WATSAN OVERHEAD COST F.xi'!E14+'TRADITIONAL OVERHEAD COST F.xi'!E14 -> 2000000
A14: 22020300 | B14: MATERIALS & SUPPLIES – GENERAL | C14: ='CHAIR OVERHEAD COST F.xi'!C22+'SLT OVERHEAD COST F.xi'!C22+'COUNCIL OVERHEAD COST F.xi'!C22+'PMD OVERHEAD COST F.xi'!C22+'AGRIC OVERHEAD COST F.xi'!C22+'FINANCE OVERHEAD COST F.xi'!C22+'WORKS OVERHEAD COST F.xi'!C22+'ESD OVERHEAD COST F.xi'!C22+'PHC OVERHEAD COST F.xi'!C22+'WATSAN OVERHEAD COST F.xi'!C22+'TRADITIONAL OVERHEAD COST F.xi'!C22 -> 1120500000 | D14: ='CHAIR OVERHEAD COST F.xi'!D22+'SLT OVERHEAD COST F.xi'!D22+'COUNCIL OVERHEAD COST F.xi'!D22+'PMD OVERHEAD COST F.xi'!D22+'AGRIC OVERHEAD COST F.xi'!D22+'FINANCE OVERHEAD COST F.xi'!D22+'WORKS OVERHEAD COST F.xi'!D22+'ESD OVERHEAD COST F.xi'!D22+'PHC OVERHEAD COST F.xi'!D22+'WATSAN OVERHEAD COST F.xi'!D22+'TRADITIONAL OVERHEAD COST F.xi'!D22 -> 511311588 | E14: ='CHAIR OVERHEAD COST F.xi'!E22+'SLT OVERHEAD COST F.xi'!E22+'COUNCIL OVERHEAD COST F.xi'!E22+'PMD OVERHEAD COST F.xi'!E22+'AGRIC OVERHEAD COST F.xi'!E22+'FINANCE OVERHEAD COST F.xi'!E22+'WORKS OVERHEAD COST F.xi'!E22+'ESD OVERHEAD COST F.xi'!E22+'PHC OVERHEAD COST F.xi'!E22+'WATSAN OVERHEAD COST F.xi'!E22+'TRADITIONAL OVERHEAD COST F.xi'!E22 -> 117500000
A15: 22020400 | B15: MAINTENANCE SERVICES – GENERAL | C15: ='CHAIR OVERHEAD COST F.xi'!C36+'SLT OVERHEAD COST F.xi'!C36+'COUNCIL OVERHEAD COST F.xi'!C36+'PMD OVERHEAD COST F.xi'!C36+'AGRIC OVERHEAD COST F.xi'!C44+'FINANCE OVERHEAD COST F.xi'!C36+'WORKS OVERHEAD COST F.xi'!C36+'ESD OVERHEAD COST F.xi'!C36+'PHC OVERHEAD COST F.xi'!C36+'WATSAN OVERHEAD COST F.xi'!C36+'TRADITIONAL OVERHEAD COST F.xi'!C36 -> 84000000 | D15: ='CHAIR OVERHEAD COST F.xi'!D36+'SLT OVERHEAD COST F.xi'!D36+'COUNCIL OVERHEAD COST F.xi'!D36+'PMD OVERHEAD COST F.xi'!D36+'AGRIC OVERHEAD COST F.xi'!D44+'FINANCE OVERHEAD COST F.xi'!D36+'WORKS OVERHEAD COST F.xi'!D36+'ESD OVERHEAD COST F.xi'!D36+'PHC OVERHEAD COST F.xi'!D36+'WATSAN OVERHEAD COST F.xi'!D36+'TRADITIONAL OVERHEAD COST F.xi'!D36 -> 45712500 | E15: ='CHAIR OVERHEAD COST F.xi'!E36+'SLT OVERHEAD COST F.xi'!E36+'COUNCIL OVERHEAD COST F.xi'!E36+'PMD OVERHEAD COST F.xi'!E36+'AGRIC OVERHEAD COST F.xi'!E44+'FINANCE OVERHEAD COST F.xi'!E36+'WORKS OVERHEAD COST F.xi'!E36+'ESD OVERHEAD COST F.xi'!E36+'PHC OVERHEAD COST F.xi'!E36+'WATSAN OVERHEAD COST F.xi'!E36+'TRADITIONAL OVERHEAD COST F.xi'!E36 -> 105200000
A16: 22020500 | B16: TRAINING – GENERAL | C16: ='CHAIR OVERHEAD COST F.xi'!C45+'SLT OVERHEAD COST F.xi'!C45+'COUNCIL OVERHEAD COST F.xi'!C45+'PMD OVERHEAD COST F.xi'!C45+'AGRIC OVERHEAD COST F.xi'!C53+'FINANCE OVERHEAD COST F.xi'!C45+'WORKS OVERHEAD COST F.xi'!C45+'ESD OVERHEAD COST F.xi'!C45+'PHC OVERHEAD COST F.xi'!C45+'WATSAN OVERHEAD COST F.xi'!C45+'TRADITIONAL OVERHEAD COST F.xi'!C45 -> 15000000 | D16: ='CHAIR OVERHEAD COST F.xi'!D45+'SLT OVERHEAD COST F.xi'!D45+'COUNCIL OVERHEAD COST F.xi'!D45+'PMD OVERHEAD COST F.xi'!D45+'AGRIC OVERHEAD COST F.xi'!D53+'FINANCE OVERHEAD COST F.xi'!D45+'WORKS OVERHEAD COST F.xi'!D45+'ESD OVERHEAD COST F.xi'!D45+'PHC OVERHEAD COST F.xi'!D45+'WATSAN OVERHEAD COST F.xi'!D45+'TRADITIONAL OVERHEAD COST F.xi'!D45 -> 12950000 | E16: ='CHAIR OVERHEAD COST F.xi'!E45+'SLT OVERHEAD COST F.xi'!E45+'COUNCIL OVERHEAD COST F.xi'!E45+'PMD OVERHEAD COST F.xi'!E45+'AGRIC OVERHEAD COST F.xi'!E53+'FINANCE OVERHEAD COST F.xi'!E45+'WORKS OVERHEAD COST F.xi'!E45+'ESD OVERHEAD COST F.xi'!E45+'PHC OVERHEAD COST F.xi'!E45+'WATSAN OVERHEAD COST F.xi'!E45+'TRADITIONAL OVERHEAD COST F.xi'!E45 -> 59000000
A17: 22020600 | B17: OTHER SERVICES – GENERAL | C17: ='CHAIR OVERHEAD COST F.xi'!C48+'SLT OVERHEAD COST F.xi'!C48+'COUNCIL OVERHEAD COST F.xi'!C48+'PMD OVERHEAD COST F.xi'!C48+'AGRIC OVERHEAD COST F.xi'!C56+'FINANCE OVERHEAD COST F.xi'!C48+'WORKS OVERHEAD COST F.xi'!C48+'ESD OVERHEAD COST F.xi'!C48+'PHC OVERHEAD COST F.xi'!C48+'WATSAN OVERHEAD COST F.xi'!C48+'TRADITIONAL OVERHEAD COST F.xi'!C48 -> 395329737 | D17: ='CHAIR OVERHEAD COST F.xi'!D48+'SLT OVERHEAD COST F.xi'!D48+'COUNCIL OVERHEAD COST F.xi'!D48+'PMD OVERHEAD COST F.xi'!D48+'AGRIC OVERHEAD COST F.xi'!D56+'FINANCE OVERHEAD COST F.xi'!D48+'WORKS OVERHEAD COST F.xi'!D48+'ESD OVERHEAD COST F.xi'!D48+'PHC OVERHEAD COST F.xi'!D48+'WATSAN OVERHEAD COST F.xi'!D48+'TRADITIONAL OVERHEAD COST F.xi'!D48 -> 372755000 | E17: ='CHAIR OVERHEAD COST F.xi'!E48+'SLT OVERHEAD COST F.xi'!E48+'COUNCIL OVERHEAD COST F.xi'!E48+'PMD OVERHEAD COST F.xi'!E48+'AGRIC OVERHEAD COST F.xi'!E56+'FINANCE OVERHEAD COST F.xi'!E48+'WORKS OVERHEAD COST F.xi'!E48+'ESD OVERHEAD COST F.xi'!E48+'PHC OVERHEAD COST F.xi'!E48+'WATSAN OVERHEAD COST F.xi'!E48+'TRADITIONAL OVERHEAD COST F.xi'!E48 -> 17500000
A18: 22020700 | B18: CONSULTING & PROFESSIONAL SERVICES – GEN | C18: ='CHAIR OVERHEAD COST F.xi'!C54+'SLT OVERHEAD COST F.xi'!C54+'COUNCIL OVERHEAD COST F.xi'!C54+'PMD OVERHEAD COST F.xi'!C54+'AGRIC OVERHEAD COST F.xi'!C62+'FINANCE OVERHEAD COST F.xi'!C54+'WORKS OVERHEAD COST F.xi'!C54+'ESD OVERHEAD COST F.xi'!C54+'PHC OVERHEAD COST F.xi'!C54+'WATSAN OVERHEAD COST F.xi'!C54+'TRADITIONAL OVERHEAD COST F.xi'!C54 -> 24900000 | D18: ='CHAIR OVERHEAD COST F.xi'!D54+'SLT OVERHEAD COST F.xi'!D54+'COUNCIL OVERHEAD COST F.xi'!D54+'PMD OVERHEAD COST F.xi'!D54+'AGRIC OVERHEAD COST F.xi'!D62+'FINANCE OVERHEAD COST F.xi'!D54+'WORKS OVERHEAD COST F.xi'!D54+'ESD OVERHEAD COST F.xi'!D54+'PHC OVERHEAD COST F.xi'!D54+'WATSAN OVERHEAD COST F.xi'!D54+'TRADITIONAL OVERHEAD COST F.xi'!D54 -> 19000000 | E18: ='CHAIR OVERHEAD COST F.xi'!E54+'SLT OVERHEAD COST F.xi'!E54+'COUNCIL OVERHEAD COST F.xi'!E54+'PMD OVERHEAD COST F.xi'!E54+'AGRIC OVERHEAD COST F.xi'!E62+'FINANCE OVERHEAD COST F.xi'!E54+'WORKS OVERHEAD COST F.xi'!E54+'ESD OVERHEAD COST F.xi'!E54+'PHC OVERHEAD COST F.xi'!E54+'WATSAN OVERHEAD COST F.xi'!E54+'TRADITIONAL OVERHEAD COST F.xi'!E54 -> 26500000
A19: 22020800 | B19: FUEL & LUBRICANTS – GENERAL | C19: ='CHAIR OVERHEAD COST F.xi'!C63+'SLT OVERHEAD COST F.xi'!C63+'COUNCIL OVERHEAD COST F.xi'!C63+'PMD OVERHEAD COST F.xi'!C63+'AGRIC OVERHEAD COST F.xi'!C71+'FINANCE OVERHEAD COST F.xi'!C63+'WORKS OVERHEAD COST F.xi'!C63+'ESD OVERHEAD COST F.xi'!C63+'PHC OVERHEAD COST F.xi'!C64+'WATSAN OVERHEAD COST F.xi'!C63+'TRADITIONAL OVERHEAD COST F.xi'!C63 -> 63200000 | D19: ='CHAIR OVERHEAD COST F.xi'!D63+'SLT OVERHEAD COST F.xi'!D63+'COUNCIL OVERHEAD COST F.xi'!D63+'PMD OVERHEAD COST F.xi'!D63+'AGRIC OVERHEAD COST F.xi'!D71+'FINANCE OVERHEAD COST F.xi'!D63+'WORKS OVERHEAD COST F.xi'!D63+'ESD OVERHEAD COST F.xi'!D63+'PHC OVERHEAD COST F.xi'!D64+'WATSAN OVERHEAD COST F.xi'!D63+'TRADITIONAL OVERHEAD COST F.xi'!D63 -> 19770000 | E19: ='CHAIR OVERHEAD COST F.xi'!E63+'SLT OVERHEAD COST F.xi'!E63+'COUNCIL OVERHEAD COST F.xi'!E63+'PMD OVERHEAD COST F.xi'!E63+'AGRIC OVERHEAD COST F.xi'!E71+'FINANCE OVERHEAD COST F.xi'!E63+'WORKS OVERHEAD COST F.xi'!E63+'ESD OVERHEAD COST F.xi'!E63+'PHC OVERHEAD COST F.xi'!E64+'WATSAN OVERHEAD COST F.xi'!E63+'TRADITIONAL OVERHEAD COST F.xi'!E63 -> 32700000
A20: 22020900 | B20: FINANCIAL CHARGES – GENERAL | C20: ='CHAIR OVERHEAD COST F.xi'!C67+'SLT OVERHEAD COST F.xi'!C67+'COUNCIL OVERHEAD COST F.xi'!C67+'PMD OVERHEAD COST F.xi'!C67+'AGRIC OVERHEAD COST F.xi'!C75+'FINANCE OVERHEAD COST F.xi'!C67+'WORKS OVERHEAD COST F.xi'!C67+'ESD OVERHEAD COST F.xi'!C67+'PHC OVERHEAD COST F.xi'!C68+'WATSAN OVERHEAD COST F.xi'!C67+'TRADITIONAL OVERHEAD COST F.xi'!C67 -> 1000000 | D20: ='CHAIR OVERHEAD COST F.xi'!D67+'SLT OVERHEAD COST F.xi'!D67+'COUNCIL OVERHEAD COST F.xi'!D67+'PMD OVERHEAD COST F.xi'!D67+'AGRIC OVERHEAD COST F.xi'!D75+'FINANCE OVERHEAD COST F.xi'!D67+'WORKS OVERHEAD COST F.xi'!D67+'ESD OVERHEAD COST F.xi'!D67+'PHC OVERHEAD COST F.xi'!D68+'WATSAN OVERHEAD COST F.xi'!D67+'TRADITIONAL OVERHEAD COST F.xi'!D67 -> 180000 | E20: ='CHAIR OVERHEAD COST F.xi'!E67+'SLT OVERHEAD COST F.xi'!E67+'COUNCIL OVERHEAD COST F.xi'!E67+'PMD OVERHEAD COST F.xi'!E67+'AGRIC OVERHEAD COST F.xi'!E75+'FINANCE OVERHEAD COST F.xi'!E67+'WORKS OVERHEAD COST F.xi'!E67+'ESD OVERHEAD COST F.xi'!E67+'PHC OVERHEAD COST F.xi'!E68+'WATSAN OVERHEAD COST F.xi'!E67+'TRADITIONAL OVERHEAD COST F.xi'!E67 -> 190000
A21: 22021000 | B21: MISCELLANEOUS EXPENSES GENERAL | C21: ='CHAIR OVERHEAD COST F.xi'!C70+'SLT OVERHEAD COST F.xi'!C70+'COUNCIL OVERHEAD COST F.xi'!C70+'PMD OVERHEAD COST F.xi'!C70+'AGRIC OVERHEAD COST F.xi'!C78+'FINANCE OVERHEAD COST F.xi'!C70+'WORKS OVERHEAD COST F.xi'!C70+'ESD OVERHEAD COST F.xi'!C70+'PHC OVERHEAD COST F.xi'!C71+'WATSAN OVERHEAD COST F.xi'!C70+'TRADITIONAL OVERHEAD COST F.xi'!C70 -> 853436143 | D21: ='CHAIR OVERHEAD COST F.xi'!D70+'SLT OVERHEAD COST F.xi'!D70+'COUNCIL OVERHEAD COST F.xi'!D70+'PMD OVERHEAD COST F.xi'!D70+'AGRIC OVERHEAD COST F.xi'!D78+'FINANCE OVERHEAD COST F.xi'!D70+'WORKS OVERHEAD COST F.xi'!D70+'ESD OVERHEAD COST F.xi'!D70+'PHC OVERHEAD COST F.xi'!D71+'WATSAN OVERHEAD COST F.xi'!D70+'TRADITIONAL OVERHEAD COST F.xi'!D70 -> 600039850 | E21: ='CHAIR OVERHEAD COST F.xi'!E70+'SLT OVERHEAD COST F.xi'!E70+'COUNCIL OVERHEAD COST F.xi'!E70+'PMD OVERHEAD COST F.xi'!E70+'AGRIC OVERHEAD COST F.xi'!E78+'FINANCE OVERHEAD COST F.xi'!E70+'WORKS OVERHEAD COST F.xi'!E70+'ESD OVERHEAD COST F.xi'!E70+'PHC OVERHEAD COST F.xi'!E71+'WATSAN OVERHEAD COST F.xi'!E70+'TRADITIONAL OVERHEAD COST F.xi'!E70 -> 677200000
A22: 22040000 | B22: GRANTS AND CONTRIBUTIONS GENERAL | C22: ='CHAIR OVERHEAD COST F.xi'!C84+'SLT OVERHEAD COST F.xi'!C84+'COUNCIL OVERHEAD COST F.xi'!C84+'PMD OVERHEAD COST F.xi'!C84+'AGRIC OVERHEAD COST F.xi'!C92+'FINANCE OVERHEAD COST F.xi'!C85+'WORKS OVERHEAD COST F.xi'!C84+'ESD OVERHEAD COST F.xi'!C88+'PHC OVERHEAD COST F.xi'!C85+'WATSAN OVERHEAD COST F.xi'!C84+'TRADITIONAL OVERHEAD COST F.xi'!C84 -> 320385697 | D22: ='CHAIR OVERHEAD COST F.xi'!D84+'SLT OVERHEAD COST F.xi'!D84+'COUNCIL OVERHEAD COST F.xi'!D84+'PMD OVERHEAD COST F.xi'!D84+'AGRIC OVERHEAD COST F.xi'!D92+'FINANCE OVERHEAD COST F.xi'!D85+'WORKS OVERHEAD COST F.xi'!D84+'ESD OVERHEAD COST F.xi'!D88+'PHC OVERHEAD COST F.xi'!D85+'WATSAN OVERHEAD COST F.xi'!D84+'TRADITIONAL OVERHEAD COST F.xi'!D84 -> 148871193 | E22: ='CHAIR OVERHEAD COST F.xi'!E84+'SLT OVERHEAD COST F.xi'!E84+'COUNCIL OVERHEAD COST F.xi'!E84+'PMD OVERHEAD COST F.xi'!E84+'AGRIC OVERHEAD COST F.xi'!E92+'FINANCE OVERHEAD COST F.xi'!E85+'WORKS OVERHEAD COST F.xi'!E84+'ESD OVERHEAD COST F.xi'!E88+'PHC OVERHEAD COST F.xi'!E85+'WATSAN OVERHEAD COST F.xi'!E84+'TRADITIONAL OVERHEAD COST F.xi'!E84 -> 443418793
A23: 22050000 | B23: SUBSIDIES - GENERAL | C23: ='CHAIR OVERHEAD COST F.xi'!C88+'SLT OVERHEAD COST F.xi'!C88+'COUNCIL OVERHEAD COST F.xi'!C88+'PMD OVERHEAD COST F.xi'!C88+'AGRIC OVERHEAD COST F.xi'!C96+'FINANCE OVERHEAD COST F.xi'!C89+'WORKS OVERHEAD COST F.xi'!C88+'ESD OVERHEAD COST F.xi'!C93+'PHC OVERHEAD COST F.xi'!C92+'WATSAN OVERHEAD COST F.xi'!C88+'TRADITIONAL OVERHEAD COST F.xi'!C88 -> 105000000 | D23: ='CHAIR OVERHEAD COST F.xi'!D88+'SLT OVERHEAD COST F.xi'!D88+'COUNCIL OVERHEAD COST F.xi'!D88+'PMD OVERHEAD COST F.xi'!D88+'AGRIC OVERHEAD COST F.xi'!D96+'FINANCE OVERHEAD COST F.xi'!D89+'WORKS OVERHEAD COST F.xi'!D88+'ESD OVERHEAD COST F.xi'!D93+'PHC OVERHEAD COST F.xi'!D92+'WATSAN OVERHEAD COST F.xi'!D88+'TRADITIONAL OVERHEAD COST F.xi'!D88 -> 77397636 | E23: ='CHAIR OVERHEAD COST F.xi'!E88+'SLT OVERHEAD COST F.xi'!E88+'COUNCIL OVERHEAD COST F.xi'!E88+'PMD OVERHEAD COST F.xi'!E88+'AGRIC OVERHEAD COST F.xi'!E96+'FINANCE OVERHEAD COST F.xi'!E89+'WORKS OVERHEAD COST F.xi'!E88+'ESD OVERHEAD COST F.xi'!E93+'PHC OVERHEAD COST F.xi'!E92+'WATSAN OVERHEAD COST F.xi'!E88+'TRADITIONAL OVERHEAD COST F.xi'!E88 -> 210000000
A24: 22060000 | B24: PUBLIC DEBT CHARGES | C24: ='CHAIR OVERHEAD COST F.xi'!C93+'SLT OVERHEAD COST F.xi'!C93+'COUNCIL OVERHEAD COST F.xi'!C93+'PMD OVERHEAD COST F.xi'!C93+'AGRIC OVERHEAD COST F.xi'!C101+'FINANCE OVERHEAD COST F.xi'!C94+'WORKS OVERHEAD COST F.xi'!C93+'ESD OVERHEAD COST F.xi'!C99+'PHC OVERHEAD COST F.xi'!C97+'WATSAN OVERHEAD COST F.xi'!C93+'TRADITIONAL OVERHEAD COST F.xi'!C93 -> 0 | D24: ='CHAIR OVERHEAD COST F.xi'!D93+'SLT OVERHEAD COST F.xi'!D93+'COUNCIL OVERHEAD COST F.xi'!D93+'PMD OVERHEAD COST F.xi'!D93+'AGRIC OVERHEAD COST F.xi'!D101+'FINANCE OVERHEAD COST F.xi'!D94+'WORKS OVERHEAD COST F.xi'!D93+'ESD OVERHEAD COST F.xi'!D99+'PHC OVERHEAD COST F.xi'!D97+'WATSAN OVERHEAD COST F.xi'!D93+'TRADITIONAL OVERHEAD COST F.xi'!D93 -> 0 | E24: ='CHAIR OVERHEAD COST F.xi'!E93+'SLT OVERHEAD COST F.xi'!E93+'COUNCIL OVERHEAD COST F.xi'!E93+'PMD OVERHEAD COST F.xi'!E93+'AGRIC OVERHEAD COST F.xi'!E101+'FINANCE OVERHEAD COST F.xi'!E94+'WORKS OVERHEAD COST F.xi'!E93+'ESD OVERHEAD COST F.xi'!E99+'PHC OVERHEAD COST F.xi'!E97+'WATSAN OVERHEAD COST F.xi'!E93+'TRADITIONAL OVERHEAD COST F.xi'!E93 -> 0
B27: TOTAL | C27: =C5 -> 6365954980 | D27: =D5 -> 4487334553 | E27: =E5 -> 4266342184

Sheet SUMMARY OF CAPITAL EXP F.viii
A1: KATSINA STATE MINISTRY FOR LOCAL GOVERNMENT AND EMIRATE AFFAIRS F.vii
A2: INGAWA LOCAL GOVERNMENT COUNCIL – 2026 PROPOSED BUDGET - SUMMARY OF CAPITAL EXPENDITURE
A4: Code | B4: Economic Items | C4: 2025 Revised Budget N | D4: 2025 Budget Performance N | E4: 2026 Proposed Budget N
A5: 32010100 | B5: LAND AND BUILDINGS GENERAL | C5: ='PMD CAPITAL EXP F.xii'!D7+'AGRIC CAPITAL EXP F.xii'!D7+'FINANCE CAPITAL EXP F.xii'!D7+'WORKS CAPITAL EXP F.xii'!D7+'ESD CAPITAL EXP F.xii'!D7+'PHC CAPITAL EXP F.xii'!D7+'WATSAN CAPITAL EXP F.xii'!D7 -> 1941036181 | D5: ='PMD CAPITAL EXP F.xii'!E7+'AGRIC CAPITAL EXP F.xii'!E7+'FINANCE CAPITAL EXP F.xii'!E7+'WORKS CAPITAL EXP F.xii'!E7+'ESD CAPITAL EXP F.xii'!E7+'PHC CAPITAL EXP F.xii'!E7+'WATSAN CAPITAL EXP F.xii'!E7 -> 657858222 | E5: ='PMD CAPITAL EXP F.xii'!F7+'AGRIC CAPITAL EXP F.xii'!F7+'FINANCE CAPITAL EXP F.xii'!F7+'WORKS CAPITAL EXP F.xii'!F7+'ESD CAPITAL EXP F.xii'!F7+'PHC CAPITAL EXP F.xii'!F7+'WATSAN CAPITAL EXP F.xii'!F7 -> 1323000000
A6: 32010200 | B6: INFRASTRUCTURE GENERAL | C6: ='PMD CAPITAL EXP F.xii'!D17+'AGRIC CAPITAL EXP F.xii'!D17+'FINANCE CAPITAL EXP F.xii'!D11+'WORKS CAPITAL EXP F.xii'!D17+'ESD CAPITAL EXP F.xii'!D42+'PHC CAPITAL EXP F.xii'!D24+'WATSAN CAPITAL EXP F.xii'!D17 -> 1258415440 | D6: ='PMD CAPITAL EXP F.xii'!E17+'AGRIC CAPITAL EXP F.xii'!E17+'FINANCE CAPITAL EXP F.xii'!E11+'WORKS CAPITAL EXP F.xii'!E17+'ESD CAPITAL EXP F.xii'!E42+'PHC CAPITAL EXP F.xii'!E24+'WATSAN CAPITAL EXP F.xii'!E17 -> 554560710 | E6: ='PMD CAPITAL EXP F.xii'!F17+'AGRIC CAPITAL EXP F.xii'!F17+'FINANCE CAPITAL EXP F.xii'!F11+'WORKS CAPITAL EXP F.xii'!F17+'ESD CAPITAL EXP F.xii'!F42+'PHC CAPITAL EXP F.xii'!F24+'WATSAN CAPITAL EXP F.xii'!F17 -> 3020635178
A7: 32010300 | B7: PLANT AND MACHINERY | C7: ='PMD CAPITAL EXP F.xii'!D28+'AGRIC CAPITAL EXP F.xii'!D28+'FINANCE CAPITAL EXP F.xii'!D16+'WORKS CAPITAL EXP F.xii'!D35+'ESD CAPITAL EXP F.xii'!D53+'PHC CAPITAL EXP F.xii'!D35+'WATSAN CAPITAL EXP F.xii'!D28 -> 284000000 | D7: ='PMD CAPITAL EXP F.xii'!E28+'AGRIC CAPITAL EXP F.xii'!E28+'FINANCE CAPITAL EXP F.xii'!E16+'WORKS CAPITAL EXP F.xii'!E35+'ESD CAPITAL EXP F.xii'!E53+'PHC CAPITAL EXP F.xii'!E35+'WATSAN CAPITAL EXP F.xii'!E28 -> 55300565 | E7: ='PMD CAPITAL EXP F.xii'!F28+'AGRIC CAPITAL EXP F.xii'!F28+'FINANCE CAPITAL EXP F.xii'!F16+'WORKS CAPITAL EXP F.xii'!F35+'ESD CAPITAL EXP F.xii'!F53+'PHC CAPITAL EXP F.xii'!F35+'WATSAN CAPITAL EXP F.xii'!F28 -> 24000000
A8: 32010400 | B8: FIXED ASSETS GENERAL | C8: ='PMD CAPITAL EXP F.xii'!D34+'AGRIC CAPITAL EXP F.xii'!D34+'FINANCE CAPITAL EXP F.xii'!D22+'WORKS CAPITAL EXP F.xii'!D41+'ESD CAPITAL EXP F.xii'!D59+'PHC CAPITAL EXP F.xii'!D41+'WATSAN CAPITAL EXP F.xii'!D34 -> 525758195 | D8: ='PMD CAPITAL EXP F.xii'!E34+'AGRIC CAPITAL EXP F.xii'!E34+'FINANCE CAPITAL EXP F.xii'!E22+'WORKS CAPITAL EXP F.xii'!E41+'ESD CAPITAL EXP F.xii'!E59+'PHC CAPITAL EXP F.xii'!E41+'WATSAN CAPITAL EXP F.xii'!E34 -> 349198622 | E8: ='PMD CAPITAL EXP F.xii'!F34+'AGRIC CAPITAL EXP F.xii'!F34+'FINANCE CAPITAL EXP F.xii'!F22+'WORKS CAPITAL EXP F.xii'!F41+'ESD CAPITAL EXP F.xii'!F59+'PHC CAPITAL EXP F.xii'!F41+'WATSAN CAPITAL EXP F.xii'!F34 -> 235000000
A9: 32010500 | B9: OFFICE EQUIPMENT | C9: ='PMD CAPITAL EXP F.xii'!D40+'AGRIC CAPITAL EXP F.xii'!D40+'FINANCE CAPITAL EXP F.xii'!D28+'WORKS CAPITAL EXP F.xii'!D47+'ESD CAPITAL EXP F.xii'!D65+'PHC CAPITAL EXP F.xii'!D47+'WATSAN CAPITAL EXP F.xii'!D40 -> 198875971 | D9: ='PMD CAPITAL EXP F.xii'!E40+'AGRIC CAPITAL EXP F.xii'!E40+'FINANCE CAPITAL EXP F.xii'!E28+'WORKS CAPITAL EXP F.xii'!E47+'ESD CAPITAL EXP F.xii'!E65+'PHC CAPITAL EXP F.xii'!E47+'WATSAN CAPITAL EXP F.xii'!E40 -> 30048000 | E9: ='PMD CAPITAL EXP F.xii'!F40+'AGRIC CAPITAL EXP F.xii'!F40+'FINANCE CAPITAL EXP F.xii'!F28+'WORKS CAPITAL EXP F.xii'!F47+'ESD CAPITAL EXP F.xii'!F65+'PHC CAPITAL EXP F.xii'!F47+'WATSAN CAPITAL EXP F.xii'!F40 -> 69000000
A10: 32010600 | B10: FURNITURE AND FITTINGS | C10: ='PMD CAPITAL EXP F.xii'!D49+'AGRIC CAPITAL EXP F.xii'!D49+'FINANCE CAPITAL EXP F.xii'!D37+'WORKS CAPITAL EXP F.xii'!D56+'ESD CAPITAL EXP F.xii'!D74+'PHC CAPITAL EXP F.xii'!D56+'WATSAN CAPITAL EXP F.xii'!D49 -> 140000000 | D10: ='PMD CAPITAL EXP F.xii'!E49+'AGRIC CAPITAL EXP F.xii'!E49+'FINANCE CAPITAL EXP F.xii'!E37+'WORKS CAPITAL EXP F.xii'!E56+'ESD CAPITAL EXP F.xii'!E74+'PHC CAPITAL EXP F.xii'!E56+'WATSAN CAPITAL EXP F.xii'!E49 -> 25008887 | E10: ='PMD CAPITAL EXP F.xii'!F49+'AGRIC CAPITAL EXP F.xii'!F49+'FINANCE CAPITAL EXP F.xii'!F37+'WORKS CAPITAL EXP F.xii'!F56+'ESD CAPITAL EXP F.xii'!F74+'PHC CAPITAL EXP F.xii'!F56+'WATSAN CAPITAL EXP F.xii'!F49 -> 50000000
A11: 32010900 | B11: SPECIALISED ASSETS | C11: ='PMD CAPITAL EXP F.xii'!D56+'AGRIC CAPITAL EXP F.xii'!D56+'FINANCE CAPITAL EXP F.xii'!D44+'WORKS CAPITAL EXP F.xii'!D63+'ESD CAPITAL EXP F.xii'!D81+'PHC CAPITAL EXP F.xii'!D63+'WATSAN CAPITAL EXP F.xii'!D56 -> 27500000 | D11: ='PMD CAPITAL EXP F.xii'!E56+'AGRIC CAPITAL EXP F.xii'!E56+'FINANCE CAPITAL EXP F.xii'!E44+'WORKS CAPITAL EXP F.xii'!E63+'ESD CAPITAL EXP F.xii'!E81+'PHC CAPITAL EXP F.xii'!E63+'WATSAN CAPITAL EXP F.xii'!E56 -> 0 | E11: ='PMD CAPITAL EXP F.xii'!F56+'AGRIC CAPITAL EXP F.xii'!F56+'FINANCE CAPITAL EXP F.xii'!F44+'WORKS CAPITAL EXP F.xii'!F63+'ESD CAPITAL EXP F.xii'!F81+'PHC CAPITAL EXP F.xii'!F63+'WATSAN CAPITAL EXP F.xii'!F56 -> 26500000
A12: 32020100 | B12: LAND AND BUILDINGS - INVESTMENT | C12: ='PMD CAPITAL EXP F.xii'!D68+'AGRIC CAPITAL EXP F.xii'!D66+'FINANCE CAPITAL EXP F.xii'!D56+'WORKS CAPITAL EXP F.xii'!D75+'ESD CAPITAL EXP F.xii'!D93+'PHC CAPITAL EXP F.xii'!D75+'WATSAN CAPITAL EXP F.xii'!D68 -> 0 | D12: ='PMD CAPITAL EXP F.xii'!E68+'AGRIC CAPITAL EXP F.xii'!E66+'FINANCE CAPITAL EXP F.xii'!E56+'WORKS CAPITAL EXP F.xii'!E75+'ESD CAPITAL EXP F.xii'!E93+'PHC CAPITAL EXP F.xii'!E75+'WATSAN CAPITAL EXP F.xii'!E68 -> 0 | E12: ='PMD CAPITAL EXP F.xii'!F68+'AGRIC CAPITAL EXP F.xii'!F66+'FINANCE CAPITAL EXP F.xii'!F56+'WORKS CAPITAL EXP F.xii'!F75+'ESD CAPITAL EXP F.xii'!F93+'PHC CAPITAL EXP F.xii'!F75+'WATSAN CAPITAL EXP F.xii'!F68 -> 150000000
A13: 32030100 | B13: INTANGIBLE ASSETS | C13: ='PMD CAPITAL EXP F.xii'!D75+'AGRIC CAPITAL EXP F.xii'!D73+'FINANCE CAPITAL EXP F.xii'!D63+'WORKS CAPITAL EXP F.xii'!D82+'ESD CAPITAL EXP F.xii'!D100+'PHC CAPITAL EXP F.xii'!D82+'WATSAN CAPITAL EXP F.xii'!D75 -> 4000000 | D13: ='PMD CAPITAL EXP F.xii'!E75+'AGRIC CAPITAL EXP F.xii'!E73+'FINANCE CAPITAL EXP F.xii'!E63+'WORKS CAPITAL EXP F.xii'!E82+'ESD CAPITAL EXP F.xii'!E100+'PHC CAPITAL EXP F.xii'!E82+'WATSAN CAPITAL EXP F.xii'!E75 -> 1800000 | E13: ='PMD CAPITAL EXP F.xii'!F75+'AGRIC CAPITAL EXP F.xii'!F73+'FINANCE CAPITAL EXP F.xii'!F63+'WORKS CAPITAL EXP F.xii'!F82+'ESD CAPITAL EXP F.xii'!F100+'PHC CAPITAL EXP F.xii'!F82+'WATSAN CAPITAL EXP F.xii'!F75 -> 3200000
A14: 32011000 | B14: ASSET UNDER CONSTRUCTION | C14: ='PMD CAPITAL EXP F.xii'!D81+'AGRIC CAPITAL EXP F.xii'!D79+'FINANCE CAPITAL EXP F.xii'!D69+'WORKS CAPITAL EXP F.xii'!D88+'ESD CAPITAL EXP F.xii'!D106+'PHC CAPITAL EXP F.xii'!D88+'WATSAN CAPITAL EXP F.xii'!D81 -> 0 | D14: ='PMD CAPITAL EXP F.xii'!E81+'AGRIC CAPITAL EXP F.xii'!E79+'FINANCE CAPITAL EXP F.xii'!E69+'WORKS CAPITAL EXP F.xii'!E88+'ESD CAPITAL EXP F.xii'!E106+'PHC CAPITAL EXP F.xii'!E88+'WATSAN CAPITAL EXP F.xii'!E81 -> 0 | E14: ='PMD CAPITAL EXP F.xii'!F81+'AGRIC CAPITAL EXP F.xii'!F79+'FINANCE CAPITAL EXP F.xii'!F69+'WORKS CAPITAL EXP F.xii'!F88+'ESD CAPITAL EXP F.xii'!F106+'PHC CAPITAL EXP F.xii'!F88+'WATSAN CAPITAL EXP F.xii'!F81 -> 0
B28: TOTAL | C28: =SUM(C5:C27) -> 4379585787 | D28: =SUM(D5:D27) -> 1673775006 | E28: =SUM(E5:E27) -> 4901335178

Sheet SUMMARY OF CAP. EXP DEPT F.ix
A1: KATSINA STATE MINISTRY FOR LOCAL GOVERNMENT AND EMIRATE AFFAIRS F.ix
A2: INGAWA LOCAL GOVERNMENT COUNCIL – 2026 BUDGET - SUMMARY OF CAPITAL EXPENDITURE BY DEPARTMENT
A4: Code | B4: Department | C4: 2025 Revised Budget N | D4: 2025 Budget Performance N | E4: 2026 Proposed Budget N
A5: 011100100100 | B5: OFFICE OF THE LG CHAIRMAN | C5: 0 | D5: 0 | E5: 0
A6: 011101300100 | B6: OFFICE OF THE LG SECRETARY | C6: 0 | D6: 0 | E6: 0
A7: 011200300100 | B7: THE COUNCIL | C7: 0 | D7: 0 | E7: 0
A8: 012500100100 | B8: PERSONNEL MANAGEMENT DEPARTMENT | C8: ='PMD CAPITAL EXP F.xii'!D6 -> 983758195 | D8: ='PMD CAPITAL EXP F.xii'!E6 -> 449754097 | E8: ='PMD CAPITAL EXP F.xii'!F6 -> 682000000
A9: 021500100100 | B9: AGRICULTURE AND NATURAL RESOURCES | C9: ='AGRIC CAPITAL EXP F.xii'!D6 -> 339500000 | D9: ='AGRIC CAPITAL EXP F.xii'!E6 -> 49015579 | E9: ='AGRIC CAPITAL EXP F.xii'!F6 -> 556700000
A10: 022000100100 | B10: FINANCE DEPARTMENT | C10: ='FINANCE CAPITAL EXP F.xii'!D6 -> 32000000 | D10: ='FINANCE CAPITAL EXP F.xii'!E6 -> 0 | E10: ='FINANCE CAPITAL EXP F.xii'!F6 -> 1609635178
A11: 023400100100 | B11: WORKS DEPARTMENT | C11: ='WORKS CAPITAL EXP F.xii'!D6 -> 934415440 | D11: ='WORKS CAPITAL EXP F.xii'!E6 -> 404296775 | E11: ='WORKS CAPITAL EXP F.xii'!F6 -> 807000000
A12: 051700100100 | B12: EDUCATION AND SOCIAL SERVICES | C12: ='ESD CAPITAL EXP F.xii'!D6 -> 683000000 | D12: ='ESD CAPITAL EXP F.xii'!E6 -> 203505378 | E12: ='ESD CAPITAL EXP F.xii'!F6 -> 569000000
A13: 052100100100 | B13: PRIMARY HEALTH CARE DEPARTMENT | C13: ='PHC CAPITAL EXP F.xii'!D6 -> 834049737 | D13: ='PHC CAPITAL EXP F.xii'!E6 -> 350638677 | E13: ='PHC CAPITAL EXP F.xii'!F6 -> 461000000
A14: 053500100100 | B14: WATER AND SANITATION DEPARTMENT | C14: ='WATSAN CAPITAL EXP F.xii'!D6 -> 572862415 | D14: ='WATSAN CAPITAL EXP F.xii'!E6 -> 216564500 | E14: ='WATSAN CAPITAL EXP F.xii'!F6 -> 216000000
A15: 055100200100 | B15: TRADITIONAL RULERS OFFICE | C15: 0 | D15: 0 | E15: 0
B25: TOTAL | C25: =SUM(C5:C24) -> 4379585787 | D25: =SUM(D5:D24) -> 1673775006 | E25: =SUM(E5:E24) -> 4901335178

Sheet CHAIR PERSONNEL COST F.x
A2: KATSINA STATE MINISTRY FOR LOCAL GOVERNMENT AND CHIEFTANCY AFFAIRS F.x
A3: INGAWA LOCAL GOVERNMENT COUNCIL – OFFICE OF THE CHAIRMAN PERSONNEL COST BUDGET
A4: ADMIN CODE: 011100100100
A6: Code | B6: DETAILS | C6: 2025 Revised Budget N | D6: 2025 Budget Performance N | E6: 2026 Proposed Budget N
A7: 21 | B7: Personnel Cost | C7: =C8+C13+C20 -> 48085338 | D7: =D8+D13+D20 -> 6869334 | E7: =E8+E13+E20 -> 8549334
A8: 2101 | B8: Salary | C8: =C9 -> 6869334 | D8: =D9 -> 6869334 | E8: =E9 -> 6869334
A9: 210101 | B9: Salaries And Wages | C9: =SUM(C10:C12) -> 6869334 | D9: =SUM(D10:D12) -> 6869334 | E9: =SUM(E10:E12) -> 6869334
A10: 21010101 | B10: Salary
A11: 21010102 | B11: Over Time Payments
A12: 21010103 | B12: Consolidated Revenue Fund Charge- Salaries | C12: 6869334 | D12: 6869334 | E12: 6869334
A13: 2102 | B13: Allowances And Social Contribution | C13: =C14+C18 -> 41216004 | D13: =D14+D18 -> 0 | E13: =E14+E18 -> 1680000
A14: 210201 | B14: Allowances | C14: =SUM(C15:C17) -> 41216004 | D14: =SUM(D15:D17) -> 0 | E14: =SUM(E15:E17) -> 1680000
A15: 21020104 | B15: Furniture Allowance | C15: 20608002
A16: 21020108 | B16: Severance Allowance | C16: 20608002
A17: 21020109 | B17: Other Allowances | E17: 1680000
A18: 210202 | B18: Social Contributions | C18: =SUM(C19) -> 0 | D18: =SUM(D19) -> 0 | E18: =SUM(E19) -> 0
A19: 21020207 | B19: Contribution By LGAs
A20: 210301 | B20: Social Benefits | C20: =SUM(C21:C23) -> 0 | D20: =SUM(D21:D23) -> 0 | E20: =SUM(E21:E23) -> 0
A21: 21030101 | B21: Gratuity
A22: 21030102 | B22: Pension
A23: 21030104 | B23: Other Benefits

Sheet CHAIR OVERHEAD COST F.xi
A3: KATSINA STATE MINISTRY FOR LOCAL GOVERNMENT AND CHIEFTANCY AFFAIRS F.xi
A4: INGAWA LOCAL GOVERNMENT COUNCIL – OFFICE OF THE CHAIRMAN OVERHEAD COST BUDGET
A5: ADMIN CODE: 011100100100
A6: Code | B6: DETAILS | C6: 2025 Revised Budget N | D6: 2025 Budget Performance N | E6: 2026 Proposed Budget N
A7: 2 | B7: Recurrent Costs | C7: =C8+C84+C88+C93 -> 416829737 | D7: =D8+D84+D88+D93 -> 381231367 | E7: =E8+E84+E88+E93 -> 162000000
A8: 2202 | B8: Overhead Cost | C8: =C9+C14+C22+C36+C45+C48+C54+C63+C67+C70 -> 416829737 | D8: =D9+D14+D22+D36+D45+D48+D54+D63+D67+D70 -> 381231367 | E8: =E9+E14+E22+E36+E45+E48+E54+E63+E67+E70 -> 162000000
A9: 220201 | B9: Travel & Transport – General | C9: =SUM(C10:C13) -> 10000000 | D9: =SUM(D10:D13) -> 8941000 | E9: =SUM(E10:E13) -> 35000000
A10: 22020101 | B10: Local Travel & Transport: Training | C10: 10000000 | D10: 8941000 | E10: 15000000
A11: 22020102 | B11: Local Travel & Transport: Others | E11: 20000000
A12: 22020103 | B12: International Travel & Transport: Training
A13: 22020104 | B13: International Travel & Transport: Others
A14: 220202 | B14: Utilities – General | C14: =SUM(C15:C21) -> 0 | D14: =SUM(D15:D21) -> 0 | E14: =SUM(E15:E21) -> 0
A15: 22020201 | B15: Electricity Charges
A16: 22020202 | B16: Telephone Charges
A17: 22020203 | B17: Internet Access Charges
A18: 22020204 | B18: Dstv Subscription Charges
A19: 22020205 | B19: Water Rates
A20: 22020206 | B20: Sewage Charges
A21: 22020210 | B21: Software Charges/ Licence Renewal
A22: 220203 | B22: Materials & Supplies – General | C22: =SUM(C23:C35) -> 3000000 | D22: =SUM(D23:D35) -> 1185000 | E22: =SUM(E23:E35) -> 5000000
A23: 22020301 | B23: Office Stationaries And Consumables | C23: 3000000 | D23: 1185000 | E23: 5000000
A24: 22020302 | B24: Books
A25: 22020303 | B25: Newspapers
A26: 22020304 | B26: Magazines & Periodicals
A27: 22020305 | B27: Printing Of Non-Security Documents
A28: 22020306 | B28: Printing Of Security Documents
A29: 22020307 | B29: Drugs/Laboratory/Medical Supplies
A30: 22020308 | B30: Field & Camping Materials Supplies
A31: 22020309 | B31: Uniforms/Robes & Other Clothing
A32: 22020310 | B32: Teaching Aids / Instruction Materials
A33: 22020311 | B33: Food Stuff / Catering Materials Supplies
A34: 22020312 | B34: Production, Of Financial Statements
A35: 22020313 | B35: Production Of Annual Reports To Public
A36: 220204 | B36: Maintenance Services – General | C36: =SUM(C37:C44) -> 5000000 | D36: =SUM(D37:D44) -> 2000000 | E36: =SUM(E37:E44) -> 5000000
A37: 22020401 | B37: Maintenance Of Motor Vehicle/ Equipment | C37: 5000000 | D37: 2000000 | E37: 5000000
A38: 22020402 | B38: Maintenance Of Office Furniture
A39: 22020403 | B39: Maintenance Of Buildings
A40: 22020404 | B40: Maintenance Of Office / It Equipment
A41: 22020405 | B41: Maintenance Of Plants/Generators
A42: 22020406 | B42: Other Maintenance Services
A43: 22020410 | B43: Maintenance Of Street Lightings
A44: 22020411 | B44: Maintenance Of Communication Equipment
A45: 220205 | B45: Training – General | C45: =SUM(C46:C47) -> 0 | D45: =SUM(D46:D47) -> 0 | E45: =SUM(E46:E47) -> 35000000
A46: 22020501 | B46: Local Training | E46: 15000000
A47: 22020502 | B47: International Training | E47: 20000000
A48: 220206 | B48: Other Services – General | C48: =SUM(C49:C53) -> 354329737 | D48: =SUM(D49:D53) -> 334255000 | E48: =SUM(E49:E53) -> 12500000
A49: 22020601 | B49: Security Services | C49: 347129737 | D49: 327755000
A50: 22020602 | B50: Office Rent
A51: 22020603 | B51: Residential Rent
A52: 22020604 | B52: Security Vote (Including Operations) | C52: 7200000 | D52: 6500000 | E52: 12500000
A53: 22020605 | B53: Cleaning & Fumigation Services
A54: 220207 | B54: Consulting & Professional Services | C54: =SUM(C55:C62) -> 0 | D54: =SUM(D55:D62) -> 0 | E54: =SUM(E55:E62) -> 0
A55: 22020701 | B55: Financial Consulting
A56: 22020702 | B56: Information Technology Consulting
A57: 22020703 | B57: Legal Services
A58: 22020707 | B58: Agricultural Consulting
A59: 22020708 | B59: Medical Consulting
A60: 22020709 | B60: Auditing Of Accounts
A61: 22020711 | B61: Media Relation Services
A62: 22020712 | B62: Other Consulting Services
A63: 220208 | B63: Fuel & Lubricants – General | C63: =SUM(C64:C66) -> 4500000 | D63: =SUM(D64:D66) -> 3500000 | E63: =SUM(E64:E66) -> 4500000
A64: 22020801 | B64: Motor Vehicle Fuel Cost | C64: 4500000 | D64: 3500000 | E64: 4500000
A65: 22020802 | B65: Other Transport Equipment Fuel Cost
A66: 22020803 | B66: Plant / Generator Fuel Cost
A67: 220209 | B67: Financial Charges – General | C67: =SUM(C68:C69) -> 0 | D67: =SUM(D68:D69) -> 0 | E67: =SUM(E68:E69) -> 0
A68: 22020901 | B68: Bank Charges
A69: 22020902 | B69: Insurance Premium
A70: 220210 | B70: Miscellaneous Expenses General | C70: =SUM(C71:C83) -> 40000000 | D70: =SUM(D71:D83) -> 31350367 | E70: =SUM(E71:E83) -> 65000000
A71: 22021001 | B71: Refreshment & Meals | C71: 10000000 | D71: 9190000 | E71: 10000000
A72: 22021002 | B72: Honorarium & Sitting Allowance
A73: 22021003 | B73: Publicity & Advertisements
A74: 22021004 | B74: Medical Expenses-Local
A75: 22021006 | B75: Postages & Courier Services
A76: 22021007 | B76: Welfare Packages | C76: 30000000 | D76: 22160367 | E76: 50000000
A77: 22021008 | B77: Subscription To Professional Bodies
A78: 22021009 | B78: Sporting Activities
A79: 22021010 | B79: Direct Teaching & Laboratory Cost
A80: 22021014 | B80: Annual Budget Expenses & Administration
A81: 22021020 | B81: Election-Logistics Support
A82: 22021050 | B82: Medical Expenses-International
A83: 22021052 | B83: Special Days/Celebrations | E83: 5000000
A84: 2204 | B84: Grants And Contributions General | C84: =C85 -> 0 | D84: =D85 -> 0 | E84: =E85 -> 0
A85: 220401 | B85: Local Grants And Contributions | C85: =SUM(C86:C87) -> 0 | D85: =SUM(D86:D87) -> 0 | E85: =SUM(E86:E87) -> 0
A86: 22040105 | B86: Grants To Government/Agencies
A87: 22040109 | B87: Grants To Communities/Ngos
A88: 2205 | B88: Subsidies General | C88: =C89 -> 0 | D88: =D89 -> 0 | E88: =E89 -> 0
A89: 220501 | B89: Subsidy To Public/Public Institutions | C89: =SUM(C90:C92) -> 0 | D89: =SUM(D90:D92) -> 0 | E89: =SUM(E90:E92) -> 0
A90: 22050105 | B90: Education Subsidy
A91: 22050108 | B91: Religious Pilgrimage Subsidy
A92: 22050110 | B92: Exams Fees Subsidy
A93: 2206 | B93: Public Debt Charges | C93: =C94+C96 -> 0 | D93: =D94+D96 -> 0 | E93: =E94+E96 -> 0
A94: 220603 | B94: Foreign Principal | C94: =C95 -> 0 | D94: =D95 -> 0 | E94: =E95 -> 0
A95: 22060301 | B95: Foreign Principal - Short Term Borrowings
A96: 220604 | B96: Domestic Principal | C96: =SUM(C97:C98) -> 0 | D96: =SUM(D97:D98) -> 0 | E96: =SUM(E97:E98) -> 0
A97: 22060401 | B97: Domestic Principal - Short Term Borrowings

Sheet SLT PERSONNEL COST F.x
A2: KATSINA STATE MINISTRY FOR LOCAL GOVERNMENT AND CHIEFTANCY AFFAIRS F.x
A3: INGAWA LOCAL GOVERNMENT COUNCIL – OFFICE OF THE LG SECRETARY PERSONNEL COST BUDGET
A4: ADMIN CODE: 011101300100
A6: Code | B6: DETAILS | C6: 2025 Revised Budget N | D6: 2025 Budget Performance N | E6: 2026 Proposed Budget N
A7: 21 | B7: Personnel Cost | C7: =C8+C13+C20 -> 228250792 | D7: =D8+D13+D20 -> 20478240 | E7: =E8+E13+E20 -> 20478240
A8: 2101 | B8: Salary | C8: =C9 -> 32607256 | D8: =D9 -> 20478240 | E8: =E9 -> 20478240
A9: 210101 | B9: Salaries And Wages | C9: =SUM(C10:C12) -> 32607256 | D9: =SUM(D10:D12) -> 20478240 | E9: =SUM(E10:E12) -> 20478240
A10: 21010101 | B10: Salary
A11: 21010102 | B11: Over Time Payments
A12: 21010103 | B12: Consolidated Revenue Fund Charge- Salaries | C12: 32607256 | D12: 20478240 | E12: 20478240
A13: 2102 | B13: Allowances And Social Contribution | C13: =C14+C18 -> 195643536 | D13: =D14+D18 -> 0 | E13: =E14+E18 -> 0
A14: 210201 | B14: Allowances | C14: =SUM(C15:C17) -> 195643536 | D14: =SUM(D15:D17) -> 0 | E14: =SUM(E15:E17) -> 0
A15: 21020104 | B15: Furniture Allowance | C15: 97821768
A16: 21020108 | B16: Severance Allowance | C16: 97821768
A17: 21020109 | B17: Other Allowances
A18: 210202 | B18: Social Contributions | C18: =SUM(C19) -> 0 | D18: =SUM(D19) -> 0 | E18: =SUM(E19) -> 0
A19: 21020207 | B19: Contribution By LGAs
A20: 210301 | B20: Social Benefits | C20: =SUM(C21:C23) -> 0 | D20: =SUM(D21:D23) -> 0 | E20: =SUM(E21:E23) -> 0
A21: 21030101 | B21: Gratuity
A22: 21030102 | B22: Pension
A23: 21030104 | B23: Other Benefits

Sheet SLT OVERHEAD COST F.xi
A3: KATSINA STATE MINISTRY FOR LOCAL GOVERNMENT AND CHIEFTANCY AFFAIRS F.xi
A4: INGAWA LOCAL GOVERNMENT COUNCIL – OFFICE OF THE LG SECRETARY OVERHEAD COST BUDGET
A5: ADMIN CODE: 011101300100
A6: Code | B6: DETAILS | C6: 2025 Revised Budget N | D6: 2025 Budget Performance N | E6: 2026 Proposed Budget N
A7: 2 | B7: Recurrent Costs | C7: =C8+C84+C88+C93 -> 20200000 | D7: =D8+D84+D88+D93 -> 13100000 | E7: =E8+E84+E88+E93 -> 18200000
A8: 2202 | B8: Overhead Cost | C8: =C9+C14+C22+C36+C45+C48+C54+C63+C67+C70 -> 20200000 | D8: =D9+D14+D22+D36+D45+D48+D54+D63+D67+D70 -> 13100000 | E8: =E9+E14+E22+E36+E45+E48+E54+E63+E67+E70 -> 18200000
A9: 220201 | B9: Travel & Transport – General | C9: =SUM(C10:C13) -> 7000000 | D9: =SUM(D10:D13) -> 4300000 | E9: =SUM(E10:E13) -> 5000000
A10: 22020101 | B10: Local Travel & Transport: Training
A11: 22020102 | B11: Local Travel & Transport: Others | C11: 7000000 | D11: 4300000 | E11: 5000000
A12: 22020103 | B12: International Travel & Transport: Training
A13: 22020104 | B13: International Travel & Transport: Others
A14: 220202 | B14: Utilities – General | C14: =SUM(C15:C21) -> 0 | D14: =SUM(D15:D21) -> 0 | E14: =SUM(E15:E21) -> 0
A15: 22020201 | B15: Electricity Charges
A16: 22020202 | B16: Telephone Charges
A17: 22020203 | B17: Internet Access Charges
A18: 22020204 | B18: Dstv Subscription Charges
A19: 22020205 | B19: Water Rates
A20: 22020206 | B20: Sewage Charges
A21: 22020210 | B21: Software Charges/ Licence Renewal
A22: 220203 | B22: Materials & Supplies – General | C22: =SUM(C23:C35) -> 1500000 | D22: =SUM(D23:D35) -> 1200000 | E22: =SUM(E23:E35) -> 1500000
A23: 22020301 | B23: Office Stationaries And Consumables | C23: 1500000 | D23: 1200000 | E23: 1500000
A24: 22020302 | B24: Books
A25: 22020303 | B25: Newspapers
A26: 22020304 | B26: Magazines & Periodicals
A27: 22020305 | B27: Printing Of Non-Security Documents
A28: 22020306 | B28: Printing Of Security Documents
A29: 22020307 | B29: Drugs/Laboratory/Medical Supplies
A30: 22020308 | B30: Field & Camping Materials Supplies
A31: 22020309 | B31: Uniforms/Robes & Other Clothing
A32: 22020310 | B32: Teaching Aids / Instruction Materials
A33: 22020311 | B33: Food Stuff / Catering Materials Supplies
A34: 22020312 | B34: Production, Of Financial Statements
A35: 22020313 | B35: Production Of Annual Reports To Public
A36: 220204 | B36: Maintenance Services – General | C36: =SUM(C37:C44) -> 2500000 | D36: =SUM(D37:D44) -> 1250000 | E36: =SUM(E37:E44) -> 2500000
A37: 22020401 | B37: Maintenance Of Motor Vehicle/ Equipment | C37: 2500000 | D37: 1250000 | E37: 2500000
A38: 22020402 | B38: Maintenance Of Office Furniture
A39: 22020403 | B39: Maintenance Of Buildings
A40: 22020404 | B40: Maintenance Of Office / It Equipment
A41: 22020405 | B41: Maintenance Of Plants/Generators
A42: 22020406 | B42: Other Maintenance Services
A43: 22020410 | B43: Maintenance Of Street Lightings
A44: 22020411 | B44: Maintenance Of Communication Equipment
A45: 220205 | B45: Training – General | C45: =SUM(C46:C47) -> 0 | D45: =SUM(D46:D47) -> 0 | E45: =SUM(E46:E47) -> 0
A46: 22020501 | B46: Local Training
A47: 22020502 | B47: International Training
A48: 220206 | B48: Other Services – General | C48: =SUM(C49:C53) -> 0 | D48: =SUM(D49:D53) -> 0 | E48: =SUM(E49:E53) -> 0
A49: 22020601 | B49: Security Services
A50: 22020602 | B50: Office Rent
A51: 22020603 | B51: Residential Rent
A52: 22020604 | B52: Security Vote (Including Operations)
A53: 22020605 | B53: Cleaning & Fumigation Services
A54: 220207 | B54: Consulting & Professional Services | C54: =SUM(C55:C62) -> 0 | D54: =SUM(D55:D62) -> 0 | E54: =SUM(E55:E62) -> 0
A55: 22020701 | B55: Financial Consulting
A56: 22020702 | B56: Information Technology Consulting
A57: 22020703 | B57: Legal Services
A58: 22020707 | B58: Agricultural Consulting
A59: 22020708 | B59: Medical Consulting
A60: 22020709 | B60: Auditing Of Accounts
A61: 22020711 | B61: Media Relation Services
A62: 22020712 | B62: Other Consulting Services
A63: 220208 | B63: Fuel & Lubricants – General | C63: =SUM(C64:C66) -> 3000000 | D63: =SUM(D64:D66) -> 2600000 | E63: =SUM(E64:E66) -> 3000000
A64: 22020801 | B64: Motor Vehicle Fuel Cost | C64: 3000000 | D64: 2600000 | E64: 3000000
A65: 22020802 | B65: Other Transport Equipment Fuel Cost
A66: 22020803 | B66: Plant / Generator Fuel Cost
A67: 220209 | B67: Financial Charges – General | C67: =SUM(C68:C69) -> 0 | D67: =SUM(D68:D69) -> 0 | E67: =SUM(E68:E69) -> 0
A68: 22020901 | B68: Bank Charges
A69: 22020902 | B69: Insurance Premium
A70: 220210 | B70: Miscellaneous Expenses General | C70: =SUM(C71:C83) -> 6200000 | D70: =SUM(D71:D83) -> 3750000 | E70: =SUM(E71:E83) -> 6200000
A71: 22021001 | B71: Refreshment & Meals | C71: 5000000 | D71: 3000000 | E71: 5000000
A72: 22021002 | B72: Honorarium & Sitting Allowance | C72: 1200000 | D72: 750000 | E72: 1200000
A73: 22021003 | B73: Publicity & Advertisements
A74: 22021004 | B74: Medical Expenses-Local
A75: 22021006 | B75: Postages & Courier Services
A76: 22021007 | B76: Welfare Packages
A77: 22021008 | B77: Subscription To Professional Bodies
A78: 22021009 | B78: Sporting Activities
A79: 22021010 | B79: Direct Teaching & Laboratory Cost
A80: 22021014 | B80: Annual Budget Expenses & Administration
A81: 22021020 | B81: Election-Logistics Support
A82: 22021050 | B82: Medical Expenses-International
A83: 22021052 | B83: Special Days/Celebrations
A84: 2204 | B84: Grants And Contributions General | C84: =C85 -> 0 | D84: =D85 -> 0 | E84: =E85 -> 0
A85: 220401 | B85: Local Grants And Contributions | C85: =SUM(C86:C87) -> 0 | D85: =SUM(D86:D87) -> 0 | E85: =SUM(E86:E87) -> 0
A86: 22040105 | B86: Grants To Government/Agencies
A87: 22040109 | B87: Grants To Communities/Ngos
A88: 2205 | B88: Subsidies General | C88: =C89 -> 0 | D88: =D89 -> 0 | E88: =E89 -> 0
A89: 220501 | B89: Subsidy To Public/Public Institutions | C89: =SUM(C90:C92) -> 0 | D89: =SUM(D90:D92) -> 0 | E89: =SUM(E90:E92) -> 0
A90: 22050105 | B90: Education Subsidy
A91: 22050108 | B91: Religious Pilgrimage Subsidy
A92: 22050110 | B92: Exams Fees Subsidy
A93: 2206 | B93: Public Debt Charges | C93: =C94+C96 -> 0 | D93: =D94+D96 -> 0 | E93: =E94+E96 -> 0
A94: 220603 | B94: Foreign Principal | C94: =C95 -> 0 | D94: =D95 -> 0 | E94: =E95 -> 0
A95: 22060301 | B95: Foreign Principal - Short Term Borrowings
A96: 220604 | B96: Domestic Principal | C96: =SUM(C97:C98) -> 0 | D96: =SUM(D97:D98) -> 0 | E96: =SUM(E97:E98) -> 0
A97: 22060401 | B97: Domestic Principal - Short Term Borrowings

Sheet COUNCIL PERSONNEL COST F.x
A2: KATSINA STATE MINISTRY FOR LOCAL GOVERNMENT AND CHIEFTANCY AFFAIRS F.x
A3: INGAWA LOCAL GOVERNMENT COUNCIL – THE COUNCIL PERSONNEL COST BUDGET
A4: ADMIN CODE: 011200300100
A6: Code | B6: DETAILS | C6: 2025 Revised Budget N | D6: 2025 Budget Performance N | E6: 2026 Proposed Budget N
A7: 21 | B7: Personnel Cost | C7: =C8+C13+C20 -> 295156535 | D7: =D8+D13+D20 -> 31487541 | E7: =E8+E13+E20 -> 31487541
A8: 2101 | B8: Salary | C8: =C9 -> 42165505 | D8: =D9 -> 31487541 | E8: =E9 -> 31487541
A9: 210101 | B9: Salaries And Wages | C9: =SUM(C10:C12) -> 42165505 | D9: =SUM(D10:D12) -> 31487541 | E9: =SUM(E10:E12) -> 31487541
A10: 21010101 | B10: Salary
A11: 21010102 | B11: Over Time Payments
A12: 21010103 | B12: Consolidated Revenue Fund Charge- Salaries | C12: 42165505 | D12: 31487541 | E12: 31487541
A13: 2102 | B13: Allowances And Social Contribution | C13: =C14+C18 -> 252991030 | D13: =D14+D18 -> 0 | E13: =E14+E18 -> 0
A14: 210201 | B14: Allowances | C14: =SUM(C15:C17) -> 252991030 | D14: =SUM(D15:D17) -> 0 | E14: =SUM(E15:E17) -> 0
A15: 21020104 | B15: Furniture Allowance | C15: 126495515
A16: 21020108 | B16: Severance Allowance | C16: 126495515
A17: 21020109 | B17: Other Allowances
A18: 210202 | B18: Social Contributions | C18: =SUM(C19) -> 0 | D18: =SUM(D19) -> 0 | E18: =SUM(E19) -> 0
A19: 21020207 | B19: Contribution By LGAs
A20: 210301 | B20: Social Benefits | C20: =SUM(C21:C23) -> 0 | D20: =SUM(D21:D23) -> 0 | E20: =SUM(E21:E23) -> 0
A21: 21030101 | B21: Gratuity
A22: 21030102 | B22: Pension
A23: 21030104 | B23: Other Benefits

Sheet COUNCIL OVERHEAD COST F.xi
A3: KATSINA STATE MINISTRY FOR LOCAL GOVERNMENT AND CHIEFTANCY AFFAIRS F.xi
A4: INGAWA LOCAL GOVERNMENT COUNCIL – THE COUNCIL OVERHEAD COST BUDGET
A5: ADMIN CODE: 011200300100
A6: Code | B6: DETAILS | C6: 2025 Revised Budget N | D6: 2025 Budget Performance N | E6: 2026 Proposed Budget N
A7: 2 | B7: Recurrent Costs | C7: =C8+C84+C88+C93 -> 67000000 | D7: =D8+D84+D88+D93 -> 16380000 | E7: =E8+E84+E88+E93 -> 35000000
A8: 2202 | B8: Overhead Cost | C8: =C9+C14+C22+C36+C45+C48+C54+C63+C67+C70 -> 67000000 | D8: =D9+D14+D22+D36+D45+D48+D54+D63+D67+D70 -> 16380000 | E8: =E9+E14+E22+E36+E45+E48+E54+E63+E67+E70 -> 35000000
A9: 220201 | B9: Travel & Transport – General | C9: =SUM(C10:C13) -> 8000000 | D9: =SUM(D10:D13) -> 3430000 | E9: =SUM(E10:E13) -> 5000000
A10: 22020101 | B10: Local Travel & Transport: Training
A11: 22020102 | B11: Local Travel & Transport: Others | C11: 8000000 | D11: 3430000 | E11: 5000000
A12: 22020103 | B12: International Travel & Transport: Training
A13: 22020104 | B13: International Travel & Transport: Others
A14: 220202 | B14: Utilities – General | C14: =SUM(C15:C21) -> 0 | D14: =SUM(D15:D21) -> 0 | E14: =SUM(E15:E21) -> 0
A15: 22020201 | B15: Electricity Charges
A16: 22020202 | B16: Telephone Charges
A17: 22020203 | B17: Internet Access Charges
A18: 22020204 | B18: Dstv Subscription Charges
A19: 22020205 | B19: Water Rates
A20: 22020206 | B20: Sewage Charges
A21: 22020210 | B21: Software Charges/ Licence Renewal
A22: 220203 | B22: Materials & Supplies – General | C22: =SUM(C23:C35) -> 5000000 | D22: =SUM(D23:D35) -> 50000 | E22: =SUM(E23:E35) -> 500000
A23: 22020301 | B23: Office Stationaries And Consumables | C23: 5000000 | D23: 50000 | E23: 500000
A24: 22020302 | B24: Books
A25: 22020303 | B25: Newspapers
A26: 22020304 | B26: Magazines & Periodicals
A27: 22020305 | B27: Printing Of Non-Security Documents
A28: 22020306 | B28: Printing Of Security Documents
A29: 22020307 | B29: Drugs/Laboratory/Medical Supplies
A30: 22020308 | B30: Field & Camping Materials Supplies
A31: 22020309 | B31: Uniforms/Robes & Other Clothing
A32: 22020310 | B32: Teaching Aids / Instruction Materials
A33: 22020311 | B33: Food Stuff / Catering Materials Supplies
A34: 22020312 | B34: Production, Of Financial Statements
A35: 22020313 | B35: Production Of Annual Reports To Public
A36: 220204 | B36: Maintenance Services – General | C36: =SUM(C37:C44) -> 11000000 | D36: =SUM(D37:D44) -> 2865000 | E36: =SUM(E37:E44) -> 6000000
A37: 22020401 | B37: Maintenance Of Motor Vehicle/ Equipment | C37: 8000000 | D37: 2865000 | E37: 5000000
A38: 22020402 | B38: Maintenance Of Office Furniture | C38: 3000000 | E38: 1000000
A39: 22020403 | B39: Maintenance Of Buildings
A40: 22020404 | B40: Maintenance Of Office / It Equipment
A41: 22020405 | B41: Maintenance Of Plants/Generators
A42: 22020406 | B42: Other Maintenance Services
A43: 22020410 | B43: Maintenance Of Street Lightings
A44: 22020411 | B44: Maintenance Of Communication Equipment
A45: 220205 | B45: Training – General | C45: =SUM(C46:C47) -> 0 | D45: =SUM(D46:D47) -> 0 | E45: =SUM(E46:E47) -> 0
A46: 22020501 | B46: Local Training
A47: 22020502 | B47: International Training
A48: 220206 | B48: Other Services – General | C48: =SUM(C49:C53) -> 0 | D48: =SUM(D49:D53) -> 0 | E48: =SUM(E49:E53) -> 0
A49: 22020601 | B49: Security Services
A50: 22020602 | B50: Office Rent
A51: 22020603 | B51: Residential Rent
A52: 22020604 | B52: Security Vote (Including Operations)
A53: 22020605 | B53: Cleaning & Fumigation Services
A54: 220207 | B54: Consulting & Professional Services | C54: =SUM(C55:C62) -> 0 | D54: =SUM(D55:D62) -> 0 | E54: =SUM(E55:E62) -> 0
A55: 22020701 | B55: Financial Consulting
A56: 22020702 | B56: Information Technology Consulting
A57: 22020703 | B57: Legal Services
A58: 22020707 | B58: Agricultural Consulting
A59: 22020708 | B59: Medical Consulting
A60: 22020709 | B60: Auditing Of Accounts
A61: 22020711 | B61: Media Relation Services
A62: 22020712 | B62: Other Consulting Services
A63: 220208 | B63: Fuel & Lubricants – General | C63: =SUM(C64:C66) -> 7000000 | D63: =SUM(D64:D66) -> 2410000 | E63: =SUM(E64:E66) -> 3500000
A64: 22020801 | B64: Motor Vehicle Fuel Cost | C64: 7000000 | D64: 2410000 | E64: 3000000
A65: 22020802 | B65: Other Transport Equipment Fuel Cost
A66: 22020803 | B66: Plant / Generator Fuel Cost | E66: 500000
A67: 220209 | B67: Financial Charges – General | C67: =SUM(C68:C69) -> 0 | D67: =SUM(D68:D69) -> 0 | E67: =SUM(E68:E69) -> 0
A68: 22020901 | B68: Bank Charges
A69: 22020902 | B69: Insurance Premium
A70: 220210 | B70: Miscellaneous Expenses General | C70: =SUM(C71:C83) -> 36000000 | D70: =SUM(D71:D83) -> 7625000 | E70: =SUM(E71:E83) -> 20000000
A71: 22021001 | B71: Refreshment & Meals | C71: 18000000 | D71: 2825000 | E71: 10000000
A72: 22021002 | B72: Honorarium & Sitting Allowance | C72: 18000000 | D72: 4800000 | E72: 10000000
A73: 22021003 | B73: Publicity & Advertisements
A74: 22021004 | B74: Medical Expenses-Local
A75: 22021006 | B75: Postages & Courier Services
A76: 22021007 | B76: Welfare Packages
A77: 22021008 | B77: Subscription To Professional Bodies
A78: 22021009 | B78: Sporting Activities
A79: 22021010 | B79: Direct Teaching & Laboratory Cost
A80: 22021014 | B80: Annual Budget Expenses & Administration
A81: 22021020 | B81: Election-Logistics Support
A82: 22021050 | B82: Medical Expenses-International
A83: 22021052 | B83: Special Days/Celebrations
A84: 2204 | B84: Grants And Contributions General | C84: =C85 -> 0 | D84: =D85 -> 0 | E84: =E85 -> 0
A85: 220401 | B85: Local Grants And Contributions | C85: =SUM(C86:C87) -> 0 | D85: =SUM(D86:D87) -> 0 | E85: =SUM(E86:E87) -> 0
A86: 22040105 | B86: Grants To Government/Agencies
A87: 22040109 | B87: Grants To Communities/Ngos
A88: 2205 | B88: Subsidies General | C88: =C89 -> 0 | D88: =D89 -> 0 | E88: =E89 -> 0
A89: 220501 | B89: Subsidy To Public/Public Institutions | C89: =SUM(C90:C92) -> 0 | D89: =SUM(D90:D92) -> 0 | E89: =SUM(E90:E92) -> 0
A90: 22050105 | B90: Education Subsidy
A91: 22050108 | B91: Religious Pilgrimage Subsidy
A92: 22050110 | B92: Exams Fees Subsidy
A93: 2206 | B93: Public Debt Charges | C93: =C94+C96 -> 0 | D93: =D94+D96 -> 0 | E93: =E94+E96 -> 0
A94: 220603 | B94: Foreign Principal | C94: =C95 -> 0 | D94: =D95 -> 0 | E94: =E95 -> 0
A95: 22060301 | B95: Foreign Principal - Short Term Borrowings
A96: 220604 | B96: Domestic Principal | C96: =SUM(C97:C98) -> 0 | D96: =SUM(D97:D98) -> 0 | E96: =SUM(E97:E98) -> 0
A97: 22060401 | B97: Domestic Principal - Short Term Borrowings

Sheet PMD PERSONNEL COST F.x
A2: KATSINA STATE MINISTRY FOR LOCAL GOVERNMENT AND CHIEFTANCY AFFAIRS F.x
A3: INGAWA LOCAL GOVERNMENT COUNCIL – PMD PERSONNEL COST BUDGET
A4: PERSONNEL MANAGEMENT DEPARTMENT - ADMIN CODE: 012500100100
A6: Code | B6: DETAILS | C6: 2025 Revised Budget N | D6: 2025 Budget Performance N | E6: 2026 Proposed Budget N
A7: 21 | B7: Personnel Cost | C7: =C8+C13+C20 -> 88145864 | D7: =D8+D13+D20 -> 66926175 | E7: =E8+E13+E20 -> 69169151
A8: 2101 | B8: Salary | C8: =C9 -> 88145864 | D8: =D9 -> 66926175 | E8: =E9 -> 69169151
A9: 210101 | B9: Salaries And Wages | C9: =SUM(C10:C12) -> 88145864 | D9: =SUM(D10:D12) -> 66926175 | E9: =SUM(E10:E12) -> 69169151
A10: 21010101 | B10: Salary | C10: 88145864 | D10: 66926175 | E10: 69169151
A11: 21010102 | B11: Over Time Payments
A12: 21010103 | B12: Consolidated Revenue Fund Charge- Salaries
A13: 2102 | B13: Allowances And Social Contribution | C13: =C14+C18 -> 0 | D13: =D14+D18 -> 0 | E13: =E14+E18 -> 0
A14: 210201 | B14: Allowances | C14: =SUM(C15:C17) -> 0 | D14: =SUM(D15:D17) -> 0 | E14: =SUM(E15:E17) -> 0
A15: 21020104 | B15: Furniture Allowance
A16: 21020108 | B16: Severance Allowance
A17: 21020109 | B17: Other Allowances
A18: 210202 | B18: Social Contributions | C18: =SUM(C19) -> 0 | D18: =SUM(D19) -> 0 | E18: =SUM(E19) -> 0
A19: 21020207 | B19: Contribution By LGAs
A20: 210301 | B20: Social Benefits | C20: =SUM(C21:C23) -> 0 | D20: =SUM(D21:D23) -> 0 | E20: =SUM(E21:E23) -> 0
A21: 21030101 | B21: Gratuity
A22: 21030102 | B22: Pension
A23: 21030104 | B23: Other Benefits

Sheet PMD OVERHEAD COST F.xi
A3: KATSINA STATE MINISTRY FOR LOCAL GOVERNMENT AND CHIEFTANCY AFFAIRS F.xi
A4: INGAWA LOCAL GOVERNMENT COUNCIL – PMD OVERHEAD COST BUDGET
A5: PERSONNEL MANAGEMENT DEPARTMENT - ADMIN CODE: 012500100100
A6: Code | B6: DETAILS | C6: 2025 Revised Budget N | D6: 2025 Budget Performance N | E6: 2026 Proposed Budget N
A7: 2 | B7: Recurrent Costs | C7: =C8+C84+C88+C93 -> 187500000 | D7: =D8+D84+D88+D93 -> 130946409 | E7: =E8+E84+E88+E93 -> 159500000
A8: 2202 | B8: Overhead Cost | C8: =C9+C14+C22+C36+C45+C48+C54+C63+C67+C70 -> 167500000 | D8: =D9+D14+D22+D36+D45+D48+D54+D63+D67+D70 -> 130946409 | E8: =E9+E14+E22+E36+E45+E48+E54+E63+E67+E70 -> 159500000
A9: 220201 | B9: Travel & Transport – General | C9: =SUM(C10:C13) -> 17000000 | D9: =SUM(D10:D13) -> 16520065 | E9: =SUM(E10:E13) -> 26500000
A10: 22020101 | B10: Local Travel & Transport: Training | E10: 7000000
A11: 22020102 | B11: Local Travel & Transport: Others | C11: 17000000 | D11: 16520065 | E11: 19500000
A12: 22020103 | B12: International Travel & Transport: Training
A13: 22020104 | B13: International Travel & Transport: Others
A14: 220202 | B14: Utilities – General | C14: =SUM(C15:C21) -> 0 | D14: =SUM(D15:D21) -> 0 | E14: =SUM(E15:E21) -> 0
A15: 22020201 | B15: Electricity Charges
A16: 22020202 | B16: Telephone Charges
A17: 22020203 | B17: Internet Access Charges
A18: 22020204 | B18: Dstv Subscription Charges
A19: 22020205 | B19: Water Rates
A20: 22020206 | B20: Sewage Charges
A21: 22020210 | B21: Software Charges/ Licence Renewal
A22: 220203 | B22: Materials & Supplies – General | C22: =SUM(C23:C35) -> 4500000 | D22: =SUM(D23:D35) -> 3700000 | E22: =SUM(E23:E35) -> 5000000
A23: 22020301 | B23: Office Stationaries And Consumables | C23: 4500000 | D23: 3700000 | E23: 5000000
A24: 22020302 | B24: Books
A25: 22020303 | B25: Newspapers
A26: 22020304 | B26: Magazines & Periodicals
A27: 22020305 | B27: Printing Of Non-Security Documents
A28: 22020306 | B28: Printing Of Security Documents
A29: 22020307 | B29: Drugs/Laboratory/Medical Supplies
A30: 22020308 | B30: Field & Camping Materials Supplies
A31: 22020309 | B31: Uniforms/Robes & Other Clothing
A32: 22020310 | B32: Teaching Aids / Instruction Materials
A33: 22020311 | B33: Food Stuff / Catering Materials Supplies
A34: 22020312 | B34: Production, Of Financial Statements
A35: 22020313 | B35: Production Of Annual Reports To Public
A36: 220204 | B36: Maintenance Services – General | C36: =SUM(C37:C44) -> 12000000 | D36: =SUM(D37:D44) -> 10547000 | E36: =SUM(E37:E44) -> 12000000
A37: 22020401 | B37: Maintenance Of Motor Vehicle/ Equipment | C37: 10000000 | D37: 8747000 | E37: 10000000
A38: 22020402 | B38: Maintenance Of Office Furniture | C38: 2000000 | D38: 1800000 | E38: 2000000
A39: 22020403 | B39: Maintenance Of Buildings
A40: 22020404 | B40: Maintenance Of Office / It Equipment
A41: 22020405 | B41: Maintenance Of Plants/Generators
A42: 22020406 | B42: Other Maintenance Services
A43: 22020410 | B43: Maintenance Of Street Lightings
A44: 22020411 | B44: Maintenance Of Communication Equipment
A45: 220205 | B45: Training – General | C45: =SUM(C46:C47) -> 13000000 | D45: =SUM(D46:D47) -> 12950000 | E45: =SUM(E46:E47) -> 23000000
A46: 22020501 | B46: Local Training | C46: 13000000 | D46: 12950000 | E46: 23000000
A47: 22020502 | B47: International Training
A48: 220206 | B48: Other Services – General | C48: =SUM(C49:C53) -> 0 | D48: =SUM(D49:D53) -> 0 | E48: =SUM(E49:E53) -> 0
A49: 22020601 | B49: Security Services
A50: 22020602 | B50: Office Rent
A51: 22020603 | B51: Residential Rent
A52: 22020604 | B52: Security Vote (Including Operations)
A53: 22020605 | B53: Cleaning & Fumigation Services
A54: 220207 | B54: Consulting & Professional Services | C54: =SUM(C55:C62) -> 0 | D54: =SUM(D55:D62) -> 0 | E54: =SUM(E55:E62) -> 0
A55: 22020701 | B55: Financial Consulting
A56: 22020702 | B56: Information Technology Consulting
A57: 22020703 | B57: Legal Services
A58: 22020707 | B58: Agricultural Consulting
A59: 22020708 | B59: Medical Consulting
A60: 22020709 | B60: Auditing Of Accounts
A61: 22020711 | B61: Media Relation Services
A62: 22020712 | B62: Other Consulting Services
A63: 220208 | B63: Fuel & Lubricants – General | C63: =SUM(C64:C66) -> 3000000 | D63: =SUM(D64:D66) -> 2985000 | E63: =SUM(E64:E66) -> 3000000
A64: 22020801 | B64: Motor Vehicle Fuel Cost | C64: 3000000 | D64: 2985000 | E64: 3000000
A65: 22020802 | B65: Other Transport Equipment Fuel Cost
A66: 22020803 | B66: Plant / Generator Fuel Cost
A67: 220209 | B67: Financial Charges – General | C67: =SUM(C68:C69) -> 0 | D67: =SUM(D68:D69) -> 0 | E67: =SUM(E68:E69) -> 0
A68: 22020901 | B68: Bank Charges
A69: 22020902 | B69: Insurance Premium
A70: 220210 | B70: Miscellaneous Expenses General | C70: =SUM(C71:C83) -> 118000000 | D70: =SUM(D71:D83) -> 84244344 | E70: =SUM(E71:E83) -> 90000000
A71: 22021001 | B71: Refreshment & Meals | C71: 8000000 | D71: 7540000 | E71: 10000000
A72: 22021002 | B72: Honorarium & Sitting Allowance
A73: 22021003 | B73: Publicity & Advertisements
A74: 22021004 | B74: Medical Expenses-Local
A75: 22021006 | B75: Postages & Courier Services
A76: 22021007 | B76: Welfare Packages | C76: 60000000 | D76: 50857000 | E76: 40000000
A77: 22021008 | B77: Subscription To Professional Bodies
A78: 22021009 | B78: Sporting Activities
A79: 22021010 | B79: Direct Teaching & Laboratory Cost
A80: 22021014 | B80: Annual Budget Expenses & Administration
A81: 22021020 | B81: Election-Logistics Support | C81: 50000000 | D81: 25847344 | E81: 40000000
A82: 22021050 | B82: Medical Expenses-International
A83: 22021052 | B83: Special Days/Celebrations
A84: 2204 | B84: Grants And Contributions General | C84: =C85 -> 20000000 | D84: =D85 -> 0 | E84: =E85 -> 0
A85: 220401 | B85: Local Grants And Contributions | C85: =SUM(C86:C87) -> 20000000 | D85: =SUM(D86:D87) -> 0 | E85: =SUM(E86:E87) -> 0
A86: 22040105 | B86: Grants To Government/Agencies | C86: 20000000
A87: 22040109 | B87: Grants To Communities/Ngos
A88: 2205 | B88: Subsidies General | C88: =C89 -> 0 | D88: =D89 -> 0 | E88: =E89 -> 0
A89: 220501 | B89: Subsidy To Public/Public Institutions | C89: =SUM(C90:C92) -> 0 | D89: =SUM(D90:D92) -> 0 | E89: =SUM(E90:E92) -> 0
A90: 22050105 | B90: Education Subsidy
A91: 22050108 | B91: Religious Pilgrimage Subsidy
A92: 22050110 | B92: Exams Fees Subsidy
A93: 2206 | B93: Public Debt Charges | C93: =C94+C96 -> 0 | D93: =D94+D96 -> 0 | E93: =E94+E96 -> 0
A94: 220603 | B94: Foreign Principal | C94: =C95 -> 0 | D94: =D95 -> 0 | E94: =E95 -> 0
A95: 22060301 | B95: Foreign Principal - Short Term Borrowings
A96: 220604 | B96: Domestic Principal | C96: =SUM(C97:C98) -> 0 | D96: =SUM(D97:D98) -> 0 | E96: =SUM(E97:E98) -> 0
A97: 22060401 | B97: Domestic Principal - Short Term Borrowings

Sheet PMD CAPITAL EXP F.xii
A1: KATSINA STATE MINISTRY FOR LOCAL GOVERNMENT AND CHIEFTANCY AFFAIRS F.xii
A2: INGAWA LOCAL GOVERNMENT COUNCIL – PMD CAPITAL EXPENDITURE
A3: PERSONNEL MANAGEMENT DEPARTMENT - ADMIN CODE: 012500100100
A5: Program Code | B5: Economic Code | C5: Details | D5: 2025 Revised Budget N | E5: 2025 Budget Performance N | F5: 2026 Proposed Budget N
A6: 13250000000000 | B6: 3 | C6: Assets (Capital Expenditure) | D6: =D7+D17+D28+D34+D40+D49+D56+D68+D75+D81 -> 983758195 | E6: =E7+E17+E28+E34+E40+E49+E56+E68+E75+E81 -> 449754097 | F6: =F7+F17+F28+F34+F40+F49+F56+F68+F75+F81 -> 682000000
B7: 32010100 | C7: Land & Building – General | D7: =SUM(D8:D16) -> 347000000 | E7: =SUM(E8:E16) -> 106498500 | F7: =SUM(F8:F16) -> 346000000
A8: 13250000000001 | B8: 32010101 | C8: Land And Buildings - Office | D8: 289000000 | E8: 106498500 | F8: 200000000
A9: 13250000000002 | B9: 32010102 | C9: Rehab of District Head House Ingawa | D9: 22000000 | F9: 30000000
A10: 13250000000003 | B10: 32010102 | C10: Rehab of District Head House yandoma | F10: 30000000
A11: 13250000000004 | B11: 32010102 | C11: Renov of VIP II House | D11: 16000000 | F11: 16000000
A12: 13250000000005 | B12: 32010102 | C12: Renov of Dambo House Coppers Lodge | D12: 20000000 | F12: 10000000
A13: 13250000000005 | B13: 32010102 | C13: Rehab of wall fencing L.G Sectert, and L.G gate | F13: 60000000
B17: 32010200 | C17: Infrastructure – General | D17: =SUM(D18:D27) -> 46000000 | E17: =SUM(E18:E27) -> 0 | F17: =SUM(F18:F27) -> 72000000
A18: 13250000000006 | B18: 32010202 | C18: Construction of Market Stall Ingawa | D18: 15000000 | F18: 10000000
A19: 13250000000007 | B19: 32010202 | C19: construction of Market Stall Yandoma | F19: 7000000
A20: 13250000000008 | B20: 32010202 | C20: Construction of Market Stall Kurfeji | F20: 7000000
A21: 13250000000009 | B21: 32010202 | C21: Construction of market stall Tunas | F21: 7000000
A22: 13250000000010 | B22: 32010202 | C22: Renov of Motorpark Ingawa | D22: 16000000 | F22: 16000000
A23: 13250000000011 | B23: 32010202 | C23: Renov of Motorpark Tunas | F23: 5000000
A24: 13250000000012 | B24: 32010202 | C24: Renov of Market Stall Ingawa | D24: 10000000 | F24: 10000000
A25: 13250000000013 | B25: 32010202 | C25: Renov of Market Stall Tunas | F25: 5000000
A26: 13250000000014 | B26: 32010202 | C26: Renov of Shops at Ingawa | D26: 5000000 | F26: 5000000
B28: 320103 | C28: Plant & Machinery – General | D28: =SUM(D29:D33) -> 0 | E28: =SUM(E29:E33) -> 0 | F28: =SUM(F29:F33) -> 0
A29: 132500000000 | B29: 32010301 | C29: Earthmoving Equipment – Tractors
B34: 32010400 | C34: Fixed Assets – General | D34: =SUM(D35:D39) -> 490758195 | E34: =SUM(E35:E39) -> 318246710 | F34: =SUM(F35:F39) -> 200000000
A35: 13250000000015 | B35: 32010405 | C35: Motor Vehicles | D35: 430758195 | E35: 295328373 | F35: 150000000
A36: 13250000000016 | B36: 32010406 | C36: Tricycles
A37: 13250000000017 | B37: 32010407 | C37: Motor Cycles | D37: 60000000 | E37: 22918337 | F37: 50000000
A38: 13250000000018 | B38: 32010408 | C38: Bicycles
B40: 320105 | C40: Office Equipment – General | D40: =SUM(D41:D48) -> 0 | E40: =SUM(E41:E48) -> 0 | F40: =SUM(F41:F48) -> 14000000
A41: 13250000000019 | B41: 32010501 | C41: Computers | F41: 14000000
B49: 320106 | C49: Furniture & Fittings – General | D49: =SUM(D50:D55) -> 100000000 | E49: =SUM(E50:E55) -> 25008887 | F49: =SUM(F50:F55) -> 50000000
A50: 13250000000020 | B50: 32010601 | C50: Chairs | D50: 100000000 | E50: 25008887 | F50: 25000000
A51: 13250000000021 | B51: 32010602 | C51: Tables | F51: 25000000
B56: 320109 | C56: Other Specialised Assets-Gen | D56: =SUM(D57:D67) -> 0 | E56: =SUM(E57:E67) -> 0 | F56: =SUM(F57:F67) -> 0
A57: 13250000000022 | B57: 32010903 | C57: Biological Assets/Livestock
A59: 13250000000023 | B59: 32010904 | C59: Laboratory/Medical Equipment
A61: 13250000000013 | B61: 32010935 | C61: Agricultural Equipment
A65: 13250000000014 | B65: 32010936 | C65: Educational Materials/Equipment
B68: 320201 | C68: Investment - Land & Building - Gen | D68: =SUM(D69:D74) -> 0 | E68: =SUM(E69:E74) -> 0 | F68: =SUM(F69:F74) -> 0
A69: 13250000000015 | B69: 32020101 | C69: Land & Buildings – Administrative
A71: 13250000000016 | B71: 32020102 | C71: Land & Buildings – Residential
A73: 13250000000017 | B73: 32020104 | C73: Other Investment Property
B75: 320301 | C75: Intangible Assets | D75: =SUM(D76:D80) -> 0 | E75: =SUM(E76:E80) -> 0 | F75: =SUM(F76:F80) -> 0
A76: 13250000000018 | B76: 32030101 | C76: Goodwill (Acquired)
A77: 13250000000019 | B77: 32030109 | C77: Research & Development
A78: 13250000000020 | B78: 32030110 | C78: Trade fair and Exhibitions
B81: 32011000 | C81: Asset Under Construction | D81: =SUM(D82:D83) -> 0 | E81: =SUM(E82:E83) -> 0 | F81: =SUM(F82:F83) -> 0
A82: 13250000000021

Sheet AGRIC PERSONNEL COST F.x
A2: KATSINA STATE MINISTRY FOR LOCAL GOVERNMENT AND CHIEFTANCY AFFAIRS F.x
A3: INGAWA LOCAL GOVERNMENT COUNCIL – AGRIC PERSONNEL COST BUDGET
A4: AGRICULTURE AND NATURAL RESOURCES DEPARTMENT - ADMIN CODE: 021500100100
A6: Code | B6: DETAILS | C6: 2025 Revised Budget N | D6: 2025 Budget Performance N | E6: 2026 Proposed Budget N
A7: 21 | B7: Personnel Cost | C7: =C8+C13+C20 -> 66481438 | D7: =D8+D13+D20 -> 65862119 | E7: =E8+E13+E20 -> 75503376
A8: 2101 | B8: Salary | C8: =C9 -> 66481438 | D8: =D9 -> 65862119 | E8: =E9 -> 75503376
A9: 210101 | B9: Salaries And Wages | C9: =SUM(C10:C12) -> 66481438 | D9: =SUM(D10:D12) -> 65862119 | E9: =SUM(E10:E12) -> 75503376
A10: 21010101 | B10: Salary | C10: 66481438 | D10: 65862119 | E10: 75503376
A11: 21010102 | B11: Over Time Payments
A12: 21010103 | B12: Consolidated Revenue Fund Charge- Salaries
A13: 2102 | B13: Allowances And Social Contribution | C13: =C14+C18 -> 0 | D13: =D14+D18 -> 0 | E13: =E14+E18 -> 0
A14: 210201 | B14: Allowances | C14: =SUM(C15:C17) -> 0 | D14: =SUM(D15:D17) -> 0 | E14: =SUM(E15:E17) -> 0
A15: 21020104 | B15: Furniture Allowance
A16: 21020108 | B16: Severance Allowance
A17: 21020109 | B17: Other Allowances
A18: 210202 | B18: Social Contributions | C18: =SUM(C19) -> 0 | D18: =SUM(D19) -> 0 | E18: =SUM(E19) -> 0
A19: 21020207 | B19: Contribution By LGAs
A20: 210301 | B20: Social Benefits | C20: =SUM(C21:C23) -> 0 | D20: =SUM(D21:D23) -> 0 | E20: =SUM(E21:E23) -> 0
A21: 21030101 | B21: Gratuity
A22: 21030102 | B22: Pension
A23: 21030104 | B23: Other Benefits

Sheet AGRIC OVERHEAD COST F.xi
A3: KATSINA STATE MINISTRY FOR LOCAL GOVERNMENT AND CHIEFTANCY AFFAIRS F.xi
A4: INGAWA LOCAL GOVERNMENT COUNCIL – AGRIC OVERHEAD COST BUDGET
A5: AGRICULTURE AND NATURAL RESOURCES DEPARTMENT - ADMIN CODE: 021500100100
A6: Code | B6: DETAILS | C6: 2025 Revised Budget N | D6: 2025 Budget Performance N | E6: 2026 Proposed Budget N
A7: 2 | B7: Recurrent Costs | C7: =C8+C92+C96+C101 -> 1080000000 | D7: =D8+D92+D96+D101 -> 491603584 | E7: =E8+E92+E96+E101 -> 92000000
A8: 2202 | B8: Overhead Cost | C8: =C9+C14+C22+C44+C53+C56+C62+C71+C75+C78 -> 1079000000 | D8: =D9+D14+D22+D44+D53+D56+D62+D71+D75+D78 -> 491603584 | E8: =E9+E14+E22+E44+E53+E56+E62+E71+E75+E78 -> 92000000
A9: 220201 | B9: Travel & Transport – General | C9: =SUM(C10:C13) -> 2000000 | D9: =SUM(D10:D13) -> 100000 | E9: =SUM(E10:E13) -> 800000
A10: 22020101 | B10: Local Travel & Transport: Training
A11: 22020102 | B11: Local Travel & Transport: Others | C11: 2000000 | D11: 100000 | E11: 800000
A12: 22020103 | B12: International Travel & Transport: Training
A13: 22020104 | B13: International Travel & Transport: Others
A14: 220202 | B14: Utilities – General | C14: =SUM(C15:C21) -> 0 | D14: =SUM(D15:D21) -> 0 | E14: =SUM(E15:E21) -> 0
A15: 22020201 | B15: Electricity Charges
A16: 22020202 | B16: Telephone Charges
A17: 22020203 | B17: Internet Access Charges
A18: 22020204 | B18: Dstv Subscription Charges
A19: 22020205 | B19: Water Rates
A20: 22020206 | B20: Sewage Charges
A21: 22020210 | B21: Software Charges/ Licence Renewal
A22: 220203 | B22: Materials & Supplies – General | C22: =SUM(C23:C43) -> 1066500000 | D22: =SUM(D23:D43) -> 488845797 | E22: =SUM(E23:E43) -> 80500000
A23: 22020301 | B23: Office Stationaries And Consumables | C23: 500000 | D23: 150000 | E23: 500000
A24: 22020302 | B24: Books
A25: 22020303 | B25: Newspapers
A26: 22020304 | B26: Magazines & Periodicals
A27: 22020305 | B27: Printing Of Non-Security Documents
A28: 22020306 | B28: Printing Of Security Documents
A29: 22020307 | B29: Animal Vaccination | C29: 3000000 | D29: 100000 | E29: 20000000
A30: 22020307 | B30: Purhase of Chemicals and Spraying Equipments | C30: 10000000 | D30: 4050000 | E30: 6000000
A31: 22020307 | B31: Purhase of Home Economics Equipments | C31: 1000000 | E31: 1000000
A32: 22020307 | B32: Purhase of Bulls for Sallah | C32: 30000000 | E32: 20000000
A33: 22020307 | B33: Purchase of Grains for Less Privillages | C33: 300000000 | D33: 90871488
A34: 22020307 | B34: Purhase of Fertilizer | C34: 286000000 | D34: 215151073
A35: 22020307 | B35: Irrigation Farming | C35: 181000000 | D35: 178373236 | E35: 30000000
A36: 22020307 | B36: Pucrhase of Water Pump and Power Tillers | C36: 250000000
A37: 22020307 | B37: Drugs/Laboratory/Medical Supplies | C37: 5000000 | D37: 150000 | E37: 3000000
A38: 22020308 | B38: Field & Camping Materials Supplies
A39: 22020309 | B39: Uniforms/Robes & Other Clothing
A40: 22020310 | B40: Teaching Aids / Instruction Materials
A41: 22020311 | B41: Food Stuff / Catering Materials Supplies
A42: 22020312 | B42: Production, Of Financial Statements
A43: 22020313 | B43: Production Of Annual Reports To Public
A44: 220204 | B44: Maintenance Services – General | C44: =SUM(C45:C52) -> 2500000 | D44: =SUM(D45:D52) -> 480000 | E44: =SUM(E45:E52) -> 2700000
A45: 22020401 | B45: Maintenance Of Motor Vehicle/ Equipment | C45: 1500000 | D45: 480000 | E45: 700000
A46: 22020402 | B46: Maintenance Of Office Furniture | C46: 1000000
A47: 22020403 | B47: Maintenance Of Buildings
A48: 22020404 | B48: Maintenance Of Office / It Equipment
A49: 22020405 | B49: Maintenance Of Plants/Generators | E49: 2000000
A50: 22020406 | B50: Other Maintenance Services
A51: 22020410 | B51: Maintenance Of Street Lightings
A52: 22020411 | B52: Maintenance Of Communication Equipment
A53: 220205 | B53: Training – General | C53: =SUM(C54:C55) -> 0 | D53: =SUM(D54:D55) -> 0 | E53: =SUM(E54:E55) -> 0
A54: 22020501 | B54: Local Training
A55: 22020502 | B55: International Training
A56: 220206 | B56: Other Services – General | C56: =SUM(C57:C61) -> 0 | D56: =SUM(D57:D61) -> 0 | E56: =SUM(E57:E61) -> 0
A57: 22020601 | B57: Security Services
A58: 22020602 | B58: Office Rent
A59: 22020603 | B59: Residential Rent
A60: 22020604 | B60: Security Vote (Including Operations)
A61: 22020605 | B61: Cleaning & Fumigation Services
A62: 220207 | B62: Consulting & Professional Services | C62: =SUM(C63:C70) -> 0 | D62: =SUM(D63:D70) -> 0 | E62: =SUM(E63:E70) -> 2000000
A63: 22020701 | B63: Financial Consulting
A64: 22020702 | B64: Information Technology Consulting
A65: 22020703 | B65: Legal Services
A66: 22020707 | B66: Agricultural Consulting | E66: 2000000
A67: 22020708 | B67: Medical Consulting
A68: 22020709 | B68: Auditing Of Accounts
A69: 22020711 | B69: Media Relation Services
A70: 22020712 | B70: Other Consulting Services
A71: 220208 | B71: Fuel & Lubricants – General | C71: =SUM(C72:C74) -> 1000000 | D71: =SUM(D72:D74) -> 400000 | E71: =SUM(E72:E74) -> 2000000
A72: 22020801 | B72: Motor Vehicle Fuel Cost | C72: 1000000 | D72: 400000 | E72: 1000000
A73: 22020802 | B73: Other Transport Equipment Fuel Cost
A74: 22020803 | B74: Plant / Generator Fuel Cost | E74: 1000000
A75: 220209 | B75: Financial Charges – General | C75: =SUM(C76:C77) -> 0 | D75: =SUM(D76:D77) -> 0 | E75: =SUM(E76:E77) -> 0
A76: 22020901 | B76: Bank Charges
A77: 22020902 | B77: Insurance Premium
A78: 220210 | B78: Miscellaneous Expenses General | C78: =SUM(C79:C91) -> 7000000 | D78: =SUM(D79:D91) -> 1777787 | E78: =SUM(E79:E91) -> 4000000
A79: 22021001 | B79: Refreshment & Meals | C79: 2000000 | D79: 160000 | E79: 1000000
A80: 22021002 | B80: Honorarium & Sitting Allowance
A81: 22021003 | B81: Publicity & Advertisements
A82: 22021004 | B82: Medical Expenses-Local
A83: 22021006 | B83: Postages & Courier Services
A84: 22021007 | B84: Welfare Packages | C84: 5000000 | D84: 1617787 | E84: 3000000
A85: 22021008 | B85: Subscription To Professional Bodies
A86: 22021009 | B86: Sporting Activities
A87: 22021010 | B87: Direct Teaching & Laboratory Cost
A88: 22021014 | B88: Annual Budget Expenses & Administration
A89: 22021020 | B89: Election-Logistics Support
A90: 22021050 | B90: Medical Expenses-International
A91: 22021052 | B91: Special Days/Celebrations
A92: 2204 | B92: Grants And Contributions General | C92: =C93 -> 1000000 | D92: =D93 -> 0 | E92: =E93 -> 0
A93: 220401 | B93: Local Grants And Contributions | C93: =SUM(C94:C95) -> 1000000 | D93: =SUM(D94:D95) -> 0 | E93: =SUM(E94:E95) -> 0
A94: 22040105 | B94: Grants To Government/Agencies
A95: 22040109 | B95: Grants To Communities/Ngos | C95: 1000000
A96: 2205 | B96: Subsidies General | C96: =C97 -> 0 | D96: =D97 -> 0 | E96: =E97 -> 0
A97: 220501 | B97: Subsidy To Public/Public Institutions | C97: =SUM(C98:C100) -> 0 | D97: =SUM(D98:D100) -> 0 | E97: =SUM(E98:E100) -> 0
A98: 22050105 | B98: Education Subsidy
A99: 22050108 | B99: Religious Pilgrimage Subsidy
A100: 22050110 | B100: Exams Fees Subsidy
A101: 2206 | B101: Public Debt Charges | C101: =C102+C104 -> 0 | D101: =D102+D104 -> 0 | E101: =E102+E104 -> 0
A102: 220603 | B102: Foreign Principal | C102: =C103 -> 0 | D102: =D103 -> 0 | E102: =E103 -> 0
...

Sheet AGRIC CAPITAL EXP F.xii
A1: KATSINA STATE MINISTRY FOR LOCAL GOVERNMENT AND CHIEFTANCY AFFAIRS F.xii
A2: INGAWA LOCAL GOVERNMENT COUNCIL – AGRIC CAPITAL EXPENDITURE
A3: AGRICULTURE AND NATURAL RESOURCES DEPARTMENT - ADMIN CODE: 021500100100
A5: Program Code | B5: Economic Code | C5: Details | D5: 2025 Revised Budget N | E5: 2025 Budget Performance N | F5: 2026 Proposed Budget N
A6: 01150000000000 | B6: 3 | C6: Assets (Capital Expenditure) | D6: =D7+D17+D28+D34+D40+D49+D56+D66+D73+D79 -> 339500000 | E6: =E7+E17+E28+E34+E40+E49+E56+E66+E73+E79 -> 49015579 | F6: =F7+F17+F28+F34+F40+F49+F56+F66+F73+F79 -> 556700000
B7: 32010100 | C7: Land & Building – General | D7: =SUM(D8:D16) -> 109000000 | E7: =SUM(E8:E16) -> 47215579 | F7: =SUM(F8:F16) -> 23000000
A8: 11500000000 | B8: 32010101 | C8: Land And Buildings - Office
A9: 1150000000001 | B9: 32010101 | C9: veterinary Clinics | D9: 2000000 | F9: 2000000
A10: 1150000000002 | B10: 32010101 | C10: Slaugher Slab | D10: 2000000 | E10: 2000000 | F10: 3000000
A11: 1150000000003 | B11: 32010101 | C11: Loading Bay | D11: 2000000 | F11: 1000000
A12: 11500000000 | B12: 32010101 | C12: Fencing of Cattle Market Ingawa | D12: 3000000 | E12: 2586818
A13: 1150000000004 | B13: 32010101 | C13: Fencing of Cattle Market Tunas | F13: 2000000
A14: 1150000000005 | B14: 32010101 | C14: Mechanization Centre | D14: 100000000 | E14: 42628761 | F14: 10000000
A15: 1150000000006 | B15: 32010101 | C15: Storoge Facilities | F15: 5000000
B17: 32010200 | C17: Infrastructure – General | D17: =SUM(D18:D27) -> 16000000 | E17: =SUM(E18:E27) -> 0 | F17: =SUM(F18:F27) -> 521000000
A18: 1150000000007 | B18: 32010202 | C18: Provision of Cattle Routes | D18: 3000000 | F18: 2000000
A19: 1150000000008 | B19: 32010202 | C19: Pasture and Grazing Reserves | D19: 1000000 | F19: 2000000
A20: 1150000000009 | B20: 32010202 | C20: Water Distr Network for Irrigation Farm | F20: 2000000
A21: 1150000000010 | B21: 32010202 | C21: Provision of Tubewell for Irrigation Farm | F21: 15000000
A22: 1150000000011 | B22: 32010202 | C22: Rehab of Fish Market at Ingawa | D22: 2000000
A23: 1150000000012 | B23: 32010202 | C23: Construction of Earth Dam at Amalawa | D23: 10000000
A24: 1150000000013 | B24: 32010202 | C24: Purchase of fertilizer for farmers | F24: 300000000
A25: 1150000000014 | B25: 32010202 | C25: Purchase of grains for less priviledges | F25: 200000000
B28: 320103 | C28: Plant & Machinery – General | D28: =SUM(D29:D33) -> 204000000 | E28: =SUM(E29:E33) -> 0 | F28: =SUM(F29:F33) -> 4000000
A29: 1150000000011 | B29: 32010301 | C29: Earthmoving Equipment – Tractors | D29: 204000000 | F29: 4000000
B34: 32010400 | C34: Fixed Assets – General | D34: =SUM(D35:D39) -> 0 | E34: =SUM(E35:E39) -> 0 | F34: =SUM(F35:F39) -> 0
A35: 1150000000004 | B35: 32010405 | C35: Motor Vehicles
A36: 1150000000005 | B36: 32010406 | C36: Tricycles
A37: 1150000000006 | B37: 32010407 | C37: Motor Cycles
A38: 1150000000007 | B38: 32010408 | C38: Bicycles
B40: 320105 | C40: Office Equipment – General | D40: =SUM(D41:D48) -> 0 | E40: =SUM(E41:E48) -> 0 | F40: =SUM(F41:F48) -> 0
A41: 1150000000008 | B41: 32010501 | C41: Computers
B49: 320106 | C49: Furniture & Fittings – General | D49: =SUM(D50:D55) -> 0 | E49: =SUM(E50:E55) -> 0 | F49: =SUM(F50:F55) -> 0
A50: 1150000000009 | B50: 32010601 | C50: Chairs
A51: 1150000000010 | B51: 32010602 | C51: Tables
B56: 320109 | C56: Other Specialised Assets-Gen | D56: =SUM(D57:D65) -> 6500000 | E56: =SUM(E57:E65) -> 0 | F56: =SUM(F57:F65) -> 5500000
A57: 1150000000011 | B57: 32010903 | C57: Biological Assets/Livestock | F57: 3000000
A59: 1150000000012 | B59: 32010904 | C59: Laboratory/Medical Equipment
A61: 1150000000013 | B61: 32010935 | C61: Agricultural Equipment/ Purch of Apiaries | D61: 1000000 | F61: 1000000
A62: 1150000000014 | B62: 32010935 | C62: Nursery Sheme | D62: 1500000 | F62: 1500000
A63: 1150000000015 | B63: 3201935 | C63: Impr of Forest reserve and Woodlots | D63: 2000000
A64: 1150000000016 | B64: 3201935 | C64: Estab of Wind Breaker Shelter Belt | D64: 2000000
A65: 11500000000 | B65: 32010936 | C65: Educational Materials/Equipment
B66: 320201 | C66: Investment - Land & Building - Gen | D66: =SUM(D67:D72) -> 0 | E66: =SUM(E67:E72) -> 0 | F66: =SUM(F67:F72) -> 0
A67: 11500000000 | B67: 32020101 | C67: Land & Buildings – Administrative
A69: 11500000000 | B69: 32020102 | C69: Land & Buildings – Residential
A71: 11500000000 | B71: 32020104 | C71: Other Investment Property
B73: 320301 | C73: Intangible Assets | D73: =SUM(D74:D78) -> 4000000 | E73: =SUM(E74:E78) -> 1800000 | F73: =SUM(F74:F78) -> 3200000
A74: 1150000000018 | B74: 32030101 | C74: Goodwill (Acquired)
A75: 1150000000019 | B75: 32030109 | C75: Research & Development/Tree Planting | D75: 1000000 | F75: 1000000
A76: 1150000000020 | B76: 32030110 | C76: Trade fair and Exhibitions | D76: 3000000 | E76: 1800000 | F76: 2200000
B79: 32011000 | C79: Asset Under Construction | D79: =SUM(D80:D81) -> 0 | E79: =SUM(E80:E81) -> 0 | F79: =SUM(F80:F81) -> 0
A80: 1150000000021

Sheet FINANCE PERSONNEL COST F.x
A2: KATSINA STATE MINISTRY FOR LOCAL GOVERNMENT AND CHIEFTANCY AFFAIRS F.x
A3: INGAWA LOCAL GOVERNMENT COUNCIL – FINANCE PERSONNEL COST BUDGET
A4: FINANCE DEPARTMENT - ADMIN CODE: 022000100100
A6: Code | B6: DETAILS | C6: 2025 Revised Budget N | D6: 2025 Budget Performance N | E6: 2026 Proposed Budget N
A7: 21 | B7: Personnel Cost | C7: =C8+C13+C20 -> 853037555 | D7: =D8+D13+D20 -> 845204287 | E7: =E8+E13+E20 -> 586802074
A8: 2101 | B8: Salary | C8: =C9 -> 65921950 | D8: =D9 -> 58088682 | E8: =E9 -> 60929040
A9: 210101 | B9: Salaries And Wages | C9: =SUM(C10:C12) -> 65921950 | D9: =SUM(D10:D12) -> 58088682 | E9: =SUM(E10:E12) -> 60929040
A10: 21010101 | B10: Salary | C10: 65921950 | D10: 58088682 | E10: 60929040
A11: 21010102 | B11: Over Time Payments
A12: 21010103 | B12: Consolidated Revenue Fund Charge- Salaries
A13: 2102 | B13: Allowances And Social Contribution | C13: =C14+C18 -> 0 | D13: =D14+D18 -> 0 | E13: =E14+E18 -> 0
A14: 210201 | B14: Allowances | C14: =SUM(C15:C17) -> 0 | D14: =SUM(D15:D17) -> 0 | E14: =SUM(E15:E17) -> 0
A15: 21020104 | B15: Furniture Allowance
A16: 21020108 | B16: Severance Allowance
A17: 21020109 | B17: Other Allowances
A18: 210202 | B18: Social Contributions | C18: =SUM(C19) -> 0 | D18: =SUM(D19) -> 0 | E18: =SUM(E19) -> 0
A19: 21020207 | B19: Contribution By LGAs
A20: 210301 | B20: Social Benefits | C20: =C21+C22+C27 -> 787115605 | D20: =D21+D22+D27 -> 787115605 | E20: =E21+E22+E27 -> 525873034
A21: 21030101 | B21: Gratuity | C21: 400000000 | D21: 400000000 | E21: 200000000
A22: 21030102 | B22: Pension | C22: =SUM(C23:C26) -> 387115605 | D22: =SUM(D23:D26) -> 387115605 | E22: =SUM(E23:E26) -> 305505969
A23: 21030102 | B23: Pension: Employer Contribution LGC | C23: 387115605 | D23: 387115605 | E23: 120248745
A24: 21030102 | B24: Pension: Employer Contribution LEA | E24: 185257224
A25: 21030102 | B25: Pension: Accrued Rights LGC/LEA
A26: 21030102 | B26: Pension: Accrued Rights LEA
A27: 21030104 | B27: Other Benefits | C27: =SUM(C28:C30) -> 0 | D27: =SUM(D28:D30) -> 0 | E27: =SUM(E28:E30) -> 20367065
A28: 21030104 | B28: KATCHIMA LGC Contribution | E28: 8016583
A29: 21030104 | B29: KATCHIMA LGEA | E29: 12350482

Sheet FINANCE OVERHEAD COST F.xi
A3: KATSINA STATE MINISTRY FOR LOCAL GOVERNMENT AND CHIEFTANCY AFFAIRS F.xi
A4: INGAWA LOCAL GOVERNMENT COUNCIL – FINANCE OVERHEAD COST BUDGET
A5: FINANCE DEPARTMENT - ADMIN CODE: 022000100100
A6: Code | B6: DETAILS | C6: 2025 Revised Budget N | D6: 2025 Budget Performance N | E6: 2026 Proposed Budget N
A7: 2 | B7: Recurrent Costs | C7: =C8+C85+C89+C94 -> 291885697 | D7: =D8+D85+D89+D94 -> 214289095 | E7: =E8+E85+E89+E94 -> 798108793
A8: 2202 | B8: Overhead Cost | C8: =C9+C14+C22+C36+C45+C48+C54+C63+C67+C70 -> 117500000 | D8: =D9+D14+D22+D36+D45+D48+D54+D63+D67+D70 -> 98877902 | E8: =E9+E14+E22+E36+E45+E48+E54+E63+E67+E70 -> 253690000
A9: 220201 | B9: Travel & Transport – General | C9: =SUM(C10:C13) -> 7000000 | D9: =SUM(D10:D13) -> 5250000 | E9: =SUM(E10:E13) -> 5000000
A10: 22020101 | B10: Local Travel & Transport: Training
A11: 22020102 | B11: Local Travel & Transport: Others | C11: 7000000 | D11: 5250000 | E11: 5000000
A12: 22020103 | B12: International Travel & Transport: Training
A13: 22020104 | B13: International Travel & Transport: Others
A14: 220202 | B14: Utilities – General | C14: =SUM(C15:C21) -> 0 | D14: =SUM(D15:D21) -> 0 | E14: =SUM(E15:E21) -> 0
A15: 22020201 | B15: Electricity Charges
A16: 22020202 | B16: Telephone Charges
A17: 22020203 | B17: Internet Access Charges
A18: 22020204 | B18: Dstv Subscription Charges
A19: 22020205 | B19: Water Rates
A20: 22020206 | B20: Sewage Charges
A21: 22020210 | B21: Software Charges/ Licence Renewal
A22: 220203 | B22: Materials & Supplies – General | C22: =SUM(C23:C35) -> 5000000 | D22: =SUM(D23:D35) -> 4280000 | E22: =SUM(E23:E35) -> 6000000
A23: 22020301 | B23: Office Stationaries And Consumables | C23: 5000000 | D23: 4280000 | E23: 6000000
A24: 22020302 | B24: Books
A25: 22020303 | B25: Newspapers
A26: 22020304 | B26: Magazines & Periodicals
A27: 22020305 | B27: Printing Of Non-Security Documents
A28: 22020306 | B28: Printing Of Security Documents
A29: 22020307 | B29: Drugs/Laboratory/Medical Supplies
A30: 22020308 | B30: Field & Camping Materials Supplies
A31: 22020309 | B31: Uniforms/Robes & Other Clothing
A32: 22020310 | B32: Teaching Aids / Instruction Materials
A33: 22020311 | B33: Food Stuff / Catering Materials Supplies
A34: 22020312 | B34: Production, Of Financial Statements
A35: 22020313 | B35: Production Of Annual Reports To Public
A36: 220204 | B36: Maintenance Services – General | C36: =SUM(C37:C44) -> 7000000 | D36: =SUM(D37:D44) -> 4200000 | E36: =SUM(E37:E44) -> 2500000
A37: 22020401 | B37: Maintenance Of Motor Vehicle/ Equipment | C37: 5000000 | D37: 4200000 | E37: 1000000
A38: 22020402 | B38: Maintenance Of Office Furniture | C38: 2000000 | E38: 1500000
A39: 22020403 | B39: Maintenance Of Buildings
A40: 22020404 | B40: Maintenance Of Office / It Equipment
A41: 22020405 | B41: Maintenance Of Plants/Generators
A42: 22020406 | B42: Other Maintenance Services
A43: 22020410 | B43: Maintenance Of Street Lightings
A44: 22020411 | B44: Maintenance Of Communication Equipment
A45: 220205 | B45: Training – General | C45: =SUM(C46:C47) -> 1000000 | D45: =SUM(D46:D47) -> 0 | E45: =SUM(E46:E47) -> 1000000
A46: 22020501 | B46: Local Training | C46: 1000000 | E46: 1000000
A47: 22020502 | B47: International Training
A48: 220206 | B48: Other Services – General | C48: =SUM(C49:C53) -> 0 | D48: =SUM(D49:D53) -> 0 | E48: =SUM(E49:E53) -> 0
A49: 22020601 | B49: Security Services
A50: 22020602 | B50: Office Rent
A51: 22020603 | B51: Residential Rent
A52: 22020604 | B52: Security Vote (Including Operations)
A53: 22020605 | B53: Cleaning & Fumigation Services
A54: 220207 | B54: Consulting & Professional Services | C54: =SUM(C55:C62) -> 1000000 | D54: =SUM(D55:D62) -> 0 | E54: =SUM(E55:E62) -> 500000
A55: 22020701 | B55: Financial Consulting | C55: 1000000 | E55: 500000
A56: 22020702 | B56: Information Technology Consulting
A57: 22020703 | B57: Legal Services
A58: 22020707 | B58: Agricultural Consulting
A59: 22020708 | B59: Medical Consulting
A60: 22020709 | B60: Auditing Of Accounts
A61: 22020711 | B61: Media Relation Services
A62: 22020712 | B62: Other Consulting Services
A63: 220208 | B63: Fuel & Lubricants – General | C63: =SUM(C64:C66) -> 3500000 | D63: =SUM(D64:D66) -> 955000 | E63: =SUM(E64:E66) -> 1500000
A64: 22020801 | B64: Motor Vehicle Fuel Cost | C64: 3500000 | D64: 955000 | E64: 1500000
A65: 22020802 | B65: Other Transport Equipment Fuel Cost
A66: 22020803 | B66: Plant / Generator Fuel Cost
A67: 220209 | B67: Financial Charges – General | C67: =SUM(C68:C69) -> 1000000 | D67: =SUM(D68:D69) -> 180000 | E67: =SUM(E68:E69) -> 190000
A68: 22020901 | B68: Bank Charges | C68: 1000000 | D68: 180000 | E68: 190000
A69: 22020902 | B69: Insurance Premium
A70: 220210 | B70: Miscellaneous Expenses General | C70: =SUM(C71:C84) -> 92000000 | D70: =SUM(D71:D84) -> 84012902 | E70: =SUM(E71:E84) -> 237000000
A71: 22021001 | B71: Refreshment & Meals | C71: 12000000 | D71: 11250000 | E71: 7000000
A72: 22021002 | B72: Honorarium & Sitting Allowance
A73: 22021003 | B73: Publicity & Advertisements
A74: 22021004 | B74: Medical Expenses-Local
A75: 22021006 | B75: Postages & Courier Services
A76: 22021007 | B76: Welfare Packages | C76: 80000000 | D76: 72762902 | E76: 20000000
A77: 22021008 | B77: Subscription To Professional Bodies
A78: 22021009 | B78: Sporting Activities
A79: 22021010 | B79: Direct Teaching & Laboratory Cost
A80: 22021014 | B80: Annual Budget Expenses & Administration | E80: 10000000
A81: 22021020 | B81: Election-Logistics Support
A82: 22021050 | B82: Medical Expenses-International
A83: 22021051 | B83: Recurrent Adjustment | E83: 200000000
A84: 22021052 | B84: Special Days/Celebrations
A85: 2204 | B85: Grants And Contributions General | C85: =C86 -> 174385697 | D85: =D86 -> 115411193 | E85: =E86 -> 414418793
A86: 220401 | B86: Local Grants And Contributions | C86: =C87+C88 -> 174385697 | D86: =D87+D88 -> 115411193 | E86: =E87+E88 -> 414418793
A87: 22040105 | B87: Grants To Government/Agencies | C87: =SUM(C108:C139) -> 174385697 | D87: =SUM(D108:D139) -> 115411193 | E87: =SUM(E108:E139) -> 414418793
A88: 22040109 | B88: Grants To Communities/Ngos
A89: 2205 | B89: Subsidies General | C89: =C90 -> 0 | D89: =D90 -> 0 | E89: =E90 -> 130000000
A90: 220501 | B90: Subsidy To Public/Public Institutions | C90: =SUM(C91:C93) -> 0 | D90: =SUM(D91:D93) -> 0 | E90: =SUM(E91:E93) -> 130000000
A91: 22050105 | B91: Drugs Revolving funds | E91: 30000000
A92: 22050105 | B92: Purchase of Drugs and medical equipment | E92: 100000000
A93: 22050110 | B93: Exams Fees Subsidy
A94: 2206 | B94: Public Debt Charges | C94: =C95+C97 -> 0 | D94: =D95+D97 -> 0 | E94: =E95+E97 -> 0
A95: 220603 | B95: Foreign Principal | C95: =C96 -> 0 | D95: =D96 -> 0 | E95: =E96 -> 0
A96: 22060301 | B96: Foreign Principal - Short Term Borrowings
A97: 220604 | B97: Domestic Principal | C97: =SUM(C98:C99) -> 0 | D97: =SUM(D98:D99) -> 0 | E97: =SUM(E98:E99) -> 0
A98: 22060401 | B98: Domestic Principal - Short Term Borrowings
A104: KATSINA STATE MINISTRY FOR LOCAL GOVERNMENT AND CHIEFTANCY AFFAIRS
A105: INGAWA LOCAL GOVERNMENT COUNCIL – GRANTS AND CONTRIBUTIONS TO GOVERNMENT AGENCIES - 22040105
A106: FINANCE DEPARTMENT - ADMIN CODE: 022000100100
A107: Serial No | B107: DETAILS | C107: 2025 Revised Budget N | D107: 2025 Budget Performance N | E107: 2026 Proposed Budget N
...

Sheet FINANCE CAPITAL EXP F.xii
A1: KATSINA STATE MINISTRY FOR LOCAL GOVERNMENT AND CHIEFTANCY AFFAIRS F.xii
A2: INGAWA LOCAL GOVERNMENT COUNCIL – FINANCE CAPITAL EXPENDITURE
A3: FINANCE DEPARTMENT - ADMIN CODE: 022000100100
A5: Program Code | B5: Economic Code | C5: Details | D5: 2025 Revised Budget N | E5: 2025 Budget Performance N | F5: 2026 Proposed Budget N
A6: 13200000000000 | B6: 3 | C6: Assets (Capital Expenditure) | D6: =D7+D11+D16+D22+D28+D37+D44+D56+D63+D69 -> 32000000 | E6: =E7+E11+E16+E22+E28+E37+E44+E56+E63+E69 -> 0 | F6: =F7+F11+F16+F22+F28+F37+F44+F56+F63+F69 -> 1609635178
B7: 32010100 | C7: Land & Building – General | D7: =SUM(D8:D10) -> 22000000 | E7: =SUM(E8:E10) -> 0 | F7: =SUM(F8:F10) -> 0
B8: 32010101 | C8: Land And Buildings - Office/Strong Room | D8: 22000000
